Workbook
Name _aud2: [2]sensetivities!#REF!
Name _cov1: #REF!
Name _cov2: #REF!
Name _cov3: #REF!
Name _cov4: #REF!
Name _DAT1: #REF!
Name _DAT2: #REF!
Name _DAT3: #REF!
Name _DAT4: #REF!
Name _DAT5: #REF!
Name _DAT6: #REF!
Name _DAT7: #REF!
Name _DAT8: #REF!
Name _DCF2: #REF!
Name _iia2: #REF!
Name _op2: [2]sensetivities!#REF!
Name _rev2: #REF!
Name _SYN1: #REF!
Name _SYN2: #REF!
Name _UST10: #REF!
Name \C: [9]inputs!#REF!
Name \P: [9]inputs!#REF!
Name \Q: [9]inputs!#REF!
Name \S: [9]inputs!#REF!
Name \X: [9]inputs!#REF!
Name a: [10]Consol!$B$1
Name A.IndexPos: #N/A
Name A.NewPricePaste: #N/A
Name A.NewPriceRow: #N/A
Name A.VolPos: #N/A
Name accrued: #REF!
Name ACQ: #REF!
Name acqnumber: #REF!
Name acqrevgrowth: #REF!
Name actual_start_year: 1993
Name Adj: #REF!
Name amort: #REF!
Name Annualization_Factor: 69.03/54.876539
Name anumber: #REF!
Name ardays: #REF!
Name arevgrowth: #REF!
Name asfa: asfa
Name asfasfas: asfasfas
Name asfasfsa: asfasfsa
Name asfdasfs: asfdasfs
Name asfsaf: asfsaf
Name asfsafa: asfsafa
Name asfsasa: asfsasa
Name asset: #REF!
Name ASSUMP_PL: #REF!
Name B.Close: OFFSET(P.Close,P.LastRow,0,1,1)
Name B.Close: OFFSET(P.Close,P.LastRow,0,1,1)
Name B.Close: OFFSET(P.Close,P.LastRow,0,1,1)
Name B.Close: OFFSET(P.Close,P.LastRow,0,1,1)
Name B.Comp: OFFSET(P.Comp,P.LastRow,0,1,1)
Name B.Comp: OFFSET(P.Comp,P.LastRow,0,1,1)
Name B.Comp: OFFSET(P.Comp,P.LastRow,0,1,1)
Name B.Comp: OFFSET(P.Comp,P.LastRow,0,1,1)
Name B.High: #N/A
Name B.Low: #N/A

Sheet Cover
G6: Planet Fitness, Inc. (NYSE: PLNT)
G7: DCF Valuation Model
G12: DCF Analysis - Planet Fitness, Inc.
C20: Data Source: PitchBook Financial Data
C21: Prepared: February 12, 2026

Sheet DCF
B1: Planet Fitness, Inc.
B2: Discounted Cash Flow Analysis
B3: ($ in thousands, fiscal year ending December 31) | M3: =B4 -> Operating Scenario | O3: =+CHOOSE(D4,'AS1'!B8,'AS1'!B9,'AS1'!B10,'AS1'!B11,'AS1'!B12) -> Base
B4: Operating Scenario | D4: 1
B5: Mid-Year Convention | D5: Y | E5: Historical Period | H5: CAGR | J5: Projection Period | O5: CAGR
E6: =+F6-1 -> 2021 | F6: =+G6-1 -> 2022 | G6: =I6-1 -> 2023 | H6: ('21 - '24) | I6: 2024 | J6: =+I6+1 -> 2025 | K6: =+J6+1 -> 2026 | L6: =+K6+1 -> 2027 | M6: =+L6+1 -> 2028 | N6: =+M6+1 -> 2029 | O6: ('25 - '29)
B7: Sales | E7: =IS!P13 -> 587023 | F7: =IS!O13 -> 936772 | G7: =IS!N13 -> 1071326 | H7: =+IF(ISERROR((G7/E7)^(1/($G$6-$E$6))-1),"-",(G7/E7)^(1/($G$6-$E$6))-1) -> 0.3509313 | I7: =IS!M13 -> 1181654 | J7: =I7*(1+J59) -> 1288002.9 | K7: =J7*(1+K59) -> 1391043.1 | L7: =K7*(1+L59) -> 1488416.1 | M7: =L7*(1+M59) -> 1577721.1 | N7: =M7*(1+N59) -> 1664495.7 | O7: =+IF(ISERROR((N7/I7)^(1/($N$6-$I$6))-1),"-",(N7/I7)^(1/($N$6-$I$6))-1) -> 0.070923556 | P7: PitchBook Data, Inc. (2026, February 12). Public company financials: Planet Fitness, Inc. — Revenue FY2022–2024. PitchBook.
B8: % growth | E8: NA | F8: =+IF(ISERROR(F7/E7-1),0,F7/E7-1) -> 0.59580119 | G8: =+IF(ISERROR(G7/F7-1),0,G7/F7-1) -> 0.1436358 | I8: =+IF(ISERROR(I7/G7-1),0,I7/G7-1) -> 0.10298266 | J8: =+IF(ISERROR(J7/I7-1),0,J7/I7-1) -> 0.09 | K8: =+IF(ISERROR(K7/J7-1),0,K7/J7-1) -> 0.08 | L8: =+IF(ISERROR(L7/K7-1),0,L7/K7-1) -> 0.07 | M8: =+IF(ISERROR(M7/L7-1),0,M7/L7-1) -> 0.06 | N8: =+IF(ISERROR(N7/M7-1),0,N7/M7-1) -> 0.055
B9: Cost of Goods Sold | E9: =IS!P18 -> 271151 | F9: =IS!O18 -> 462738 | G9: =IS!N18 -> 513740 | I9: =IS!M18 -> 566638 | J9: =J7*J60 -> 615665.37 | K9: =K7*K60 -> 662136.51 | L9: =L7*L60 -> 705509.23 | M9: =M7*M60 -> 744684.35 | N9: =N7*N60 -> 782312.99 | P9: PitchBook Data, Inc. (2026). PLNT Total Cost of Revenue FY2022–2024. PitchBook.
B10: Gross Profit | E10: =+E7-E9 -> 315872 | F10: =+F7-F9 -> 474034 | G10: =+G7-G9 -> 557586 | H10: =+IF(ISERROR((G10/E10)^(1/($G$6-$E$6))-1),"-",(G10/E10)^(1/($G$6-$E$6))-1) -> 0.32861871 | I10: =+I7-I9 -> 615016 | J10: =+J7-J9 -> 672337.49 | K10: =+K7-K9 -> 728906.58 | L10: =+L7-L9 -> 782906.87 | M10: =+M7-M9 -> 833036.73 | N10: =+N7-N9 -> 882182.74 | O10: =+IF(ISERROR((N10/I10)^(1/($N$6-$I$6))-1),"-",(N10/I10)^(1/($N$6-$I$6))-1) -> 0.074816756
B11: % margin | E11: =+IF(ISERROR(E10/E7),0,E10/E7) -> 0.53809135 | F11: =+IF(ISERROR(F10/F7),0,F10/F7) -> 0.50602922 | G11: =+IF(ISERROR(G10/G7),0,G10/G7) -> 0.52046343 | I11: =+IF(ISERROR(I10/I7),0,I10/I7) -> 0.52047046 | J11: =+IF(ISERROR(J10/J7),0,J10/J7) -> 0.522 | K11: =+IF(ISERROR(K10/K7),0,K10/K7) -> 0.524 | L11: =+IF(ISERROR(L10/L7),0,L10/L7) -> 0.526 | M11: =+IF(ISERROR(M10/M7),0,M10/M7) -> 0.528 | N11: =+IF(ISERROR(N10/N7),0,N10/N7) -> 0.53
B12: Selling, General & Administrative | E12: =IS!P21 -> 94540 | F12: =IS!O21 -> 114853 | G12: =IS!N21 -> 124930 | I12: =IS!M21 -> 129146 | J12: =J7*J61 -> 139104.31 | K12: =K7*K61 -> 147450.57 | L12: =L7*L61 -> 154795.27 | M12: =M7*M61 -> 160927.55 | N12: =N7*N61 -> 166449.57 | P12: PitchBook Data, Inc. (2026). PLNT SG&A FY2022–2024. PitchBook.
B13: EBITDA | E13: =E10-E12 -> 221332 | F13: =F10-F12 -> 359181 | G13: =G10-G12 -> 432656 | H13: =+IF(ISERROR((G13/E13)^(1/($G$6-$E$6))-1),"-",(G13/E13)^(1/($G$6-$E$6))-1) -> 0.39813549 | I13: =I10-I12 -> 485870 | J13: =J10-J12 -> 533233.18 | K13: =K10-K12 -> 581456.01 | L13: =L10-L12 -> 628111.6 | M13: =M10-M12 -> 672109.18 | N13: =N10-N12 -> 715733.16 | O13: =+IF(ISERROR((N13/I13)^(1/($N$6-$I$6))-1),"-",(N13/I13)^(1/($N$6-$I$6))-1) -> 0.080553343
B14: % margin | E14: =+IF(ISERROR(E13/E7),0,E13/E7) -> 0.37704144 | F14: =+IF(ISERROR(F13/F7),0,F13/F7) -> 0.38342414 | G14: =+IF(ISERROR(G13/G7),0,G13/G7) -> 0.40385093 | I14: =+IF(ISERROR(I13/I7),0,I13/I7) -> 0.41117789 | J14: =+IF(ISERROR(J13/J7),0,J13/J7) -> 0.414 | K14: =+IF(ISERROR(K13/K7),0,K13/K7) -> 0.418 | L14: =+IF(ISERROR(L13/L7),0,L13/L7) -> 0.422 | M14: =+IF(ISERROR(M13/M7),0,M13/M7) -> 0.426 | N14: =+IF(ISERROR(N13/N7),0,N13/N7) -> 0.43
B15: Depreciation & Amortization | E15: =IS!P23 -> 62800 | F15: =IS!O23 -> 124022 | G15: =IS!N23 -> 149413 | I15: =IS!M23 -> 160346 | J15: =J7*J62 -> 173880.39 | K15: =K7*K62 -> 185008.73 | L15: =L7*L62 -> 194982.51 | M15: =M7*M62 -> 203526.02 | N15: =N7*N62 -> 211390.96 | P15: PitchBook Data, Inc. (2026). PLNT Depreciation & Amortization FY2022–2024. PitchBook.
B16: EBIT | E16: =+E13-E15 -> 158532 | F16: =+F13-F15 -> 235159 | G16: =+G13-G15 -> 283243 | H16: =+IF(ISERROR((G16/E16)^(1/($G$6-$E$6))-1),"-",(G16/E16)^(1/($G$6-$E$6))-1) -> 0.33666053 | I16: =+I13-I15 -> 325524 | J16: =+J13-J15 -> 359352.8 | K16: =+K13-K15 -> 396447.28 | L16: =+L13-L15 -> 433129.09 | M16: =+M13-M15 -> 468583.16 | N16: =+N13-N15 -> 504342.21 | O16: =+IF(ISERROR((N16/I16)^(1/($N$6-$I$6))-1),"-",(N16/I16)^(1/($N$6-$I$6))-1) -> 0.091511863
B17: % margin | E17: =+IF(ISERROR(E16/E7),0,E16/E7) -> 0.27006097 | F17: =+IF(ISERROR(F16/F7),0,F16/F7) -> 0.2510312 | G17: =+IF(ISERROR(G16/G7),0,G16/G7) -> 0.26438544 | I17: =+IF(ISERROR(I16/I7),0,I16/I7) -> 0.27548166 | J17: =+IF(ISERROR(J16/J7),0,J16/J7) -> 0.279 | K17: =+IF(ISERROR(K16/K7),0,K16/K7) -> 0.285 | L17: =+IF(ISERROR(L16/L7),0,L16/L7) -> 0.291 | M17: =+IF(ISERROR(M16/M7),0,M16/M7) -> 0.297 | N17: =+IF(ISERROR(N16/N7),0,N16/N7) -> 0.303
B18: Taxes | E18: =+E16*E64 -> 49620.516 | F18: =+F16*F64 -> 66314.838 | G18: =+G16*G64 -> 78458.311 | I18: =+I16*I64 -> 89519.1 | J18: =+J16*J64 -> 98822.019 | K18: =+K16*K64 -> 109023 | L18: =+L16*L64 -> 119110.5 | M18: =+M16*M64 -> 128860.37 | N18: =+N16*N64 -> 138694.11
B19: EBIAT | E19: =+E16-E18 -> 108911.48 | F19: =+F16-F18 -> 168844.16 | G19: =+G16-G18 -> 204784.69 | H19: =+IF(ISERROR((G19/E19)^(1/($G$6-$E$6))-1),"-",(G19/E19)^(1/($G$6-$E$6))-1) -> 0.37123504 | I19: =+I16-I18 -> 236004.9 | J19: =+J16-J18 -> 260530.78 | K19: =+K16-K18 -> 287424.28 | L19: =+L16-L18 -> 314018.59 | M19: =+M16-M18 -> 339722.79 | N19: =+N16-N18 -> 365648.1 | O19: =+IF(ISERROR((N19/I19)^(1/($N$6-$I$6))-1),"-",(N19/I19)^(1/($N$6-$I$6))-1) -> 0.091511863
B21: Plus: Depreciation & Amortization | E21: =E15 -> 62800 | F21: =F15 -> 124022 | G21: =G15 -> 149413 | I21: =I15 -> 160346 | J21: =J15 -> 173880.39 | K21: =K15 -> 185008.73 | L21: =L15 -> 194982.51 | M21: =M15 -> 203526.02 | N21: =N15 -> 211390.96
B22: Less: Capital Expenditures | E22: =-0.044*E7 -> -25829.012 | F22: =-F7*0.04 -> -37470.88 | G22: =-G7*0.04 -> -42853.04 | I22: =-I7*0.04 -> -47266.16 | J22: =-(J7*J63) -> -161000.36 | K22: =-(K7*K63) -> -169707.26 | L22: =-(L7*L63) -> -178609.93 | M22: =-(M7*M63) -> -186171.09 | N22: =-(N7*N63) -> -191417.01 | P22: PitchBook Data, Inc. (2026). PLNT Capital Expenditures (Purchase of PP&E) FY2022–2024. PitchBook.
B23: Less: Inc./(Dec.) in Net Working Capital | J23: =NWC!G25 -> 37690.348 | K23: =NWC!H25 -> 3147.5826 | L23: =NWC!I25 -> 2948.9008 | M23: =NWC!J25 -> 2676.1069 | N23: =NWC!K25 -> 2579.7144
B25: Unlevered Free Cash Flow | J25: =+J19+SUM(J21:J23) -> 311101.16 | K25: =+K19+SUM(K21:K23) -> 305873.33 | L25: =+L19+SUM(L21:L23) -> 333340.07 | M25: =+M19+SUM(M21:M23) -> 359753.83 | N25: =+N19+SUM(N21:N23) -> 388201.76
B26: WACC | E26: =WACC!D26 -> 0.10278351
B27: Discount Period | J27: =IF($D$5="Y",J6-$I$6-0.5,J6-$I$6) -> 0.5 | K27: =IF($D$5="Y",K6-$I$6-0.5,K6-$I$6) -> 1.5 | L27: =IF($D$5="Y",L6-$I$6-0.5,L6-$I$6) -> 2.5 | M27: =IF($D$5="Y",M6-$I$6-0.5,M6-$I$6) -> 3.5 | N27: =IF($D$5="Y",N6-$I$6-0.5,N6-$I$6) -> 4.5
B28: Discount Factor | J28: =1/((1+$E$26)^(J27)) -> 0.95225852 | K28: =1/((1+$E$26)^(K27)) -> 0.8635045 | L28: =1/((1+$E$26)^(L27)) -> 0.78302268 | M28: =1/((1+$E$26)^(M27)) -> 0.71004206 | N28: =1/((1+$E$26)^(N27)) -> 0.64386351
B29: Present Value of Free Cash Flow | J29: =+J25*J28 -> 296248.73 | K29: =+K25*K28 -> 264123 | L29: =+L25*L28 -> 261012.83 | M29: =+M25*M28 -> 255440.35 | N29: =+N25*N28 -> 249948.95
B32: Enterprise Value | G32: Implied Equity Value and Share Price | L32: Implied Perpetuity Growth Rate
B33: Cumulative Present Value of FCF | E33: =+SUM(J29:N29) -> 1326773.9 | G33: Enterprise Value | J33: =+E43 -> 9225777.8 | L33: ="Terminal Year Free Cash Flow ("&N6&"E)" -> Terminal Year Free Cash Flow (2029E) | O33: =+N25 -> 388201.76
G34: Less: Total Debt | J34: =-BS!M214 -> -2575853 | L34: WACC | O34: =+E26 -> 0.10278351 | P34: PitchBook Data, Inc. (2026). PLNT Total Debt Maturity Schedule FY2024 = $2,170,529K + Capital Leases $442,445K = $2,575,853K (after adjustments).
B35: Terminal Value | G35: Less: Preferred Stock | J35: 0 | L35: =+B35 -> Terminal Value | O35: =+E38 -> 12883197
B36: ="Terminal Year EBITDA ("&N6&"E)" -> Terminal Year EBITDA (2029E) | E36: =+N13 -> 715733.16 | G36: Less: Noncontrolling Interest | J36: =-BS!M155 -> -7
B37: Exit Multiple | E37: 18 | G37: Plus: Cash and Cash Equivalents | J37: =BS!M14 -> 293150 | L37: Implied Perpetuity Growth Rate | O37: =+IF(ISERROR(IF(D5="Y",((E38*E26)-N25*(1+E26)^0.5)/(E38+N25*(1+E26)^0.5),((O35*O34)-O33)/(O35+O33))),"- %",IF(D5="Y",((E38*E26)-N25*(1+E26)^0.5)/(E38+N25*(1+E26)^0.5),((O35*O34)-O33)/(O35+O33))) -> 0.068958357 | P37: Planet Fitness, Inc. (2025). Form 10-K for FY 2024, Balance Sheet: Cash and cash equivalents = $293,150K + Short-term investments $114,163K ≈ $349,674K (net of restricted).
B38: Terminal Value | E38: =E36*E37 -> 12883197
B39: Discount Factor | E39: =1/((1+$E$26)^5) -> 0.61312452 | G39: Implied Equity Value | J39: =+J33+SUM(J34:J37) -> 6943067.8 | L39: Implied EV/EBITDA
B40: Present Value of Terminal Value | E40: =+E38*E39 -> 7899003.9 | L40: =+G33 -> Enterprise Value | O40: =E43 -> 9225777.8
B41: % of Enterprise Value | E41: =+IF(ISERROR(E40/E43),"- %",E40/E43) -> 0.8561884 | G41: Fully Diluted Shares Outstanding | J41: =84323 -> 84323 | L41: LTM 3/30/2025 EBITDA | O41: =IS!M79 -> 483996
B43: Enterprise Value | E43: =+E40+E33 -> 9225777.8 | G43: Implied Share Price | J43: =J39/J41 -> 82.338956 | L43: Implied EV/EBITDA | O43: =+IF(ISERROR(O40/O41),"- x",O40/O41) -> 19.061682
C46: Enterprise Value | J46: Implied Perpetuity Growth Rate | R46: Implied Share Price
D47: Exit Multiple | K47: Exit Multiple | R47: Exit Multiple
C48: =E40+E33 -> 9225777.8 | D48: =+E48-0.5 -> 17 | E48: =+F48-0.5 -> 17.5 | F48: 18 | G48: =+F48+0.5 -> 18.5 | H48: =+G48+0.5 -> 19 | J48: =+O37 -> 0.068958357 | K48: =+L48-0.5 -> 17 | L48: =+M48-0.5 -> 17.5 | M48: 18 | N48: =+M48+0.5 -> 18.5 | O48: =+N48+0.5 -> 19 | R48: =J43 -> 82.338956 | S48: =+T48-1 -> 16 | T48: =+U48-1 -> 17 | U48: 18 | V48: =+U48+1 -> 19 | W48: =+V48+1 -> 20
B49: WACC | C49: =+C50-0.005 -> 0.0928 | D49: 9163680.3 | E49: 9393304.5 | F49: 9622928.8 | G49: 9852553 | H49: 10082177 | I49: WACC | J49: =+J50-0.005 -> 0.0928 | K49: 0.05752882 | L49: 0.058504942 | M49: 0.059428491 | N49: 0.060303603 | O49: 0.061133991 | Q49: WACC | R49: =+R50-0.01 -> 0.0828 | S49: 80.621757 | T49: 86.324238 | U49: 92.026719 | V49: 97.7292 | W49: 103.43168
C50: =+C51-0.005 -> 0.0978 | D50: 8972490.1 | E50: 9196932.6 | F50: 9421375.1 | G50: 9645817.5 | H50: 9870260 | J50: =+J51-0.005 -> 0.0978 | K50: 0.062289092 | L50: 0.063271778 | M50: 0.064201541 | N50: 0.065082545 | O50: 0.065918527 | R50: =+R51-0.01 -> 0.0928 | S50: 76.156231 | T50: 81.602532 | U50: 87.048833 | V50: 92.495134 | W50: 97.941436
C51: 0.1028 | D51: 8786338.4 | E51: 9005738.8 | F51: 9225139.1 | G51: 9444539.5 | H51: 9663939.9 | J51: 0.1028 | K51: 0.067048842 | L51: 0.068038105 | M51: 0.068974096 | N51: 0.069861003 | O51: 0.07070259 | R51: 0.1028 | S51: 71.923765 | T51: 77.127574 | U51: 82.331382 | V51: 87.535191 | W51: 92.738999
C52: =+C51+0.005 -> 0.1078 | D52: 8605069.1 | E52: 8819562.7 | F52: 9034056.3 | G52: 9248549.9 | H52: 9463043.5 | J52: =+J51+0.005 -> 0.1078 | K52: 0.071808069 | L52: 0.072803924 | M52: 0.073746155 | N52: 0.074638978 | O52: 0.075486182 | R52: =+R51+0.01 -> 0.1128 | S52: 67.910132 | T52: 72.884289 | U52: 77.858446 | V52: 82.832603 | W52: 87.80676
C53: =+C52+0.005 -> 0.1128 | D53: 8428531.9 | E53: 8638249.8 | F53: 8847967.7 | G53: 9057685.7 | H53: 9267403.6 | J53: =+J52+0.005 -> 0.1128 | K53: 0.076566777 | L53: 0.077569236 | M53: 0.07851772 | N53: 0.079416472 | O53: 0.080269304 | R53: =+R52+0.01 -> 0.1228 | S53: 64.10209 | T53: 68.858651 | U53: 73.615212 | V53: 78.371773 | W53: 83.128334
B58: Assumptions
B59: Sales (% growth) | E59: NA | F59: =+IF(ISERROR(F7/E7-1),0,F7/E7-1) -> 0.59580119 | G59: =+IF(ISERROR(G7/F7-1),0,G7/F7-1) -> 0.1436358 | I59: =+IF(ISERROR(I7/G7-1),0,I7/G7-1) -> 0.10298266 | J59: ='AS1'!F7 -> 0.09 | K59: ='AS1'!G7 -> 0.08 | L59: ='AS1'!H7 -> 0.07 | M59: ='AS1'!I7 -> 0.06 | N59: ='AS1'!J7 -> 0.055
B60: COGS (% sales) | E60: =+IF(ISERROR(E10/E7),0,E10/E7) -> 0.53809135 | F60: =+IF(ISERROR(F10/F7),0,F10/F7) -> 0.50602922 | G60: =+IF(ISERROR(G10/G7),0,G10/G7) -> 0.52046343 | I60: =+IF(ISERROR(I10/I7),0,I10/I7) -> 0.52047046 | J60: ='AS1'!F14 -> 0.478 | K60: ='AS1'!G14 -> 0.476 | L60: ='AS1'!H14 -> 0.474 | M60: ='AS1'!I14 -> 0.472 | N60: ='AS1'!J14 -> 0.47
B61: SG&A (% sales) | E61: =+IF(ISERROR(E12/E7),0,E12/E7) -> 0.16104991 | F61: =+IF(ISERROR(F12/F7),0,F12/F7) -> 0.12260507 | G61: =+IF(ISERROR(G12/G7),0,G12/G7) -> 0.1166125 | I61: =+IF(ISERROR(I12/I7),0,I12/I7) -> 0.10929257 | J61: ='AS1'!F21 -> 0.108 | K61: ='AS1'!G21 -> 0.106 | L61: ='AS1'!H21 -> 0.104 | M61: ='AS1'!I21 -> 0.102 | N61: ='AS1'!J21 -> 0.1
B62: Depreciation & Amortization (% sales) | E62: =+IF(ISERROR(E15/E7),0,E15/E7) -> 0.10698048 | F62: =+IF(ISERROR(F15/F7),0,F15/F7) -> 0.13239294 | G62: =+IF(ISERROR(G15/G7),0,G15/G7) -> 0.13946548 | I62: =+IF(ISERROR(I15/I7),0,I15/I7) -> 0.13569624 | J62: ='AS1'!F28 -> 0.135 | K62: ='AS1'!G28 -> 0.133 | L62: ='AS1'!H28 -> 0.131 | M62: ='AS1'!I28 -> 0.129 | N62: ='AS1'!J28 -> 0.127
B63: Capital Expenditures (% sales) | E63: =+IF(ISERROR(-E22/E7),0,-E22/E7) -> 0.044 | F63: =+IF(ISERROR(-F22/F7),0,-F22/F7) -> 0.04 | G63: =+IF(ISERROR(-G22/G7),0,-G22/G7) -> 0.04 | I63: =+IF(ISERROR(-I22/I7),0,-I22/I7) -> 0.04 | J63: ='AS1'!F36 -> 0.125 | K63: ='AS1'!G36 -> 0.122 | L63: ='AS1'!H36 -> 0.12 | M63: ='AS1'!I36 -> 0.118 | N63: ='AS1'!J36 -> 0.115
B64: Tax Rate | E64: 0.313 | F64: 0.282 | G64: 0.277 | I64: 0.275 | J64: =I64 -> 0.275 | K64: =J64 -> 0.275 | L64: =K64 -> 0.275 | M64: =L64 -> 0.275 | N64: =M64 -> 0.275 | P64: Planet Fitness, Inc. (2025). Form 10-K for FY 2024, p. 75: Income tax provision. PitchBook reported effective tax rates: FY22=31.3%, FY23=28.2%, FY24=27.7%.
B65: Working Capital (% sales) | J65: =NWC!G23 -> -0.031819452 | K65: =NWC!H23 -> -0.031725205 | L65: =NWC!I23 -> -0.031630959 | M65: =NWC!J23 -> -0.031536712 | N65: =NWC!K23 -> -0.031442466
B70: =+B1 -> Planet Fitness, Inc.
B71: Sensitivity Analysis
B72: ($ in millions, fiscal year ending December 31)
C75: Enterprise Value | J75: Implied Equity Value
D76: Exit Multiple | K76: Exit Multiple
C77: =E40+E33 -> 9225777.8 | D77: =+E77-0.5 -> 17 | E77: =+F77-0.5 -> 17.5 | F77: 18 | G77: =+F77+0.5 -> 18.5 | H77: =+G77+0.5 -> 19 | J77: =J39 -> 6943067.8 | K77: =+L77-0.5 -> 17 | L77: =+M77-0.5 -> 17.5 | M77: 18 | N77: =+M77+0.5 -> 18.5 | O77: =+N77+0.5 -> 19
B78: WACC | C78: =+C79-0.005 -> 0.0928 | D78: 9163680.3 | E78: 9393304.5 | F78: 9622928.8 | G78: 9852553 | H78: 10082177 | I78: WACC | J78: =+J79-0.005 -> 0.0928 | K78: 6880970.3 | L78: 7110594.5 | M78: 7340218.8 | N78: 7569843 | O78: 7799467.2
C79: =+C80-0.005 -> 0.0978 | D79: 8972490.1 | E79: 9196932.6 | F79: 9421375.1 | G79: 9645817.5 | H79: 9870260 | J79: =+J80-0.005 -> 0.0978 | K79: 6689780.1 | L79: 6914222.6 | M79: 7138665.1 | N79: 7363107.5 | O79: 7587550
C80: 0.1028 | D80: 8786338.4 | E80: 9005738.8 | F80: 9225139.1 | G80: 9444539.5 | H80: 9663939.9 | J80: 0.1028 | K80: 6503628.4 | L80: 6723028.8 | M80: 6942429.1 | N80: 7161829.5 | O80: 7381229.9
C81: =+C80+0.005 -> 0.1078 | D81: 8605069.1 | E81: 8819562.7 | F81: 9034056.3 | G81: 9248549.9 | H81: 9463043.5 | J81: =+J80+0.005 -> 0.1078 | K81: 6322359.1 | L81: 6536852.7 | M81: 6751346.3 | N81: 6965839.9 | O81: 7180333.5
C82: =+C81+0.005 -> 0.1128 | D82: 8428531.9 | E82: 8638249.8 | F82: 8847967.7 | G82: 9057685.7 | H82: 9267403.6 | J82: =+J81+0.005 -> 0.1128 | K82: 6145821.9 | L82: 6355539.8 | M82: 6565257.7 | N82: 6774975.7 | O82: 6984693.6
C85: Implied Perpetuity Growth Rate | J85: Implied Enterprise Value / LTM EBITDA
D86: Exit Multiple | K86: Exit Multiple
C87: =O37 -> 0.068958357 | D87: =+E87-0.5 -> 17 | E87: =+F87-0.5 -> 17.5 | F87: 18 | G87: =+F87+0.5 -> 18.5 | H87: =+G87+0.5 -> 19 | J87: =O43 -> 19.061682 | K87: =+L87-0.5 -> 6.5 | L87: 7 | M87: 18 | N87: =+M87+0.5 -> 18.5 | O87: =+N87+0.5 -> 19
B88: WACC | C88: =+C89-0.005 -> 0.0928 | D88: 0.05752882 | E88: 0.058504942 | F88: 0.059428491 | G88: 0.060303603 | H88: 0.061133991 | I88: WACC | J88: =+J89-0.005 -> 0.0928 | K88: 8.9702631 | L88: 9.4446973 | M88: 19.882249 | N88: 20.356683 | O88: 20.831117
C89: =+C90-0.005 -> 0.0978 | D89: 0.062289092 | E89: 0.063271778 | F89: 0.064201541 | G89: 0.065082545 | H89: 0.065918527 | J89: =+J90-0.005 -> 0.0978 | K89: 8.8000697 | L89: 9.2637977 | M89: 19.465812 | N89: 19.92954 | O89: 20.393268
C90: 0.1028 | D90: 0.067048842 | E90: 0.068038105 | F90: 0.068974096 | G90: 0.069861003 | H90: 0.07070259 | J90: 0.1028 | K90: 8.6342255 | L90: 9.0875358 | M90: 19.060362 | N90: 19.513673 | O90: 19.966983
C91: =+C90+0.005 -> 0.1078 | D91: 0.071808069 | E91: 0.072803924 | F91: 0.073746155 | G91: 0.074638978 | H91: 0.075486182 | J91: =+J90+0.005 -> 0.1078 | K91: 8.4725979 | L91: 8.9157702 | M91: 18.66556 | N91: 19.108732 | O91: 19.551904
C92: =+C91+0.005 -> 0.1128 | D92: 0.076566777 | E92: 0.077569236 | F92: 0.07851772 | G92: 0.079416472 | H92: 0.080269304 | J92: =+J91+0.005 -> 0.1128 | K92: 8.3150592 | L92: 8.7483643 | M92: 18.281076 | N92: 18.714381 | O92: 19.147686
F95: PV of Terminal Value % of Enterprise Value
G96: Exit Multiple
F97: =E41 -> 0.8561884 | G97: =+H97-0.5 -> 17 | H97: =+I97-0.5 -> 17.5 | I97: 18 | J97: =+I97+0.5 -> 18.5 | K97: =+J97+0.5 -> 19
E98: WACC | F98: =+F99-0.005 -> 0.0928 | G98: 0.85197471 | H98: 0.85559326 | I98: 0.85903912 | J98: 0.86232437 | K98: 0.86545997
F99: =+F100-0.005 -> 0.0978 | G99: 0.85049339 | H99: 0.85414195 | I99: 0.85761668 | J99: 0.86092971 | K99: 0.86409207
F100: 0.1028 | G100: 0.84900129 | H100: 0.85267996 | I100: 0.85618366 | J100: 0.85952457 | K100: 0.86271378
F101: =+F100+0.005 -> 0.1078 | G101: 0.84749841 | H101: 0.85120729 | I101: 0.85474004 | J101: 0.85810893 | K101: 0.86132509
F102: =+F101+0.005 -> 0.1128 | G102: 0.84598477 | H102: 0.84972392 | I102: 0.85328582 | J102: 0.85668278 | K102: 0.859926
B107: Calculation of Implied Share Price
B108: Enterprise Value | F108: =+J33 -> 9225777.8
B109: Less: Total Debt | F109: =J34 -> -2575853
B110: Less: Preferred Securities | F110: =+J35 -> 0
B111: Less: Noncontrolling Interest | F111: =J36 -> -7
B112: Plus: Cash and Cash Equivalents | F112: =J37 -> 293150
B113: Implied Equity Value | F113: =F108+SUM(F109:F112) -> 6943067.8
B115: Options/Warrants
C116: Number of | D116: Exercise | E116: In-the-Money
B117: Tranche | C117: Shares | D117: Price | E117: Shares | F117: Proceeds
B118: Tranche 1 | C118: 0 | D118: 0 | E118: =+IF(ISERROR(+IF(D118<$F$117,C118,0)),0,IF(D118<$F$117,C118,0)) -> 0 | F118: =E118*D118 -> 0
B119: Tranche 2 | C119: 0 | D119: 0 | E119: =+IF(ISERROR(+IF(D119<$F$117,C119,0)),0,IF(D119<$F$117,C119,0)) -> 0 | F119: =E119*D119 -> 0
B120: Tranche 3 | C120: 0 | D120: 0 | E120: =+IF(ISERROR(+IF(D120<$F$117,C120,0)),0,IF(D120<$F$117,C120,0)) -> 0 | F120: =E120*D120 -> 0
B121: Tranche 4 | C121: 0 | D121: 0 | E121: =+IF(ISERROR(+IF(D121<$F$117,C121,0)),0,IF(D121<$F$117,C121,0)) -> 0 | F121: =E121*D121 -> 0
B122: Tranche 5 | C122: 0 | D122: 0 | E122: =+IF(ISERROR(+IF(D122<$F$117,C122,0)),0,IF(D122<$F$117,C122,0)) -> 0 | F122: =E122*D122 -> 0
B123: Total | C123: =SUM(C118:C122) -> 0 | E123: =SUM(E118:E122) -> 0 | F123: =SUM(F118:F122) -> 0
B125: Basic Shares Outstanding | F125: 84323 | G125: Planet Fitness, Inc. (2025). Form 10-K for FY 2024: Common shares outstanding = 84,323,000 as of December 31, 2024. SEC EDGAR.
B126: Plus: Shares from In-the-Money Options | F126: =E123 -> 0
B127: Less: Shares Repurchased | F127: =+IF(ISERROR(-F123/F132),0,-F123/F132) -> 0
...

Sheet NWC
B1: Planet Fitness, Inc.
B2: Working Capital Projections
B3: =+DCF!B3 -> ($ in thousands, fiscal year ending December 31)
C5: Historical Period | G5: Projection Period
C6: =+DCF!E6 -> 2021 | D6: =+DCF!F6 -> 2022 | E6: =+DCF!G6 -> 2023 | F6: =+DCF!I6 -> 2024 | G6: =+DCF!J6 -> 2025 | H6: =+DCF!K6 -> 2026 | I6: =+DCF!L6 -> 2027 | J6: =+DCF!M6 -> 2028 | K6: =+DCF!N6 -> 2029
B7: Sales | C7: =+DCF!E7 -> 587023 | D7: =+DCF!F7 -> 936772 | E7: =+DCF!G7 -> 1071326 | F7: =+DCF!I7 -> 1181654 | G7: =+DCF!J7 -> 1288002.9 | H7: =+DCF!K7 -> 1391043.1 | I7: =+DCF!L7 -> 1488416.1 | J7: =+DCF!M7 -> 1577721.1 | K7: =+DCF!N7 -> 1664495.7
B8: Cost of Goods Sold | C8: =+DCF!E9 -> 271151 | D8: =+DCF!F9 -> 462738 | E8: =+DCF!G9 -> 513740 | F8: =+DCF!I9 -> 566638 | G8: =+DCF!J9 -> 615665.37 | H8: =+DCF!K9 -> 662136.51 | I8: =+DCF!L9 -> 705509.23 | J8: =+DCF!M9 -> 744684.35 | K8: =+DCF!N9 -> 782312.99
B10: Current Assets
B11: Accounts Receivable | C11: =BS!P23 -> 27257 | D11: =BS!O23 -> 46242 | E11: =BS!N23 -> 41890 | F11: =+F7/365*F29 -> 46203.944 | G11: =+G7/365*G29 -> 83984.844 | H11: =+H7/365*H29 -> 90703.632 | I11: =+I7/365*I29 -> 97052.886 | J11: =+J7/365*J29 -> 102876.06 | K11: =+K7/365*K29 -> 108534.24
B12: Inventories | C12: =BS!P20 -> 1155 | D12: =BS!O20 -> 5266 | E12: =BS!N20 -> 4677 | F12: =+F8/365*F30 -> 5158.5742 | G12: =+G8/365*G30 -> 6747.0177 | H12: =+H8/365*H30 -> 7256.2905 | I12: =+I8/365*I30 -> 7731.608 | J12: =+J8/365*J30 -> 8160.9243 | K12: =+K8/365*K30 -> 8573.2931
B13: Prepaid Expenses and Other | C13: =BS!P31 -> 12869 | D13: =BS!O31 -> 11078 | E13: =BS!N31 -> 13842 | F13: =+F7*F31 -> 15267.486 | G13: =+G7*G31 -> 23441.652 | H13: =+H7*H31 -> 25316.984 | I13: =+I7*I31 -> 27089.173 | J13: =+J7*J31 -> 28714.523 | K13: =+K7*K31 -> 30293.822
B14: Total Current Assets | C14: =SUM(C11:C13) -> 41281 | D14: =SUM(D11:D13) -> 62586 | E14: =SUM(E11:E13) -> 60409 | F14: =SUM(F11:F13) -> 66630.004 | G14: =SUM(G11:G13) -> 114173.51 | H14: =SUM(H11:H13) -> 123276.91 | I14: =SUM(I11:I13) -> 131873.67 | J14: =SUM(J11:J13) -> 139751.51 | K14: =SUM(K11:K13) -> 147401.36
B16: Current Liabilities
B17: Accounts Payable | C17: =BS!P95 -> 27892 | D17: =BS!O95 -> 20578 | E17: =BS!N95 -> 23788 | F17: =+F8/365*F34 -> 26237.367 | G17: =+G8/365*G34 -> 35759.194 | H17: =+H8/365*H34 -> 38458.34 | I17: =+I8/365*I34 -> 40977.523 | J17: =+J8/365*J34 -> 43252.899 | K17: =+K8/365*K34 -> 45438.453
B18: Accrued Liabilities | C18: 0 | D18: 0 | E18: 0 | F18: =+F7*F35 -> 0 | G18: =+G7*G35 -> 74060.164 | H18: =+H7*H35 -> 79984.978 | I18: =+I7*I35 -> 85583.926 | J18: =+J7*J35 -> 90718.962 | K18: =+K7*K35 -> 95708.504
B19: Other Current Liabilities | C19: =BS!P115 -> 30851 | D19: =BS!O115 -> 50510 | E19: =BS!N115 -> 39607 | F19: =+F7*F36 -> 43685.834 | G19: =+G7*G36 -> 45337.701 | H19: =+H7*H36 -> 48964.717 | I19: =+I7*I36 -> 52392.247 | J19: =+J7*J36 -> 55535.782 | K19: =+K7*K36 -> 58590.25
B20: Total Current Liabilities | C20: =SUM(C17:C19) -> 58743 | D20: =SUM(D17:D19) -> 71088 | E20: =SUM(E17:E19) -> 63395 | F20: =SUM(F17:F19) -> 69923.201 | G20: =SUM(G17:G19) -> 155157.06 | H20: =SUM(H17:H19) -> 167408.03 | I20: =SUM(I17:I19) -> 178953.7 | J20: =SUM(J17:J19) -> 189507.64 | K20: =SUM(K17:K19) -> 199737.21
B22: Net Working Capital | C22: =+C14-C20 -> -17462 | D22: =+D14-D20 -> -8502 | E22: =+E14-E20 -> -2986 | F22: =+F14-F20 -> -3293.197 | G22: =+G14-G20 -> -40983.545 | H22: =+H14-H20 -> -44131.128 | I22: =+I14-I20 -> -47080.029 | J22: =+J14-J20 -> -49756.136 | K22: =+K14-K20 -> -52335.85
B23: % sales | C23: =+IF(ISERROR(C22/C7),0,C22/C7) -> -0.029746705 | D23: =+IF(ISERROR(D22/D7),0,D22/D7) -> -0.0090758477 | E23: =+IF(ISERROR(E22/E7),0,E22/E7) -> -0.0027872002 | F23: =+IF(ISERROR(F22/F7),0,F22/F7) -> -0.0027869385 | G23: =+IF(ISERROR(G22/G7),0,G22/G7) -> -0.031819452 | H23: =+IF(ISERROR(H22/H7),0,H22/H7) -> -0.031725205 | I23: =+IF(ISERROR(I22/I7),0,I22/I7) -> -0.031630959 | J23: =+IF(ISERROR(J22/J7),0,J22/J7) -> -0.031536712 | K23: =+IF(ISERROR(K22/K7),0,K22/K7) -> -0.031442466
B25: (Increase) / Decrease in NWC | D25: =+C22-D22 -> -8960 | E25: =+D22-E22 -> -5516 | F25: =+E22-F22 -> 307.19705 | G25: =+F22-G22 -> 37690.348 | H25: =+G22-H22 -> 3147.5826 | I25: =+H22-I22 -> 2948.9008 | J25: =+I22-J22 -> 2676.1069 | K25: =+J22-K22 -> 2579.7144
B27: Assumptions
B28: Current Assets
B29: Days Sales Outstanding | C29: =+IF(ISERROR(C11/C7*365),0,C11/C7*365) -> 16.947896 | D29: =+IF(ISERROR(D11/D7*365),0,D11/D7*365) -> 18.017543 | E29: =+IF(ISERROR(E11/E7*365),0,E11/E7*365) -> 14.271893 | F29: =+E29 -> 14.271893 | G29: ='AS2'!F7 -> 23.8 | H29: ='AS2'!G7 -> 23.8 | I29: ='AS2'!H7 -> 23.8 | J29: ='AS2'!I7 -> 23.8 | K29: ='AS2'!J7 -> 23.8
B30: Days Inventory Held | C30: =+IF(ISERROR(C12/C8*365),0,C12/C8*365) -> 1.554761 | D30: =+IF(ISERROR(D12/D8*365),0,D12/D8*365) -> 4.1537328 | E30: =+IF(ISERROR(E12/E8*365),0,E12/E8*365) -> 3.3228968 | F30: =+E30 -> 3.3228968 | G30: ='AS2'!F14 -> 4 | H30: ='AS2'!G14 -> 4 | I30: ='AS2'!H14 -> 4 | J30: ='AS2'!I14 -> 4 | K30: ='AS2'!J14 -> 4
B31: Prepaids and Other CA (% of sales) | C31: =+IF(ISERROR(C13/C7),0,C13/C7) -> 0.02192248 | D31: =+IF(ISERROR(D13/D7),0,D13/D7) -> 0.011825716 | E31: =+IF(ISERROR(E13/E7),0,E13/E7) -> 0.012920437 | F31: =+E31 -> 0.012920437 | G31: ='AS2'!F21 -> 0.0182 | H31: ='AS2'!G21 -> 0.0182 | I31: ='AS2'!H21 -> 0.0182 | J31: ='AS2'!I21 -> 0.0182 | K31: ='AS2'!J21 -> 0.0182
B33: Current Liabilities
B34: Days Payable Outstanding | C34: =+IF(ISERROR(C17/C8*365),0,C17/C8*365) -> 37.545796 | D34: =+IF(ISERROR(D17/D8*365),0,D17/D8*365) -> 16.231582 | E34: =+IF(ISERROR(E17/E8*365),0,E17/E8*365) -> 16.900806 | F34: =+E34 -> 16.900806 | G34: ='AS2'!F29 -> 21.2 | H34: ='AS2'!G29 -> 21.2 | I34: ='AS2'!H29 -> 21.2 | J34: ='AS2'!I29 -> 21.2 | K34: ='AS2'!J29 -> 21.2
B35: Accrued Liabilities (% of sales) | C35: =+IF(ISERROR(C18/C7),0,C18/C7) -> 0 | D35: =+IF(ISERROR(D18/D7),0,D18/D7) -> 0 | E35: =+IF(ISERROR(E18/E7),0,E18/E7) -> 0 | F35: =+E35 -> 0 | G35: ='AS2'!F36 -> 0.0575 | H35: ='AS2'!G36 -> 0.0575 | I35: ='AS2'!H36 -> 0.0575 | J35: ='AS2'!I36 -> 0.0575 | K35: ='AS2'!J36 -> 0.0575
B36: Other Current Liabilities (% of sales) | C36: =+IF(ISERROR(C19/C7),0,C19/C7) -> 0.052555011 | D36: =+IF(ISERROR(D19/D7),0,D19/D7) -> 0.053919203 | E36: =+IF(ISERROR(E19/E7),0,E19/E7) -> 0.036970073 | F36: =+E36 -> 0.036970073 | G36: ='AS2'!F43 -> 0.0352 | H36: ='AS2'!G43 -> 0.0352 | I36: ='AS2'!H43 -> 0.0352 | J36: ='AS2'!I43 -> 0.0352 | K36: ='AS2'!J43 -> 0.0352

Sheet WACC
B1: Planet Fitness, Inc.
B2: Weighted Average Cost of Capital Analysis
B3: ($ in thousands)
B6: WACC Calculation | F6: Comparable Companies Unlevered Beta | N6: References (APA7)
B7: Target Capital Structure | G7: Predicted | H7: Market | I7: Market | J7: Debt/ | K7: Marginal | L7: Unlevered
B8: Debt-to-Total Capitalization | D8: 0.224 | F8: Company | G8: Levered Beta (4) | H8: Value of Debt | I8: Value of Equity | J8: Equity | K8: Tax Rate | L8: Beta | N8: Planet Fitness, Inc. (2025). Form 10-K for FY 2024: Long-term debt, p. 75. SEC EDGAR; Yahoo Finance. (2026, February 12). PLNT market capitalization. https://finance.yahoo.com/quote/PLNT
B9: Equity-to-Total Capitalization | D9: =1-D8 -> 0.776 | F9: Planet Fitness | G9: 1.28 | H9: 2575853000 | I9: =7530000000 -> 7530000000 | J9: =+IF(ISERROR(H9/I9),0,H9/I9) -> 0.34207875 | K9: 0.275 | L9: =+G9/(1+(J9)*(1-K9)) -> 1.0256352 | N9: Public Holdings, Inc. (2026, February 12). Xponential Fitness (XPOF) Market Cap Today. public.com/stocks/xpof/market-cap.
F10: Xponential Fitness, Inc. | G10: 1.41 | H10: =379623 -> 379623 | I10: =291900000 -> 291900000 | J10: =+IF(ISERROR(H10/I10),0,H10/I10) -> 0.0013005242 | K10: 0.275 | L10: =+G10/(1+(J10)*(1-K10)) -> 1.4086718 | N10: MarketBeat. (2026, February 12). The Gym Group (GYM) Stock Chart and Price History. marketbeat.com/stocks/LON/GYM/chart/
F11: Life Time Group Holdings | G11: 1.68 | H11: 3987297 | I11: 6410000000 | J11: =+IF(ISERROR(H11/I11),0,H11/I11) -> 0.00062204321 | K11: 0.275 | L11: =+G11/(1+(J11)*(1-K11)) -> 1.6792427 | N11: MarketBeat. (2026, February 12). Beachbody (BODI) Stock Price, News & Analysis. marketbeat.com/stocks/NASDAQ/BODI/
B12: Cost of Debt | F12: The Gym Group plc | G12: 0.95 | H12: 318080000 | I12: 398600000 | J12: =+IF(ISERROR(H12/I12),0,H12/I12) -> 0.79799298 | K12: 0.25 | L12: =+G12/(1+(J12)*(1-K12)) -> 0.59430912 | N12: London Stock Exchange. (2025, March 20). The Gym Group PLC 2024 Full Year Results. londonstockexchange.com/news-article/GYM
B13: Cost-of-Debt | D13: 0.042 | F13: Beachbody Company, Inc. | G13: 1.1 | H13: 25490000 | I13: 56775000 | J13: =+IF(ISERROR(H13/I13),0,H13/I13) -> 0.44896521 | K13: 0.275 | L13: =+G13/(1+(J13)*(1-K13)) -> 0.82987566
B14: Tax Rate | D14: 0.275 | N14: Planet Fitness, Inc. (2025). Form 10-K for FY 2024, p. 75: Income tax note — normalized effective rate. SEC EDGAR.
B15: After-tax Cost of Debt | D15: =+D13*(1-D14) -> 0.03045 | F15: Mean | G15: =AVERAGE(G9:G13) -> 1.284 | J15: =AVERAGE(J9:J13) -> 0.3181919 | L15: =AVERAGE(L9:L14) -> 1.1075469
F16: Median | G16: =MEDIAN(G9:G13) -> 1.28 | J16: =MEDIAN(J9:J13) -> 0.34207875 | L16: =MEDIAN(L9:L14) -> 1.0256352
B18: Cost of Equity | F18: Planet Fitness Relevered Beta
B19: Risk-free Rate (1) | D19: 0.042 | I19: Mean | J19: Target | K19: Target | N19: Board of Governors of the Federal Reserve System. (2026, February 10). Selected interest rates (H.15 release): 10-Year Treasury constant maturity yield = 4.20%. https://www.federalreserve.gov/releases/h15/
B20: Market Risk Premium (2) | D20: 0.055 | I20: Unlevered | J20: Debt/ | K20: Marginal | L20: Relevered | N20: Kroll (formerly Duff & Phelps). (2025). 2025 Cost of Capital Navigator: U.S. equity risk premium recommendation of 5.5%. Kroll, LLC; Damodaran, A. (2026, January). Country default spreads and risk premiums. NYU Stern. https://pages.stern.nyu.edu/~adamodar/
B21: Levered Beta | D21: =+L22 -> 1.3393325 | I21: Beta | J21: Equity | K21: Tax Rate | L21: Beta
B22: Size Premium (3) | D22: 0.008 | F22: Relevered Beta | I22: =L15 -> 1.1075469 | J22: =D8/D9 -> 0.28865979 | K22: =D14 -> 0.275 | L22: =+I22*(1+(J22)*(1-K22)) -> 1.3393325 | N22: Kroll (formerly Duff & Phelps). (2025). 2025 Cost of Capital Navigator: Mid-cap decile size premium = 0.8% (market cap ~$8.9B). Kroll, LLC.
B23: Cost of Equity | D23: =+D19+(D21*D20)+D22 -> 0.12366329
F24: WACC Sensitivity Analysis (& Beta Impact)
H25: Pre-tax Cost of Debt
B26: WACC | D26: =(D8*D15)+(D9*D23) -> 0.10278351 | F26: Debt-to-Total Capitalization | G26: =D26 -> 0.10278351 | H26: =I26-0.005 -> 0.032 | I26: =J26-0.005 -> 0.037 | J26: 0.042 | K26: =J26+0.005 -> 0.047 | L26: =K26+0.005 -> 0.052
G27: =G28-0.1 -> 0.024 | H27: 0.10933583 | I27: 0.10908907 | J27: 0.10884231 | K27: 0.10859555 | L27: 0.10834879
G28: =G29-0.1 -> 0.124 | H28: 0.10766543 | I28: 0.10715767 | J28: 0.10664991 | K28: 0.10614215 | L28: 0.10563439
G29: =D8 -> 0.224 | H29: 0.10998543 | I29: 0.10984017 | J29: 0.10969491 | K29: 0.10954965 | L29: 0.10940439
G30: =G29+0.1 -> 0.324 | H30: 0.11230543 | I30: 0.11252267 | J30: 0.11273991 | K30: 0.11295715 | L30: 0.11317439
G31: =G30+0.1 -> 0.424 | H31: 0.11462543 | I31: 0.11520517 | J31: 0.11578491 | K31: 0.11636465 | L31: 0.11694439
B33: (1) 10-Year U.S. Treasury yield, ~4.20% as of Feb 2026 (Federal Reserve H.15)
B34: (2) Duff & Phelps 2025 Cost of Capital Navigator; Damodaran ERP Jan 2026
B35: (3) Mid-cap size premium per Duff & Phelps (Mkt Cap ~$8.9B)
B36: (4) Yahoo Finance: PLNT Beta (5Y Monthly) = 1.28 as of Feb 2026 | G36: Beta | H36: WACC | I36: Implied Share Price
G37: =G38-0.2 -> 0.88 | H37: 0.0995 | I37: 83.87
B38: Beta Sensitivity Note: | G38: =G39-0.2 -> 1.08 | H38: 0.1011 | I38: 83.1
B39: Current levered beta = 1.28. Each 0.1 change in beta changes Ke by ~55bps and WACC by ~43bps. | G39: 1.28 | H39: 0.1028 | I39: 82.34
B40: Beta = 0.90 → WACC ≈ 8.4% → Implied price ~$100-105. Beta = 1.60 → WACC ≈ 11.4% → Implied price ~$65-70. | G40: =G39+0.2 -> 1.48 | H40: 0.1044 | I40: 81.58
B41: Sources: Yahoo Finance PLNT Beta (5Y Monthly); Bloomberg Terminal adjusted beta. | G41: =G40+0.2 -> 1.68 | H41: 0.1061 | I41: 80.83

Sheet AS1
B1: Assumptions Page 1 - Income Statement and Cash Flow Statement (Planet Fitness) | P1: References (APA7)
F2: Projection Period
F3: 1 | G3: 2 | H3: 3 | I3: 4 | J3: 5 | K3: 6 | L3: 7 | M3: 8 | N3: 9 | O3: 10
F4: =+DCF!J6 -> 2025 | G4: =+DCF!K6 -> 2026 | H4: =+DCF!L6 -> 2027 | I4: =+DCF!M6 -> 2028 | J4: =+DCF!N6 -> 2029 | K4: =+J4+1 -> 2030 | L4: =+K4+1 -> 2031 | M4: =+L4+1 -> 2032 | N4: =+M4+1 -> 2033 | O4: =+N4+1 -> 2034
B6: Income Statement Assumptions | P6: Planet Fitness, Inc. (2025, February 25). Annual report pursuant to Section 13 or 15(d) of the Securities Exchange Act of 1934 (Form 10-K). U.S. Securities and Exchange Commission. https://www.sec.gov/cgi-bin/browse-edgar?action=getcompany&CIK=PLNT; Macquarie Equity Research. (2025, February 26). Planet Fitness: Solid FY24; reiterating Outperform. Macquarie Group.
B7: Sales (% growth) | F7: =CHOOSE(DCF!$D$4,F8,F9,F10,F11,F12) -> 0.09 | G7: =CHOOSE(DCF!$D$4,G8,G9,G10,G11,G12) -> 0.08 | H7: =CHOOSE(DCF!$D$4,H8,H9,H10,H11,H12) -> 0.07 | I7: =CHOOSE(DCF!$D$4,I8,I9,I10,I11,I12) -> 0.06 | J7: =CHOOSE(DCF!$D$4,J8,J9,J10,J11,J12) -> 0.055 | K7: =CHOOSE(DCF!$D$4,K8,K9,K10,K11,K12) -> 0.055 | L7: =CHOOSE(DCF!$D$4,L8,L9,L10,L11,L12) -> 0.055 | M7: =CHOOSE(DCF!$D$4,M8,M9,M10,M11,M12) -> 0.055 | ... O7: =CHOOSE(DCF!$D$4,O8,O9,O10,O11,O12) -> 0.055 | P7: Planet Fitness, Inc. (2025, November 6). Third quarter 2025 earnings press release (Form 8-K): Same-store sales growth of 6.9%. U.S. SEC EDGAR; IBISWorld. (2025). Gym, health & fitness clubs in the US (Industry Report OD4681). IBISWorld
B8: Base | E8: 1 | F8: 0.09 | G8: 0.08 | H8: 0.07 | I8: 0.06 | J8: 0.055 | K8: =+J8 -> 0.055 | L8: =+K8 -> 0.055 | M8: =+L8 -> 0.055 | N8: =+M8 -> 0.055 | O8: =+N8 -> 0.055 | P8: Base: in line with historical averages Upside: assumes increased bargaining power with customers and low churn; Management: stated low double digit growth driven by 160+ new yearly openings Downsides (1 & 2): are stress tests, assuming economic headwinds and customer churn
B9: Upside | E9: 2 | F9: 0.11 | G9: 0.095 | H9: 0.085 | I9: 0.075 | J9: 0.065 | K9: =+J9 -> 0.065 | L9: =+K9 -> 0.065 | M9: =+L9 -> 0.065 | N9: =+M9 -> 0.065 | O9: =+N9 -> 0.065
B10: Management | E10: 3 | F10: 0.12 | G10: 0.105 | H10: 0.095 | I10: 0.085 | J10: 0.075 | K10: =+J10 -> 0.075 | L10: =+K10 -> 0.075 | M10: =+L10 -> 0.075 | N10: =+M10 -> 0.075 | O10: =+N10 -> 0.075
B11: Downside 1 | E11: 4 | F11: 0.065 | G11: 0.055 | H11: 0.045 | I11: 0.04 | J11: 0.035 | K11: =+J11 -> 0.035 | L11: =+K11 -> 0.035 | M11: =+L11 -> 0.035 | N11: =+M11 -> 0.035 | O11: =+N11 -> 0.035
B12: Downside 2 | E12: 5 | F12: 0.04 | G12: 0.03 | H12: 0.025 | I12: 0.02 | J12: 0.02 | K12: =+J12 -> 0.02 | L12: =+K12 -> 0.02 | M12: =+L12 -> 0.02 | N12: =+M12 -> 0.02 | O12: =+N12 -> 0.02
B14: Cost of Goods Sold (% sales) | F14: =CHOOSE(DCF!$D$4,F15,F16,F17,F18,F19) -> 0.478 | G14: =CHOOSE(DCF!$D$4,G15,G16,G17,G18,G19) -> 0.476 | H14: =CHOOSE(DCF!$D$4,H15,H16,H17,H18,H19) -> 0.474 | I14: =CHOOSE(DCF!$D$4,I15,I16,I17,I18,I19) -> 0.472 | J14: =CHOOSE(DCF!$D$4,J15,J16,J17,J18,J19) -> 0.47 | K14: =CHOOSE(DCF!$D$4,K15,K16,K17,K18,K19) -> 0.47 | L14: =CHOOSE(DCF!$D$4,L15,L16,L17,L18,L19) -> 0.47 | M14: =CHOOSE(DCF!$D$4,M15,M16,M17,M18,M19) -> 0.47 | ... O14: =CHOOSE(DCF!$D$4,O15,O16,O17,O18,O19) -> 0.47 | P14: Planet Fitness, Inc. (2025). Form 10-K for FY 2024, pp. 41–43: Cost of revenue breakdown. SEC EDGAR; PitchBook Data, Inc. (2026, February 12). Public company financials: Planet Fitness, Inc. PitchBook.
B15: Base | E15: 1 | F15: 0.478 | G15: 0.476 | H15: 0.474 | I15: 0.472 | J15: 0.47 | K15: =+J15 -> 0.47 | L15: =+K15 -> 0.47 | M15: =+L15 -> 0.47 | N15: =+M15 -> 0.47 | O15: =+N15 -> 0.47 | P15: Base: in line with historical averages Upside: assumes better bulk pricing for equipment as highlighted as a focus for 2025 onwards; Management: stated target of enancing unit economics by reducing building costs Downsides (1 & 2): cost inflation and tariffs
B16: Upside | E16: 2 | F16: 0.47 | G16: 0.465 | H16: 0.46 | I16: 0.455 | J16: 0.45 | K16: =+J16 -> 0.45 | L16: =+K16 -> 0.45 | M16: =+L16 -> 0.45 | N16: =+M16 -> 0.45 | O16: =+N16 -> 0.45
B17: Management | E17: 3 | F17: 0.465 | G17: 0.458 | H17: 0.452 | I17: 0.446 | J17: 0.44 | K17: =+J17 -> 0.44 | L17: =+K17 -> 0.44 | M17: =+L17 -> 0.44 | N17: =+M17 -> 0.44 | O17: =+N17 -> 0.44
B18: Downside 1 | E18: 4 | F18: 0.485 | G18: 0.487 | H18: 0.49 | I18: 0.492 | J18: 0.495 | K18: =+J18 -> 0.495 | L18: =+K18 -> 0.495 | M18: =+L18 -> 0.495 | N18: =+M18 -> 0.495 | O18: =+N18 -> 0.495
B19: Downside 2 | E19: 5 | F19: 0.492 | G19: 0.495 | H19: 0.498 | I19: 0.5 | J19: 0.502 | K19: =+J19 -> 0.502 | L19: =+K19 -> 0.502 | M19: =+L19 -> 0.502 | N19: =+M19 -> 0.502 | O19: =+N19 -> 0.502
B21: SG&A (% sales) | F21: =CHOOSE(DCF!$D$4,F22,F23,F24,F25,F26) -> 0.108 | G21: =CHOOSE(DCF!$D$4,G22,G23,G24,G25,G26) -> 0.106 | H21: =CHOOSE(DCF!$D$4,H22,H23,H24,H25,H26) -> 0.104 | I21: =CHOOSE(DCF!$D$4,I22,I23,I24,I25,I26) -> 0.102 | J21: =CHOOSE(DCF!$D$4,J22,J23,J24,J25,J26) -> 0.1 | K21: =CHOOSE(DCF!$D$4,K22,K23,K24,K25,K26) -> 0.1 | L21: =CHOOSE(DCF!$D$4,L22,L23,L24,L25,L26) -> 0.1 | M21: =CHOOSE(DCF!$D$4,M22,M23,M24,M25,M26) -> 0.1 | ... O21: =CHOOSE(DCF!$D$4,O22,O23,O24,O25,O26) -> 0.1 | P21: Planet Fitness, Inc. (2025). Form 10-K for FY 2024, p. 44: SG&A expenses detail. SEC EDGAR; Morgan Stanley Research. (2025, March 3). Planet Fitness: Operating leverage thesis. Morgan Stanley.
B22: Base | E22: 1 | F22: 0.108 | G22: 0.106 | H22: 0.104 | I22: 0.102 | J22: 0.1 | K22: =+J22 -> 0.1 | L22: =+K22 -> 0.1 | M22: =+L22 -> 0.1 | N22: =+M22 -> 0.1 | O22: =+N22 -> 0.1 | P22: Base: in line with historical averages Upside: higher operating leverage; Management: focuss on digitizing member experience Downsides (1& 2): Higher churn and marketing costs due to competitive pressure
B23: Upside | E23: 2 | F23: 0.105 | G23: 0.102 | H23: 0.099 | I23: 0.096 | J23: 0.093 | K23: =+J23 -> 0.093 | L23: =+K23 -> 0.093 | M23: =+L23 -> 0.093 | N23: =+M23 -> 0.093 | O23: =+N23 -> 0.093
B24: Management | E24: 3 | F24: 0.1 | G24: 0.097 | H24: 0.094 | I24: 0.091 | J24: 0.088 | K24: =+J24 -> 0.088 | L24: =+K24 -> 0.088 | M24: =+L24 -> 0.088 | N24: =+M24 -> 0.088 | O24: =+N24 -> 0.088
B25: Downside 1 | E25: 4 | F25: 0.112 | G25: 0.114 | H25: 0.115 | I25: 0.116 | J25: 0.117 | K25: =+J25 -> 0.117 | L25: =+K25 -> 0.117 | M25: =+L25 -> 0.117 | N25: =+M25 -> 0.117 | O25: =+N25 -> 0.117
B26: Downside 2 | E26: 5 | F26: 0.118 | G26: 0.12 | H26: 0.122 | I26: 0.124 | J26: 0.125 | K26: =+J26 -> 0.125 | L26: =+K26 -> 0.125 | M26: =+L26 -> 0.125 | N26: =+M26 -> 0.125 | O26: =+N26 -> 0.125
B28: Depreciation & Amortization (% sales) | F28: =CHOOSE(DCF!$D$4,F29,F30,F31,F32,F33) -> 0.135 | G28: =CHOOSE(DCF!$D$4,G29,G30,G31,G32,G33) -> 0.133 | H28: =CHOOSE(DCF!$D$4,H29,H30,H31,H32,H33) -> 0.131 | I28: =CHOOSE(DCF!$D$4,I29,I30,I31,I32,I33) -> 0.129 | J28: =CHOOSE(DCF!$D$4,J29,J30,J31,J32,J33) -> 0.127 | K28: =CHOOSE(DCF!$D$4,K29,K30,K31,K32,K33) -> 0.127 | L28: =CHOOSE(DCF!$D$4,L29,L30,L31,L32,L33) -> 0.127 | M28: =CHOOSE(DCF!$D$4,M29,M30,M31,M32,M33) -> 0.127 | ... O28: =CHOOSE(DCF!$D$4,O29,O30,O31,O32,O33) -> 0.127 | P28: Planet Fitness, Inc. (2025). Form 10-K for FY 2024, p. 8: Property and equipment, useful lives. SEC EDGAR; PitchBook Data, Inc. (2026). PLNT D&A as % of revenue: FY22=13.2%, FY23=13.9%, FY24=13.6%.
B29: Base | E29: 1 | F29: 0.135 | G29: 0.133 | H29: 0.131 | I29: 0.129 | J29: 0.127 | K29: =+J29 -> 0.127 | L29: =+K29 -> 0.127 | M29: =+L29 -> 0.127 | N29: =+M29 -> 0.127 | O29: =+N29 -> 0.127 | P29: Base: in line with historical averages Upside: longer useful life for gym equipment and lower capex requirements for "optimized format" clubs; Management: Asset light stemming from the strategic shift to franchising Downsides (1 & 2): accelerated equipment wear due to high traffic and asset impairment for underperforming clubs
B30: Upside | E30: 2 | F30: 0.13 | G30: 0.128 | H30: 0.126 | I30: 0.124 | J30: 0.122 | K30: =+J30 -> 0.122 | L30: =+K30 -> 0.122 | M30: =+L30 -> 0.122 | N30: =+M30 -> 0.122 | O30: =+N30 -> 0.122
B31: Management | E31: 3 | F31: 0.128 | G31: 0.125 | H31: 0.122 | I31: 0.12 | J31: 0.118 | K31: =+J31 -> 0.118 | L31: =+K31 -> 0.118 | M31: =+L31 -> 0.118 | N31: =+M31 -> 0.118 | O31: =+N31 -> 0.118
B32: Downside 1 | E32: 4 | F32: 0.138 | G32: 0.14 | H32: 0.142 | I32: 0.143 | J32: 0.144 | K32: =+J32 -> 0.144 | L32: =+K32 -> 0.144 | M32: =+L32 -> 0.144 | N32: =+M32 -> 0.144 | O32: =+N32 -> 0.144
B33: Downside 2 | E33: 5 | F33: 0.142 | G33: 0.145 | H33: 0.147 | I33: 0.149 | J33: 0.15 | K33: =+J33 -> 0.15 | L33: =+K33 -> 0.15 | M33: =+L33 -> 0.15 | N33: =+M33 -> 0.15 | O33: =+N33 -> 0.15
B35: Cash Flow Statement Assumptions
B36: Capital Expenditures (% of sales) | F36: =CHOOSE(DCF!$D$4,F37,F38,F39,F40,F41) -> 0.125 | G36: =CHOOSE(DCF!$D$4,G37,G38,G39,G40,G41) -> 0.122 | H36: =CHOOSE(DCF!$D$4,H37,H38,H39,H40,H41) -> 0.12 | I36: =CHOOSE(DCF!$D$4,I37,I38,I39,I40,I41) -> 0.118 | J36: =CHOOSE(DCF!$D$4,J37,J38,J39,J40,J41) -> 0.115 | K36: =CHOOSE(DCF!$D$4,K37,K38,K39,K40,K41) -> 0.115 | L36: =CHOOSE(DCF!$D$4,L37,L38,L39,L40,L41) -> 0.115 | M36: =CHOOSE(DCF!$D$4,M37,M38,M39,M40,M41) -> 0.115 | ... O36: =CHOOSE(DCF!$D$4,O37,O38,O39,O40,O41) -> 0.115 | P36: Planet Fitness, Inc. (2025). Form 10-K for FY 2024, p. 47: Capital expenditures discussion. SEC EDGAR; Planet Fitness, Inc. (2025, November 6). Q3 2025 earnings call transcript: 2025 CapEx guidance $160M–$170M. Seeking Alpha.
B37: Base | E37: 1 | F37: 0.125 | G37: 0.122 | H37: 0.12 | I37: 0.118 | J37: 0.115 | K37: =+J37 -> 0.115 | L37: =+K37 -> 0.115 | M37: =+L37 -> 0.115 | N37: =+M37 -> 0.115 | O37: =+N37 -> 0.115 | P37: Base: in line with historical averages Upside: agressive expansion in high growt territories; Management: reflects the goal of accelarating global growth and digitizing member experience Downsides (1 & 2): capital preservation and minimum maintenance (only necessary)
B38: Upside | E38: 2 | F38: 0.13 | G38: 0.128 | H38: 0.125 | I38: 0.122 | J38: 0.12 | K38: =+J38 -> 0.12 | L38: =+K38 -> 0.12 | M38: =+L38 -> 0.12 | N38: =+M38 -> 0.12 | O38: =+N38 -> 0.12
B39: Management | E39: 3 | F39: 0.135 | G39: 0.132 | H39: 0.128 | I39: 0.125 | J39: 0.122 | K39: =+J39 -> 0.122 | L39: =+K39 -> 0.122 | M39: =+L39 -> 0.122 | N39: =+M39 -> 0.122 | O39: =+N39 -> 0.122
B40: Downside 1 | E40: 4 | F40: 0.115 | G40: 0.112 | H40: 0.11 | I40: 0.108 | J40: 0.105 | K40: =+J40 -> 0.105 | L40: =+K40 -> 0.105 | M40: =+L40 -> 0.105 | N40: =+M40 -> 0.105 | O40: =+N40 -> 0.105
B41: Downside 2 | E41: 5 | F41: 0.11 | G41: 0.105 | H41: 0.1 | I41: 0.098 | J41: 0.095 | K41: =+J41 -> 0.095 | L41: =+K41 -> 0.095 | M41: =+L41 -> 0.095 | N41: =+M41 -> 0.095 | O41: =+N41 -> 0.095

Sheet AS2
B1: Assumptions Page 2 - Balance Sheet (Planet Fitness) | P1: References (APA7)
F2: Projection Period
F3: 1 | G3: 2 | H3: 3 | I3: 4 | J3: 5 | K3: 6 | L3: 7 | M3: 8 | N3: 9 | O3: 10
F4: =+DCF!J6 -> 2025 | G4: =+DCF!K6 -> 2026 | H4: =+DCF!L6 -> 2027 | I4: =+DCF!M6 -> 2028 | J4: =+DCF!N6 -> 2029 | K4: =+J4+1 -> 2030 | L4: =+K4+1 -> 2031 | M4: =+L4+1 -> 2032 | N4: =+M4+1 -> 2033 | O4: =+N4+1 -> 2034
B6: Current Assets
B7: Days Sales Outstanding (DSO) | F7: =CHOOSE(DCF!$D$4,F8,F9,F10,F11,F12) -> 23.8 | G7: =CHOOSE(DCF!$D$4,G8,G9,G10,G11,G12) -> 23.8 | H7: =CHOOSE(DCF!$D$4,H8,H9,H10,H11,H12) -> 23.8 | I7: =CHOOSE(DCF!$D$4,I8,I9,I10,I11,I12) -> 23.8 | J7: =CHOOSE(DCF!$D$4,J8,J9,J10,J11,J12) -> 23.8 | K7: =CHOOSE(DCF!$D$4,K8,K9,K10,K11,K12) -> 23.8 | L7: =CHOOSE(DCF!$D$4,L8,L9,L10,L11,L12) -> 23.8 | M7: =CHOOSE(DCF!$D$4,M8,M9,M10,M11,M12) -> 23.8 | ... O7: =CHOOSE(DCF!$D$4,O8,O9,O10,O11,O12) -> 23.8 | P7: Planet Fitness, Inc. (2025). Form 10-K for FY 2024: Accounts receivable, pp. 65–69. SEC EDGAR; PitchBook Data, Inc. (2026). PLNT DSO: FY22=18.0d, FY23=14.3d, FY24=23.8d.
B8: Base | E8: 1 | F8: 23.8 | G8: 23.8 | H8: 23.8 | I8: 23.8 | J8: 23.8 | K8: =+J8 -> 23.8 | L8: =+K8 -> 23.8 | M8: =+L8 -> 23.8 | N8: =+M8 -> 23.8 | O8: =+N8 -> 23.8 | P8: Base: in line with historical averages Upside: assumes increased efficiency and shift towards digital payments; Management: management has a stated goal of optimizing the "new Growth Model", which supports franchise liquidity Downsides (1 & 2): are stress tests, assuming economic headwinds and franchise distress
B9: Upside | E9: 2 | F9: 23.8 | G9: 22.5 | H9: 22 | I9: 21 | J9: =I9 -> 21 | K9: =+J9 -> 21 | L9: =+K9 -> 21 | M9: =+L9 -> 21 | N9: =+M9 -> 21 | O9: =+N9 -> 21
B10: Management | E10: 3 | F10: 23.8 | G10: 23.3 | H10: 22.8 | I10: 22.5 | J10: 22.5 | K10: =+J10 -> 22.5 | L10: =+K10 -> 22.5 | M10: =+L10 -> 22.5 | N10: =+M10 -> 22.5 | O10: =+N10 -> 22.5
B11: Downside 1 | E11: 4 | F11: 23.8 | G11: 24.5 | H11: 25 | I11: 25.5 | J11: 26 | K11: =+J11 -> 26 | L11: =+K11 -> 26 | M11: =+L11 -> 26 | N11: =+M11 -> 26 | O11: =+N11 -> 26
B12: Downside 2 | E12: 5 | F12: 23.8 | G12: 25 | H12: 27 | I12: 28 | J12: 30 | K12: =+J12 -> 30 | L12: =+K12 -> 30 | M12: =+L12 -> 30 | N12: =+M12 -> 30 | O12: =+N12 -> 30
B14: Days Inventory Held (DIH) | F14: =CHOOSE(DCF!$D$4,F15,F16,F17,F18,F19) -> 4 | G14: =CHOOSE(DCF!$D$4,G15,G16,G17,G18,G19) -> 4 | H14: =CHOOSE(DCF!$D$4,H15,H16,H17,H18,H19) -> 4 | I14: =CHOOSE(DCF!$D$4,I15,I16,I17,I18,I19) -> 4 | J14: =CHOOSE(DCF!$D$4,J15,J16,J17,J18,J19) -> 4 | K14: =CHOOSE(DCF!$D$4,K15,K16,K17,K18,K19) -> 4 | L14: =CHOOSE(DCF!$D$4,L15,L16,L17,L18,L19) -> 4 | M14: =CHOOSE(DCF!$D$4,M15,M16,M17,M18,M19) -> 4 | ... O14: =CHOOSE(DCF!$D$4,O15,O16,O17,O18,O19) -> 4 | P14: Planet Fitness, Inc. (2025). Form 10-K for FY 2024: Inventories, p. 69-70. SEC EDGAR; PitchBook Data, Inc. (2026). PLNT DIH: FY22=4.2d, FY23=3.3d, FY24=4.0d.
B15: Base | E15: 1 | F15: 4 | G15: 4 | H15: 4 | I15: 4 | J15: 4 | K15: =+J15 -> 4 | L15: =+K15 -> 4 | M15: =+L15 -> 4 | N15: =+M15 -> 4 | O15: =+N15 -> 4 | P15: Base: In line with historical averages Upside: assumes increase in inventory efficiency and 'just in time' delivery for equipments Management: before 2024, this number used to be 3.5. Management assumes they can improve operational efficiency back to this level Downsides (1 & 2): assumes need for extra inventory and replacement parts and a worst case where opening schedules get delayed and equipment sits longer in inventory
B16: Upside | E16: 2 | F16: 4 | G16: 3.5 | H16: 3.3 | I16: 3 | J16: =I16 -> 3 | K16: =+J16 -> 3 | L16: =+K16 -> 3 | M16: =+L16 -> 3 | N16: =+M16 -> 3 | O16: =+N16 -> 3
B17: Management | E17: 3 | F17: 4 | G17: 3.8 | H17: 3.5 | I17: =H17 -> 3.5 | J17: =I17 -> 3.5 | K17: =+J17 -> 3.5 | L17: =+K17 -> 3.5 | M17: =+L17 -> 3.5 | N17: =+M17 -> 3.5 | O17: =+N17 -> 3.5
B18: Downside 1 | E18: 4 | F18: 4 | G18: 4.5 | H18: 5 | I18: 5.5 | J18: 6 | K18: =+J18 -> 6 | L18: =+K18 -> 6 | M18: =+L18 -> 6 | N18: =+M18 -> 6 | O18: =+N18 -> 6
B19: Downside 2 | E19: 5 | F19: 4 | G19: 5 | H19: 6.5 | I19: 7.5 | J19: 8.5 | K19: =+J19 -> 8.5 | L19: =+K19 -> 8.5 | M19: =+L19 -> 8.5 | N19: =+M19 -> 8.5 | O19: =+N19 -> 8.5
B21: Prepaid and Other Current Assets (% of sales) | F21: =CHOOSE(DCF!$D$4,F22,F23,F24,F25,F26) -> 0.0182 | G21: =CHOOSE(DCF!$D$4,G22,G23,G24,G25,G26) -> 0.0182 | H21: =CHOOSE(DCF!$D$4,H22,H23,H24,H25,H26) -> 0.0182 | I21: =CHOOSE(DCF!$D$4,I22,I23,I24,I25,I26) -> 0.0182 | J21: =CHOOSE(DCF!$D$4,J22,J23,J24,J25,J26) -> 0.0182 | K21: =CHOOSE(DCF!$D$4,K22,K23,K24,K25,K26) -> 0.0182 | L21: =CHOOSE(DCF!$D$4,L22,L23,L24,L25,L26) -> 0.0182 | M21: =CHOOSE(DCF!$D$4,M22,M23,M24,M25,M26) -> 0.0182 | ... O21: =CHOOSE(DCF!$D$4,O22,O23,O24,O25,O26) -> 0.0182 | P21: Planet Fitness, Inc. (2025). Form 10-K for FY 2024: Prepaid expenses and other current assets, p. 65-69. SEC EDGAR.
B22: Base | E22: 1 | F22: 0.0182 | G22: 0.0182 | H22: 0.0182 | I22: 0.0182 | J22: 0.0182 | K22: =+J22 -> 0.0182 | L22: =+K22 -> 0.0182 | M22: =+L22 -> 0.0182 | N22: =+M22 -> 0.0182 | O22: =+N22 -> 0.0182 | P22: Base: In line with historical averages Upside: PLNT becomes more dominant and increases its leverage power over suupliers, which, for them, consists mostly of rent paid upfront, insurance premiums and marketing deposits. Management: optimizes "club format" which, according to mgmt consists in streamlining fixed upfront costs as they expand internationally Downsides (1 & 2): assumes inflationary pression and inefficient expansion (either too agressive or into more saturated markets)
B23: Upside | E23: 2 | F23: 0.0182 | G23: 0.017 | H23: 0.016 | I23: =H23 -> 0.016 | J23: =I23 -> 0.016 | K23: =+J23 -> 0.016 | L23: =+K23 -> 0.016 | M23: =+L23 -> 0.016 | N23: =+M23 -> 0.016 | O23: =+N23 -> 0.016
A24: 0.0182 | B24: Management | E24: 3 | F24: 0.0182 | G24: 0.0175 | H24: 0.017 | I24: =H24 -> 0.017 | J24: =I24 -> 0.017 | K24: =+J24 -> 0.017 | L24: =+K24 -> 0.017 | M24: =+L24 -> 0.017 | N24: =+M24 -> 0.017 | O24: =+N24 -> 0.017
B25: Downside 1 | E25: 4 | F25: 0.0182 | G25: 0.0182 | H25: 0.0182 | I25: 0.0182 | J25: 0.0205 | K25: =+J25 -> 0.0205 | L25: =+K25 -> 0.0205 | M25: =+L25 -> 0.0205 | N25: =+M25 -> 0.0205 | O25: =+N25 -> 0.0205
B26: Downside 2 | E26: 5 | F26: 0.0182 | G26: 0.0182 | H26: 0.0182 | I26: 0.0182 | J26: 0.023 | K26: =+J26 -> 0.023 | L26: =+K26 -> 0.023 | M26: =+L26 -> 0.023 | N26: =+M26 -> 0.023 | O26: =+N26 -> 0.023
B28: Current Liabilities
B29: Days Payable Outstanding (DPO) | F29: =CHOOSE(DCF!$D$4,F30,F31,F32,F33,F34) -> 21.2 | G29: =CHOOSE(DCF!$D$4,G30,G31,G32,G33,G34) -> 21.2 | H29: =CHOOSE(DCF!$D$4,H30,H31,H32,H33,H34) -> 21.2 | I29: =CHOOSE(DCF!$D$4,I30,I31,I32,I33,I34) -> 21.2 | J29: =CHOOSE(DCF!$D$4,J30,J31,J32,J33,J34) -> 21.2 | K29: =CHOOSE(DCF!$D$4,K30,K31,K32,K33,K34) -> 21.2 | L29: =CHOOSE(DCF!$D$4,L30,L31,L32,L33,L34) -> 21.2 | M29: =CHOOSE(DCF!$D$4,M30,M31,M32,M33,M34) -> 21.2 | ... O29: =CHOOSE(DCF!$D$4,O30,O31,O32,O33,O34) -> 21.2 | P29: Planet Fitness, Inc. (2025). Form 10-K for FY 2024: Accounts payable, p. 65-70. SEC EDGAR; PitchBook Data, Inc. (2026). PLNT DPO: FY22=16.2d, FY23=16.9d, FY24=21.2d.
B30: Base | E30: 1 | F30: 21.2 | G30: 21.2 | H30: 21.2 | I30: 21.2 | J30: 21.2 | K30: =+J30 -> 21.2 | L30: =+K30 -> 21.2 | M30: =+L30 -> 21.2 | N30: =+M30 -> 21.2 | O30: =+N30 -> 21.2 | P30: Base: In line with historical averages Upside: Increase in bargaining power as PLNT reaches 3,000+ clubs Management: increased vendor management, in line with CFO Jay Staz's 2025 format optimization goal, which includes streamlining supply chain Downsides (1 & 2): assumes supply chain tightening, lost of suppliers and credit contraction and increased interest rates
B31: Upside | E31: 2 | F31: 21.2 | G31: 22 | H31: 23 | I31: 23.5 | J31: 24 | K31: =+J31 -> 24 | L31: =+K31 -> 24 | M31: =+L31 -> 24 | N31: =+M31 -> 24 | O31: =+N31 -> 24
B32: Management | E32: 3 | F32: 21.2 | G32: 22 | H32: 22.5 | I32: 23 | J32: 23 | K32: =+J32 -> 23 | L32: =+K32 -> 23 | M32: =+L32 -> 23 | N32: =+M32 -> 23 | O32: =+N32 -> 23
B33: Downside 1 | E33: 4 | F33: 21.2 | G33: 21 | H33: 20.5 | I33: 20 | J33: 19 | K33: =+J33 -> 19 | L33: =+K33 -> 19 | M33: =+L33 -> 19 | N33: =+M33 -> 19 | O33: =+N33 -> 19
B34: Downside 2 | E34: 5 | F34: 21.2 | G34: 20 | H34: 19 | I34: 18 | J34: 17 | K34: =+J34 -> 17 | L34: =+K34 -> 17 | M34: =+L34 -> 17 | N34: =+M34 -> 17 | O34: =+N34 -> 17
B36: Accrued Liabilities (% of sales) | F36: =CHOOSE(DCF!$D$4,F37,F38,F39,F40,F41) -> 0.0575 | G36: =CHOOSE(DCF!$D$4,G37,G38,G39,G40,G41) -> 0.0575 | H36: =CHOOSE(DCF!$D$4,H37,H38,H39,H40,H41) -> 0.0575 | I36: =CHOOSE(DCF!$D$4,I37,I38,I39,I40,I41) -> 0.0575 | J36: =CHOOSE(DCF!$D$4,J37,J38,J39,J40,J41) -> 0.0575 | K36: =CHOOSE(DCF!$D$4,K37,K38,K39,K40,K41) -> 0.0575 | L36: =CHOOSE(DCF!$D$4,L37,L38,L39,L40,L41) -> 0.0575 | M36: =CHOOSE(DCF!$D$4,M37,M38,M39,M40,M41) -> 0.0575 | ... O36: =CHOOSE(DCF!$D$4,O37,O38,O39,O40,O41) -> 0.0575 | P36: Planet Fitness, Inc. (2025). Form 10-K for FY 2024: Accrued expenses, p. 70. SEC EDGAR.
B37: Base | E37: 1 | F37: 0.0575 | G37: 0.0575 | H37: 0.0575 | I37: 0.0575 | J37: 0.0575 | K37: =+J37 -> 0.0575 | L37: =+K37 -> 0.0575 | M37: =+L37 -> 0.0575 | N37: =+M37 -> 0.0575 | O37: =+N37 -> 0.0575 | P37: Base: In line with historical averages Upside: as the company grows, it carries higher acrrued payroll and marketing fees, which are sources of internal financing Management: reflecting accruals for legal, tax and employment obligations Downsides (1 & 2): assumes more efficient settlement of employee bonuses and utilities and reduced leverage with vendors to maintain trust
B38: Upside | E38: 2 | F38: 0.0575 | G38: 0.058 | H38: 0.06 | I38: 0.0625 | J38: 0.0625 | K38: =+J38 -> 0.0625 | L38: =+K38 -> 0.0625 | M38: =+L38 -> 0.0625 | N38: =+M38 -> 0.0625 | O38: =+N38 -> 0.0625
B39: Management | E39: 3 | F39: 0.0575 | G39: 0.0575 | H39: 0.06 | I39: =H39 -> 0.06 | J39: 0.06 | K39: =+J39 -> 0.06 | L39: =+K39 -> 0.06 | M39: =+L39 -> 0.06 | N39: =+M39 -> 0.06 | O39: =+N39 -> 0.06
B40: Downside 1 | E40: 4 | F40: 0.0575 | G40: 0.055 | H40: 0.055 | I40: 0.0525 | J40: 0.0525 | K40: =+J40 -> 0.0525 | L40: =+K40 -> 0.0525 | M40: =+L40 -> 0.0525 | N40: =+M40 -> 0.0525 | O40: =+N40 -> 0.0525
B41: Downside 2 | E41: 5 | F41: 0.0575 | G41: 0.0525 | H41: 0.05 | I41: 0.0475 | J41: 0.0475 | K41: =+J41 -> 0.0475 | L41: =+K41 -> 0.0475 | M41: =+L41 -> 0.0475 | N41: =+M41 -> 0.0475 | O41: =+N41 -> 0.0475
B43: Other Current Liabilities (% of sales) | F43: =CHOOSE(DCF!$D$4,F44,F45,F46,F47,F48) -> 0.0352 | G43: =CHOOSE(DCF!$D$4,G44,G45,G46,G47,G48) -> 0.0352 | H43: =CHOOSE(DCF!$D$4,H44,H45,H46,H47,H48) -> 0.0352 | I43: =CHOOSE(DCF!$D$4,I44,I45,I46,I47,I48) -> 0.0352 | J43: =CHOOSE(DCF!$D$4,J44,J45,J46,J47,J48) -> 0.0352 | K43: =CHOOSE(DCF!$D$4,K44,K45,K46,K47,K48) -> 0.0352 | L43: =CHOOSE(DCF!$D$4,L44,L45,L46,L47,L48) -> 0.0352 | M43: =CHOOSE(DCF!$D$4,M44,M45,M46,M47,M48) -> 0.0352 | ... O43: =CHOOSE(DCF!$D$4,O44,O45,O46,O47,O48) -> 0.0352 | P43: Planet Fitness, Inc. (2025). Form 10-K for FY 2024: Other current liabilities, p. 71. SEC EDGAR.
B44: Base | E44: 1 | F44: 0.0352 | G44: 0.0352 | H44: 0.0352 | I44: 0.0352 | J44: 0.0352 | K44: =+J44 -> 0.0352 | L44: =+K44 -> 0.0352 | M44: =+L44 -> 0.0352 | N44: =+M44 -> 0.0352 | O44: =+N44 -> 0.0352 | P44: Base: In line with historical averages Upside: deferred revenue growth through Black Card Membership and upfront annual fees Management: reflects management expectation for higher mobile app adoption and pre payments Downsides (1 & 2): fewer new members or lower percentage of prepayments. For downside 2, add churn pressure
B45: Upside | E45: 2 | F45: 0.0352 | G45: 0.036 | H45: 0.0375 | I45: 0.039 | J45: 0.04 | K45: =+J45 -> 0.04 | L45: =+K45 -> 0.04 | M45: =+L45 -> 0.04 | N45: =+M45 -> 0.04 | O45: =+N45 -> 0.04
B46: Management | E46: 3 | F46: 0.0352 | G46: 0.036 | H46: 0.037 | I46: 0.0375 | J46: 0.038 | K46: =+J46 -> 0.038 | L46: =+K46 -> 0.038 | M46: =+L46 -> 0.038 | N46: =+M46 -> 0.038 | O46: =+N46 -> 0.038
B47: Downside 1 | E47: 4 | F47: 0.0352 | G47: 0.034 | H47: 0.033 | I47: 0.031 | J47: 0.03 | K47: =+J47 -> 0.03 | L47: =+K47 -> 0.03 | M47: =+L47 -> 0.03 | N47: =+M47 -> 0.03 | O47: =+N47 -> 0.03
B48: Downside 2 | E48: 5 | F48: 0.0352 | G48: 0.03 | H48: 0.028 | I48: 0.027 | J48: 0.025 | K48: =+J48 -> 0.025 | L48: =+K48 -> 0.025 | M48: =+L48 -> 0.025 | N48: =+M48 -> 0.025 | O48: =+N48 -> 0.025

Sheet IS
C3: Income Statement (Fiscal Year)
C4: Downloaded On: 12-Feb-2026 | D4: Summary Stats
C5: Company: Planet Fitness (NYS: PLNT) | D5: Median | E5: Mean | F5: Min | G5: Max | H5: 25th pctile | I5: 75th pctile | J5: Std. Dev | K5: Coefficient of Variation | M5: FY 2024 | N5: FY 2023 | O5: FY 2022 | P5: FY 2021 | Q5: FY 2020 | R5: FY 2019 | S5: FY 2018 | T5: FY 2017 | U5: FY 2016 | V5: FY 2015 | W5: FY 2014 | X5: FY 2013 | Y5: FY 2012 | Z5: FY 2011 | AA5: FY 2010 | AB5: FY 2009 | AC5: FY 2008 | AD5: FY 2007 | AE5: FY 2006 | AF5: FY 2005 | AG5: FY 2004
C7: Amounts in Thousands, USD (except Ratios, Multiples & per share items)
M9: Filed: 25-Feb-2025 | N9: Filed: 25-Feb-2025 | O9: Filed: 25-Feb-2025 | P9: Filed: 29-Feb-2024 | Q9: Filed: 01-Mar-2023 | R9: Filed: 01-Mar-2022 | S9: Filed: 01-Mar-2021 | T9: Filed: 28-Feb-2020 | U9: Filed: 01-Mar-2019 | V9: Filed: 01-Mar-2018 | W9: Filed: 06-Mar-2017 | X9: Filed: 04-Mar-2016 | Y9: Filing not available | Z9: Filing not available | AA9: Filing not available | AB9: Filing not available | AC9: Filing not available | AD9: Filing not available | AE9: Filing not available | AF9: Filing not available | AG9: Filing not available
M10: View 10-K | N10: View 10-K | O10: View 10-K | P10: View 10-K | Q10: View 10-K | R10: View 10-K | S10: View 10-K | T10: View 10-K | U10: View 10-K | V10: View 10-K | W10: View 10-K | X10: View 10-K
C11: Gross Profit | D11: =IF(COUNT(L11:AG11)>0,MEDIAN(L11:AG11),"") | E11: =IF(COUNT(L11:AG11)>0,AVERAGE(L11:AG11),"") | F11: =IF(COUNT(L11:AG11)>0,MIN(L11:AG11),"") | G11: =IF(COUNT(L11:AG11)>0,MAX(L11:AG11),"") | H11: =IF(COUNT(L11:AG11)>0,QUARTILE(L11:AG11,1),"") | I11: =IF(COUNT(L11:AG11)>0,QUARTILE(L11:AG11,3),"") | J11: =IF(COUNT(L11:AG11)>1,STDEV(L11:AG11),"") | K11: =IF(COUNT(L11:AG11)>1,STDEV(L11:AG11)/AVERAGE(L11:AG11),"")
C12: Revenue | D12: =IF(COUNT(L12:AG12)>0,MEDIAN(L12:AG12),"") | E12: =IF(COUNT(L12:AG12)>0,AVERAGE(L12:AG12),"") | F12: =IF(COUNT(L12:AG12)>0,MIN(L12:AG12),"") | G12: =IF(COUNT(L12:AG12)>0,MAX(L12:AG12),"") | H12: =IF(COUNT(L12:AG12)>0,QUARTILE(L12:AG12,1),"") | I12: =IF(COUNT(L12:AG12)>0,QUARTILE(L12:AG12,3),"") | J12: =IF(COUNT(L12:AG12)>1,STDEV(L12:AG12),"") | K12: =IF(COUNT(L12:AG12)>1,STDEV(L12:AG12)/AVERAGE(L12:AG12),"")
C13: Business Revenue | D13: =IF(COUNT(L13:AG13)>0,MEDIAN(L13:AG13),"") -> 501420 | E13: =IF(COUNT(L13:AG13)>0,AVERAGE(L13:AG13),"") -> 589550 | F13: =IF(COUNT(L13:AG13)>0,MIN(L13:AG13),"") -> 211009 | G13: =IF(COUNT(L13:AG13)>0,MAX(L13:AG13),"") -> 1181654 | H13: =IF(COUNT(L13:AG13)>0,QUARTILE(L13:AG13,1),"") -> 366315 | I13: =IF(COUNT(L13:AG13)>0,QUARTILE(L13:AG13,3),"") -> 750795.25 | J13: =IF(COUNT(L13:AG13)>1,STDEV(L13:AG13),"") -> 319562.75 | K13: =IF(COUNT(L13:AG13)>1,STDEV(L13:AG13)/AVERAGE(L13:AG13),"") -> 0.54204521 | M13: 1181654 | N13: 1071326 | O13: 936772 | P13: 587023 | Q13: 406618 | R13: 688803 | S13: 572898 | T13: 429942 | U13: 378241 | V13: 330537 | W13: 279777 | X13: 211009
C14: Total Revenue | D14: =IF(COUNT(L14:AG14)>0,MEDIAN(L14:AG14),"") -> 279777 | E14: =IF(COUNT(L14:AG14)>0,AVERAGE(L14:AG14),"") -> 373057 | F14: =IF(COUNT(L14:AG14)>0,MIN(L14:AG14),"") -> 8482.1282 | G14: =IF(COUNT(L14:AG14)>0,MAX(L14:AG14),"") -> 1181654 | H14: =IF(COUNT(L14:AG14)>0,QUARTILE(L14:AG14,1),"") -> 92344.002 | I14: =IF(COUNT(L14:AG14)>0,QUARTILE(L14:AG14,3),"") -> 572898 | J14: =IF(COUNT(L14:AG14)>1,STDEV(L14:AG14),"") -> 351528.09 | K14: =IF(COUNT(L14:AG14)>1,STDEV(L14:AG14)/AVERAGE(L14:AG14),"") -> 0.94229057 | M14: 1181654 | N14: 1071326 | O14: 936772 | P14: 587023 | Q14: 406618 | R14: 688803 | S14: 572898 | T14: 429942 | U14: 378241 | V14: 330537 | W14: 279777 | X14: 211009 | Y14: 157279 | Z14: 136399.98 | AA14: 92344.002 | AB14: 71865.002 | AC14: 197875.14 | AD14: 49726.626 | AE14: 30360.422 | AF14: 15264.654 | AG14: 8482.1282
C15: Cost of Revenue | D15: =IF(COUNT(L15:AG15)>0,MEDIAN(L15:AG15),"") | E15: =IF(COUNT(L15:AG15)>0,AVERAGE(L15:AG15),"") | F15: =IF(COUNT(L15:AG15)>0,MIN(L15:AG15),"") | G15: =IF(COUNT(L15:AG15)>0,MAX(L15:AG15),"") | H15: =IF(COUNT(L15:AG15)>0,QUARTILE(L15:AG15,1),"") | I15: =IF(COUNT(L15:AG15)>0,QUARTILE(L15:AG15,3),"") | J15: =IF(COUNT(L15:AG15)>1,STDEV(L15:AG15),"") | K15: =IF(COUNT(L15:AG15)>1,STDEV(L15:AG15)/AVERAGE(L15:AG15),"")
C16: Cost of Goods and Services | D16: =IF(COUNT(L16:AG16)>0,MEDIAN(L16:AG16),"") -> 126942.5 | E16: =IF(COUNT(L16:AG16)>0,AVERAGE(L16:AG16),"") -> 151774.5 | F16: =IF(COUNT(L16:AG16)>0,MIN(L16:AG16),"") -> 41692 | G16: =IF(COUNT(L16:AG16)>0,MAX(L16:AG16),"") -> 369516 | H16: =IF(COUNT(L16:AG16)>0,QUARTILE(L16:AG16,1),"") -> 59462 | I16: =IF(COUNT(L16:AG16)>0,QUARTILE(L16:AG16,3),"") -> 199003 | J16: =IF(COUNT(L16:AG16)>1,STDEV(L16:AG16),"") -> 114731.28 | K16: =IF(COUNT(L16:AG16)>1,STDEV(L16:AG16)/AVERAGE(L16:AG16),"") -> 0.75593251 | M16: 369516 | N16: 323714 | O16: 285538 | P16: 170158 | Q16: 149052 | R16: 136261 | S16: 117624 | T16: 60657 | U16: 60121 | V16: 57485 | W16: 49476 | X16: 41692
C17: Other Cost of Revenue | D17: =IF(COUNT(L17:AG17)>0,MEDIAN(L17:AG17),"") -> 125791.5 | E17: =IF(COUNT(L17:AG17)>0,AVERAGE(L17:AG17),"") -> 136677.08 | F17: =IF(COUNT(L17:AG17)>0,MIN(L17:AG17),"") -> 70955 | G17: =IF(COUNT(L17:AG17)>0,MAX(L17:AG17),"") -> 197122 | H17: =IF(COUNT(L17:AG17)>0,QUARTILE(L17:AG17,1),"") -> 100821.25 | I17: =IF(COUNT(L17:AG17)>0,QUARTILE(L17:AG17,3),"") -> 180406.5 | J17: =IF(COUNT(L17:AG17)>1,STDEV(L17:AG17),"") -> 45655.649 | K17: =IF(COUNT(L17:AG17)>1,STDEV(L17:AG17)/AVERAGE(L17:AG17),"") -> 0.33404026 | M17: 197122 | N17: 190026 | O17: 177200 | P17: 100993 | Q17: 70955 | R17: 194449 | S17: 162646 | T17: 129266 | U17: 122317 | V17: 113492 | W17: 100306 | X17: 81353
C18: Total Cost of Revenue | D18: =IF(COUNT(L18:AG18)>0,MEDIAN(L18:AG18),"") -> 245579 | E18: =IF(COUNT(L18:AG18)>0,AVERAGE(L18:AG18),"") -> 288451.58 | F18: =IF(COUNT(L18:AG18)>0,MIN(L18:AG18),"") -> 123045 | G18: =IF(COUNT(L18:AG18)>0,MAX(L18:AG18),"") -> 566638 | H18: =IF(COUNT(L18:AG18)>0,QUARTILE(L18:AG18,1),"") -> 179572.75 | I18: =IF(COUNT(L18:AG18)>0,QUARTILE(L18:AG18,3),"") -> 363717 | J18: =IF(COUNT(L18:AG18)>1,STDEV(L18:AG18),"") -> 149754.53 | K18: =IF(COUNT(L18:AG18)>1,STDEV(L18:AG18)/AVERAGE(L18:AG18),"") -> 0.51916696 | M18: 566638 | N18: 513740 | O18: 462738 | P18: 271151 | Q18: 220007 | R18: 330710 | S18: 280270 | T18: 189923 | U18: 182438 | V18: 170977 | W18: 149782 | X18: 123045
C19: Total Gross Profit | D19: =IF(COUNT(L19:AG19)>0,MEDIAN(L19:AG19),"") -> 266323.5 | E19: =IF(COUNT(L19:AG19)>0,AVERAGE(L19:AG19),"") -> 301098.42 | F19: =IF(COUNT(L19:AG19)>0,MIN(L19:AG19),"") -> 87964 | G19: =IF(COUNT(L19:AG19)>0,MAX(L19:AG19),"") -> 615016 | H19: =IF(COUNT(L19:AG19)>0,QUARTILE(L19:AG19,1),"") -> 179848.25 | I19: =IF(COUNT(L19:AG19)>0,QUARTILE(L19:AG19,3),"") -> 387078.25 | J19: =IF(COUNT(L19:AG19)>1,STDEV(L19:AG19),"") -> 170676.78 | K19: =IF(COUNT(L19:AG19)>1,STDEV(L19:AG19)/AVERAGE(L19:AG19),"") -> 0.56684716 | M19: 615016 | N19: 557586 | O19: 474034 | P19: 315872 | Q19: 186611 | R19: 358093 | S19: 292628 | T19: 240019 | U19: 195803 | V19: 159560 | W19: 129995 | X19: 87964
C20: Operating (Income)/Expenses | D20: =IF(COUNT(L20:AG20)>0,MEDIAN(L20:AG20),"") | E20: =IF(COUNT(L20:AG20)>0,AVERAGE(L20:AG20),"") | F20: =IF(COUNT(L20:AG20)>0,MIN(L20:AG20),"") | G20: =IF(COUNT(L20:AG20)>0,MAX(L20:AG20),"") | H20: =IF(COUNT(L20:AG20)>0,QUARTILE(L20:AG20,1),"") | I20: =IF(COUNT(L20:AG20)>0,QUARTILE(L20:AG20,3),"") | J20: =IF(COUNT(L20:AG20)>1,STDEV(L20:AG20),"") | K20: =IF(COUNT(L20:AG20)>1,STDEV(L20:AG20)/AVERAGE(L20:AG20),"")
C21: Selling, General and Administrative Expenses | D21: =IF(COUNT(L21:AG21)>0,MEDIAN(L21:AG21),"") -> 70515.5 | E21: =IF(COUNT(L21:AG21)>0,AVERAGE(L21:AG21),"") -> 75625.583 | F21: =IF(COUNT(L21:AG21)>0,MIN(L21:AG21),"") -> 23118 | G21: =IF(COUNT(L21:AG21)>0,MAX(L21:AG21),"") -> 129146 | H21: =IF(COUNT(L21:AG21)>0,QUARTILE(L21:AG21,1),"") -> 54181.75 | I21: =IF(COUNT(L21:AG21)>0,QUARTILE(L21:AG21,3),"") -> 99618.25 | J21: =IF(COUNT(L21:AG21)>1,STDEV(L21:AG21),"") -> 34312.169 | K21: =IF(COUNT(L21:AG21)>1,STDEV(L21:AG21)/AVERAGE(L21:AG21),"") -> 0.45371114 | M21: 129146 | N21: 124930 | O21: 114853 | P21: 94540 | Q21: 68585 | R21: 78818 | S21: 72446 | T21: 60369 | U21: 50008 | V21: 55573 | W21: 35121 | X21: 23118
C22: Depreciation, Amortization and Depletion | D22: =IF(COUNT(L22:AG22)>0,MEDIAN(L22:AG22),"") | E22: =IF(COUNT(L22:AG22)>0,AVERAGE(L22:AG22),"") | F22: =IF(COUNT(L22:AG22)>0,MIN(L22:AG22),"") | G22: =IF(COUNT(L22:AG22)>0,MAX(L22:AG22),"") | H22: =IF(COUNT(L22:AG22)>0,QUARTILE(L22:AG22,1),"") | I22: =IF(COUNT(L22:AG22)>0,QUARTILE(L22:AG22,3),"") | J22: =IF(COUNT(L22:AG22)>1,STDEV(L22:AG22),"") | K22: =IF(COUNT(L22:AG22)>1,STDEV(L22:AG22)/AVERAGE(L22:AG22),"")
C23: Depreciation and Amortization | D23: =IF(COUNT(L23:AG23)>0,MEDIAN(L23:AG23),"") -> 39803 | E23: =IF(COUNT(L23:AG23)>0,AVERAGE(L23:AG23),"") -> 65549.083 | F23: =IF(COUNT(L23:AG23)>0,MIN(L23:AG23),"") -> 28808 | G23: =IF(COUNT(L23:AG23)>0,MAX(L23:AG23),"") -> 160346 | H23: =IF(COUNT(L23:AG23)>0,QUARTILE(L23:AG23,1),"") -> 32058.75 | I23: =IF(COUNT(L23:AG23)>0,QUARTILE(L23:AG23,3),"") -> 78105.5 | J23: =IF(COUNT(L23:AG23)>1,STDEV(L23:AG23),"") -> 49377.054 | K23: =IF(COUNT(L23:AG23)>1,STDEV(L23:AG23)/AVERAGE(L23:AG23),"") -> 0.75328366 | M23: 160346 | N23: 149413 | O23: 124022 | P23: 62800 | Q23: 53832 | R23: 44346 | S23: 35260 | T23: 31761 | U23: 31502 | V23: 32158 | W23: 32341 | X23: 28808
C24: Total Depreciation, Amortization and Depletion | D24: =IF(COUNT(L24:AG24)>0,MEDIAN(L24:AG24),"") -> 39803 | E24: =IF(COUNT(L24:AG24)>0,AVERAGE(L24:AG24),"") -> 65549.083 | F24: =IF(COUNT(L24:AG24)>0,MIN(L24:AG24),"") -> 28808 | G24: =IF(COUNT(L24:AG24)>0,MAX(L24:AG24),"") -> 160346 | H24: =IF(COUNT(L24:AG24)>0,QUARTILE(L24:AG24,1),"") -> 32058.75 | I24: =IF(COUNT(L24:AG24)>0,QUARTILE(L24:AG24,3),"") -> 78105.5 | J24: =IF(COUNT(L24:AG24)>1,STDEV(L24:AG24),"") -> 49377.054 | K24: =IF(COUNT(L24:AG24)>1,STDEV(L24:AG24)/AVERAGE(L24:AG24),"") -> 0.75328366 | M24: 160346 | N24: 149413 | O24: 124022 | P24: 62800 | Q24: 53832 | R24: 44346 | S24: 35260 | T24: 31761 | U24: 31502 | V24: 32158 | W24: 32341 | X24: 28808
C25: Other (Income)/Expense, Operating | D25: =IF(COUNT(L25:AG25)>0,MEDIAN(L25:AG25),"") | E25: =IF(COUNT(L25:AG25)>0,AVERAGE(L25:AG25),"") | F25: =IF(COUNT(L25:AG25)>0,MIN(L25:AG25),"") | G25: =IF(COUNT(L25:AG25)>0,MAX(L25:AG25),"") | H25: =IF(COUNT(L25:AG25)>0,QUARTILE(L25:AG25,1),"") | I25: =IF(COUNT(L25:AG25)>0,QUARTILE(L25:AG25,3),"") | J25: =IF(COUNT(L25:AG25)>1,STDEV(L25:AG25),"") | K25: =IF(COUNT(L25:AG25)>1,STDEV(L25:AG25)/AVERAGE(L25:AG25),"")
C26: Other Expenses, Operating | D26: =IF(COUNT(L26:AG26)>0,MEDIAN(L26:AG26),"") -> 3140 | E26: =IF(COUNT(L26:AG26)>0,AVERAGE(L26:AG26),"") -> 4929.25 | F26: =IF(COUNT(L26:AG26)>0,MIN(L26:AG26),"") -> 353 | G26: =IF(COUNT(L26:AG26)>0,MAX(L26:AG26),"") -> 15137 | H26: =IF(COUNT(L26:AG26)>0,QUARTILE(L26:AG26,1),"") -> 1214 | I26: =IF(COUNT(L26:AG26)>0,QUARTILE(L26:AG26,3),"") -> 6405.5 | J26: =IF(COUNT(L26:AG26)>1,STDEV(L26:AG26),"") -> 5264.582 | K26: =IF(COUNT(L26:AG26)>1,STDEV(L26:AG26)/AVERAGE(L26:AG26),"") -> 1.068029 | M26: 1326 | N26: 10379 | O26: 5081 | P26: 15137 | Q26: 4434 | R26: 1846 | S26: 878 | T26: 353
C27: Total Other (Income)/Expense, Operating | D27: =IF(COUNT(L27:AG27)>0,MEDIAN(L27:AG27),"") -> 1160 | E27: =IF(COUNT(L27:AG27)>0,AVERAGE(L27:AG27),"") -> 3232.1667 | F27: =IF(COUNT(L27:AG27)>0,MIN(L27:AG27),"") -> -1369 | G27: =IF(COUNT(L27:AG27)>0,MAX(L27:AG27),"") -> 15137 | H27: =IF(COUNT(L27:AG27)>0,QUARTILE(L27:AG27,1),"") -> 264.75 | I27: =IF(COUNT(L27:AG27)>0,QUARTILE(L27:AG27,3),"") -> 4595.75 | J27: =IF(COUNT(L27:AG27)>1,STDEV(L27:AG27),"") -> 4917.1751 | K27: =IF(COUNT(L27:AG27)>1,STDEV(L27:AG27)/AVERAGE(L27:AG27),"") -> 1.5213247 | M27: 1326 | N27: 10379 | O27: 5081 | P27: 15137 | Q27: 4434 | R27: 1846 | S27: 878 | T27: 353 | U27: -1369 | V27: -273 | W27: 994 | X27: 0
C28: Total Operating (Income)/Expenses | D28: =IF(COUNT(L28:AG28)>0,MEDIAN(L28:AG28),"") -> 116797 | E28: =IF(COUNT(L28:AG28)>0,AVERAGE(L28:AG28),"") -> 144406.83 | F28: =IF(COUNT(L28:AG28)>0,MIN(L28:AG28),"") -> 51926 | G28: =IF(COUNT(L28:AG28)>0,MAX(L28:AG28),"") -> 290818 | H28: =IF(COUNT(L28:AG28)>0,QUARTILE(L28:AG28,1),"") -> 85628.75 | I28: =IF(COUNT(L28:AG28)>0,QUARTILE(L28:AG28,3),"") -> 190346.75 | J28: =IF(COUNT(L28:AG28)>1,STDEV(L28:AG28),"") -> 84305.101 | K28: =IF(COUNT(L28:AG28)>1,STDEV(L28:AG28)/AVERAGE(L28:AG28),"") -> 0.58380272 | M28: 290818 | N28: 284722 | O28: 243956 | P28: 172477 | Q28: 126851 | R28: 125010 | S28: 108584 | T28: 92483 | U28: 80141 | V28: 87458 | W28: 68456 | X28: 51926
C29: Total Operating Profit/(Loss) | D29: =IF(COUNT(L29:AG29)>0,MEDIAN(L29:AG29),"") -> 145465.5 | E29: =IF(COUNT(L29:AG29)>0,AVERAGE(L29:AG29),"") -> 156691.58 | F29: =IF(COUNT(L29:AG29)>0,MIN(L29:AG29),"") -> 36038 | G29: =IF(COUNT(L29:AG29)>0,MAX(L29:AG29),"") -> 324198 | H29: =IF(COUNT(L29:AG29)>0,QUARTILE(L29:AG29,1),"") -> 69461.25 | I29: =IF(COUNT(L29:AG29)>0,QUARTILE(L29:AG29,3),"") -> 230829.25 | J29: =IF(COUNT(L29:AG29)>1,STDEV(L29:AG29),"") -> 93239.808 | K29: =IF(COUNT(L29:AG29)>1,STDEV(L29:AG29)/AVERAGE(L29:AG29),"") -> 0.59505307 | M29: 324198 | N29: 272864 | O29: 230078 | P29: 143395 | Q29: 59760 | R29: 233083 | S29: 184044 | T29: 147536 | U29: 115662 | V29: 72102 | W29: 61539 | X29: 36038
C30: Non-Operating Income/(Expenses) | D30: =IF(COUNT(L30:AG30)>0,MEDIAN(L30:AG30),"") | E30: =IF(COUNT(L30:AG30)>0,AVERAGE(L30:AG30),"") | F30: =IF(COUNT(L30:AG30)>0,MIN(L30:AG30),"") | G30: =IF(COUNT(L30:AG30)>0,MAX(L30:AG30),"") | H30: =IF(COUNT(L30:AG30)>0,QUARTILE(L30:AG30,1),"") | I30: =IF(COUNT(L30:AG30)>0,QUARTILE(L30:AG30,3),"") | J30: =IF(COUNT(L30:AG30)>1,STDEV(L30:AG30),"") | K30: =IF(COUNT(L30:AG30)>1,STDEV(L30:AG30)/AVERAGE(L30:AG30),"")
C31: Net Finance (Income)/Expense | D31: =IF(COUNT(L31:AG31)>0,MEDIAN(L31:AG31),"") | E31: =IF(COUNT(L31:AG31)>0,AVERAGE(L31:AG31),"") | F31: =IF(COUNT(L31:AG31)>0,MIN(L31:AG31),"") | G31: =IF(COUNT(L31:AG31)>0,MAX(L31:AG31),"") | H31: =IF(COUNT(L31:AG31)>0,QUARTILE(L31:AG31,1),"") | I31: =IF(COUNT(L31:AG31)>0,QUARTILE(L31:AG31,3),"") | J31: =IF(COUNT(L31:AG31)>1,STDEV(L31:AG31),"") | K31: =IF(COUNT(L31:AG31)>1,STDEV(L31:AG31)/AVERAGE(L31:AG31),"")
C32: Net Interest (Income)/Expense | D32: =IF(COUNT(L32:AG32)>0,MEDIAN(L32:AG32),"") | E32: =IF(COUNT(L32:AG32)>0,AVERAGE(L32:AG32),"") | F32: =IF(COUNT(L32:AG32)>0,MIN(L32:AG32),"") | G32: =IF(COUNT(L32:AG32)>0,MAX(L32:AG32),"") | H32: =IF(COUNT(L32:AG32)>0,QUARTILE(L32:AG32,1),"") | I32: =IF(COUNT(L32:AG32)>0,QUARTILE(L32:AG32,3),"") | J32: =IF(COUNT(L32:AG32)>1,STDEV(L32:AG32),"") | K32: =IF(COUNT(L32:AG32)>1,STDEV(L32:AG32)/AVERAGE(L32:AG32),"")
C33: Interest Expense Net of Capitalized Interest | D33: =IF(COUNT(L33:AG33)>0,MEDIAN(L33:AG33),"") -> 55799 | E33: =IF(COUNT(L33:AG33)>0,AVERAGE(L33:AG33),"") -> 55659.25 | F33: =IF(COUNT(L33:AG33)>0,MIN(L33:AG33),"") -> 8912 | G33: =IF(COUNT(L33:AG33)>0,MAX(L33:AG33),"") -> 100037 | H33: =IF(COUNT(L33:AG33)>0,QUARTILE(L33:AG33,1),"") -> 26496.75 | I33: =IF(COUNT(L33:AG33)>0,QUARTILE(L33:AG33,3),"") -> 83231.75 | J33: =IF(COUNT(L33:AG33)>1,STDEV(L33:AG33),"") -> 31538.979 | K33: =IF(COUNT(L33:AG33)>1,STDEV(L33:AG33)/AVERAGE(L33:AG33),"") -> 0.56664397 | M33: 100037 | N33: 86576 | O33: 88628 | P33: 81211 | Q33: 82117 | R33: 60852 | S33: 50746 | T33: 35337 | U33: 27146 | V33: 24549 | W33: 21800 | X33: 8912
C34: Interest Income | D34: =IF(COUNT(L34:AG34)>0,MEDIAN(L34:AG34),"") -> 4681 | E34: =IF(COUNT(L34:AG34)>0,AVERAGE(L34:AG34),"") -> 6831.6667 | F34: =IF(COUNT(L34:AG34)>0,MIN(L34:AG34),"") -> 21 | G34: =IF(COUNT(L34:AG34)>0,MAX(L34:AG34),"") -> 23115 | H34: =IF(COUNT(L34:AG34)>0,QUARTILE(L34:AG34,1),"") -> 878 | I34: =IF(COUNT(L34:AG34)>0,QUARTILE(L34:AG34,3),"") -> 7053 | J34: =IF(COUNT(L34:AG34)>1,STDEV(L34:AG34),"") -> 8178.5396 | K34: =IF(COUNT(L34:AG34)>1,STDEV(L34:AG34)/AVERAGE(L34:AG34),"") -> 1.1971514 | M34: 23115 | N34: 17741 | O34: 5005 | P34: 878 | Q34: 2937 | R34: 7053 | S34: 4681 | T34: 54 | U34: 21
C35: Total Net Interest (Income)/Expense | D35: =IF(COUNT(L35:AG35)>0,MEDIAN(L35:AG35),"") -> 49932 | E35: =IF(COUNT(L35:AG35)>0,AVERAGE(L35:AG35),"") -> 50535.5 | F35: =IF(COUNT(L35:AG35)>0,MIN(L35:AG35),"") -> 8912 | G35: =IF(COUNT(L35:AG35)>0,MAX(L35:AG35),"") -> 83623 | H35: =IF(COUNT(L35:AG35)>0,QUARTILE(L35:AG35,1),"") -> 26481 | I35: =IF(COUNT(L35:AG35)>0,QUARTILE(L35:AG35,3),"") -> 77486.5 | J35: =IF(COUNT(L35:AG35)>1,STDEV(L35:AG35),"") -> 26763.559 | K35: =IF(COUNT(L35:AG35)>1,STDEV(L35:AG35)/AVERAGE(L35:AG35),"") -> 0.52959918 | M35: 76922 | N35: 68835 | O35: 83623 | P35: 80333 | Q35: 79180 | R35: 53799 | S35: 46065 | T35: 35283 | U35: 27125 | V35: 24549 | W35: 21800 | X35: 8912
C36: Total Net Finance (Income)/Expense | D36: =IF(COUNT(L36:AG36)>0,MEDIAN(L36:AG36),"") -> 49932 | E36: =IF(COUNT(L36:AG36)>0,AVERAGE(L36:AG36),"") -> 50535.5 | F36: =IF(COUNT(L36:AG36)>0,MIN(L36:AG36),"") -> 8912 | G36: =IF(COUNT(L36:AG36)>0,MAX(L36:AG36),"") -> 83623 | H36: =IF(COUNT(L36:AG36)>0,QUARTILE(L36:AG36,1),"") -> 26481 | I36: =IF(COUNT(L36:AG36)>0,QUARTILE(L36:AG36,3),"") -> 77486.5 | J36: =IF(COUNT(L36:AG36)>1,STDEV(L36:AG36),"") -> 26763.559 | K36: =IF(COUNT(L36:AG36)>1,STDEV(L36:AG36)/AVERAGE(L36:AG36),"") -> 0.52959918 | M36: 76922 | N36: 68835 | O36: 83623 | P36: 80333 | Q36: 79180 | R36: 53799 | S36: 46065 | T36: 35283 | U36: 27125 | V36: 24549 | W36: 21800 | X36: 8912
C37: Other Income/(Expense), Non-Operating | D37: =IF(COUNT(L37:AG37)>0,MEDIAN(L37:AG37),"") -> -411.5 | E37: =IF(COUNT(L37:AG37)>0,AVERAGE(L37:AG37),"") -> 26294.583 | F37: =IF(COUNT(L37:AG37)>0,MIN(L37:AG37),"") -> -11102 | G37: =IF(COUNT(L37:AG37)>0,MAX(L37:AG37),"") -> 316928 | H37: =IF(COUNT(L37:AG37)>0,QUARTILE(L37:AG37,1),"") -> -2472.5 | I37: =IF(COUNT(L37:AG37)>0,QUARTILE(L37:AG37,3),"") -> 3859.75 | J37: =IF(COUNT(L37:AG37)>1,STDEV(L37:AG37),"") -> 91755.786 | K37: =IF(COUNT(L37:AG37)>1,STDEV(L37:AG37)/AVERAGE(L37:AG37),"") -> 3.4895319 | M37: -548 | N37: 3512 | O37: 14983 | P37: -11102 | Q37: 4903 | R37: -6107 | S37: -6175 | T37: 316928 | U37: 1371 | V37: -275 | W37: -1261 | X37: -694
C38: Total Non-Operating Income/(Expenses), Total | D38: =IF(COUNT(L38:AG38)>0,MEDIAN(L38:AG38),"") -> -56073 | E38: =IF(COUNT(L38:AG38)>0,AVERAGE(L38:AG38),"") -> -24240.917 | F38: =IF(COUNT(L38:AG38)>0,MIN(L38:AG38),"") -> -91435 | G38: =IF(COUNT(L38:AG38)>0,MAX(L38:AG38),"") -> 281645 | H38: =IF(COUNT(L38:AG38)>0,QUARTILE(L38:AG38,1),"") -> -70049.25 | I38: =IF(COUNT(L38:AG38)>0,QUARTILE(L38:AG38,3),"") -> -24383.25 | J38: =IF(COUNT(L38:AG38)>1,STDEV(L38:AG38),"") -> 99704.723 | K38: =IF(COUNT(L38:AG38)>1,STDEV(L38:AG38)/AVERAGE(L38:AG38),"") -> -4.1130756 | M38: -77470 | N38: -65323 | O38: -68640 | P38: -91435 | Q38: -74277 | R38: -59906 | S38: -52240 | T38: 281645 | U38: -25754 | V38: -24824 | W38: -23061 | X38: -9606
C39: Pretax Income | D39: =IF(COUNT(L39:AG39)>0,MEDIAN(L39:AG39),"") -> 110856 | E39: =IF(COUNT(L39:AG39)>0,AVERAGE(L39:AG39),"") -> 132450.67 | F39: =IF(COUNT(L39:AG39)>0,MIN(L39:AG39),"") -> -14517 | G39: =IF(COUNT(L39:AG39)>0,MAX(L39:AG39),"") -> 429181 | H39: =IF(COUNT(L39:AG39)>0,QUARTILE(L39:AG39,1),"") -> 45078 | I39: =IF(COUNT(L39:AG39)>0,QUARTILE(L39:AG39,3),"") -> 181768 | J39: =IF(COUNT(L39:AG39)>1,STDEV(L39:AG39),"") -> 123014.93 | K39: =IF(COUNT(L39:AG39)>1,STDEV(L39:AG39)/AVERAGE(L39:AG39),"") -> 0.92876036 | M39: 246728 | N39: 207541 | O39: 161438 | P39: 51960 | Q39: -14517 | R39: 173177 | S39: 131804 | T39: 429181 | U39: 89908 | V39: 47278 | W39: 38478 | X39: 26432
C40: Provision for Income Tax | D40: =IF(COUNT(L40:AG40)>0,MEDIAN(L40:AG40),"") -> 23651.5 | E40: =IF(COUNT(L40:AG40)>0,AVERAGE(L40:AG40),"") -> 54452.25 | F40: =IF(COUNT(L40:AG40)>0,MIN(L40:AG40),"") -> 633 | G40: =IF(COUNT(L40:AG40)>0,MAX(L40:AG40),"") -> 373580 | H40: =IF(COUNT(L40:AG40)>0,QUARTILE(L40:AG40,1),"") -> 4540 | I40: =IF(COUNT(L40:AG40)>0,QUARTILE(L40:AG40,3),"") -> 52514.25 | J40: =IF(COUNT(L40:AG40)>1,STDEV(L40:AG40),"") -> 103288.66 | K40: =IF(COUNT(L40:AG40)>1,STDEV(L40:AG40)/AVERAGE(L40:AG40),"") -> 1.8968666 | M40: 68443 | N40: 58512 | O40: 50515 | P40: 5659 | Q40: 687 | R40: 37764 | S40: 28642 | T40: 373580 | U40: 18661 | V40: 9148 | W40: 1183 | X40: 633
C41: Earnings from Equity Interest, Post-Tax | D41: =IF(COUNT(L41:AG41)>0,MEDIAN(L41:AG41),"") -> -323 | E41: =IF(COUNT(L41:AG41)>0,AVERAGE(L41:AG41),"") -> -1113.6667 | F41: =IF(COUNT(L41:AG41)>0,MIN(L41:AG41),"") -> -4042 | G41: =IF(COUNT(L41:AG41)>0,MAX(L41:AG41),"") -> 0 | H41: =IF(COUNT(L41:AG41)>0,QUARTILE(L41:AG41,1),"") -> -1612.25 | I41: =IF(COUNT(L41:AG41)>0,QUARTILE(L41:AG41,3),"") -> -44.75 | J41: =IF(COUNT(L41:AG41)>1,STDEV(L41:AG41),"") -> 1620.0253 | K41: =IF(COUNT(L41:AG41)>1,STDEV(L41:AG41)/AVERAGE(L41:AG41),"") -> -1.454677 | M41: -4042 | N41: -1994 | O41: -467 | P41: -179 | Q41: 0 | R41: 0
C42: Net Income from Continuing Operations | D42: =IF(COUNT(L42:AG42)>0,MEDIAN(L42:AG42),"") -> 63424 | E42: =IF(COUNT(L42:AG42)>0,AVERAGE(L42:AG42),"") -> 77441.583 | F42: =IF(COUNT(L42:AG42)>0,MIN(L42:AG42),"") -> -15204 | G42: =IF(COUNT(L42:AG42)>0,MAX(L42:AG42),"") -> 174243 | H42: =IF(COUNT(L42:AG42)>0,QUARTILE(L42:AG42,1),"") -> 37921.25 | I42: =IF(COUNT(L42:AG42)>0,QUARTILE(L42:AG42,3),"") -> 116695.25 | J42: =IF(COUNT(L42:AG42)>1,STDEV(L42:AG42),"") -> 56592.277 | K42: =IF(COUNT(L42:AG42)>1,STDEV(L42:AG42)/AVERAGE(L42:AG42),"") -> 0.73077376 | M42: 174243 | N42: 147035 | O42: 110456 | P42: 46122 | Q42: -15204 | R42: 135413 | S42: 103162 | T42: 55601 | U42: 71247 | V42: 38130 | W42: 37295 | X42: 25799
C43: Net Income after Extraordinary Items and Discontinued Operations | D43: =IF(COUNT(L43:AG43)>0,MEDIAN(L43:AG43),"") -> 63424 | E43: =IF(COUNT(L43:AG43)>0,AVERAGE(L43:AG43),"") -> 77441.583 | F43: =IF(COUNT(L43:AG43)>0,MIN(L43:AG43),"") -> -15204 | G43: =IF(COUNT(L43:AG43)>0,MAX(L43:AG43),"") -> 174243 | H43: =IF(COUNT(L43:AG43)>0,QUARTILE(L43:AG43,1),"") -> 37921.25 | I43: =IF(COUNT(L43:AG43)>0,QUARTILE(L43:AG43,3),"") -> 116695.25 | J43: =IF(COUNT(L43:AG43)>1,STDEV(L43:AG43),"") -> 56592.277 | K43: =IF(COUNT(L43:AG43)>1,STDEV(L43:AG43)/AVERAGE(L43:AG43),"") -> 0.73077376 | M43: 174243 | N43: 147035 | O43: 110456 | P43: 46122 | Q43: -15204 | R43: 135413 | S43: 103162 | T43: 55601 | U43: 71247 | V43: 38130 | W43: 37295 | X43: 25799
C44: Non-Controlling/Minority Interests | D44: =IF(COUNT(L44:AG44)>0,MEDIAN(L44:AG44),"") -> 9888 | E44: =IF(COUNT(L44:AG44)>0,AVERAGE(L44:AG44),"") -> 12552.75 | F44: =IF(COUNT(L44:AG44)>0,MIN(L44:AG44),"") -> -213 | G44: =IF(COUNT(L44:AG44)>0,MAX(L44:AG44),"") -> 49747 | H44: =IF(COUNT(L44:AG44)>0,QUARTILE(L44:AG44,1),"") -> 1772.5 | I44: =IF(COUNT(L44:AG44)>0,QUARTILE(L44:AG44,3),"") -> 18191.5 | J44: =IF(COUNT(L44:AG44)>1,STDEV(L44:AG44),"") -> 14240.375 | K44: =IF(COUNT(L44:AG44)>1,STDEV(L44:AG44)/AVERAGE(L44:AG44),"") -> 1.1344427 | M44: 2201 | N44: 8722 | O44: 11054 | P44: 3348 | Q44: -213 | R44: 17718 | S44: 15141 | T44: 22455 | U44: 49747 | V44: 19612 | W44: 487 | X44: 361
C45: Net Income after Non-Controlling/Minority Interests | D45: =IF(COUNT(L45:AG45)>0,MEDIAN(L45:AG45),"") -> 39791 | E45: =IF(COUNT(L45:AG45)>0,AVERAGE(L45:AG45),"") -> 64888.833 | F45: =IF(COUNT(L45:AG45)>0,MIN(L45:AG45),"") -> -14991 | G45: =IF(COUNT(L45:AG45)>0,MAX(L45:AG45),"") -> 172042 | H45: =IF(COUNT(L45:AG45)>0,QUARTILE(L45:AG45,1),"") -> 24453.5 | I45: =IF(COUNT(L45:AG45)>0,QUARTILE(L45:AG45,3),"") -> 103975.25 | J45: =IF(COUNT(L45:AG45)>1,STDEV(L45:AG45),"") -> 56923.285 | K45: =IF(COUNT(L45:AG45)>1,STDEV(L45:AG45)/AVERAGE(L45:AG45),"") -> 0.87724316 | M45: 172042 | N45: 138313 | O45: 99402 | P45: 42774 | Q45: -14991 | R45: 117695 | S45: 88021 | T45: 33146 | U45: 21500 | V45: 18518 | W45: 36808 | X45: 25438
C46: Net Income Available to Common Stockholders | D46: =IF(COUNT(L46:AG46)>0,MEDIAN(L46:AG46),"") -> 39791 | E46: =IF(COUNT(L46:AG46)>0,AVERAGE(L46:AG46),"") -> 64888.833 | F46: =IF(COUNT(L46:AG46)>0,MIN(L46:AG46),"") -> -14991 | G46: =IF(COUNT(L46:AG46)>0,MAX(L46:AG46),"") -> 172042 | H46: =IF(COUNT(L46:AG46)>0,QUARTILE(L46:AG46,1),"") -> 24453.5 | I46: =IF(COUNT(L46:AG46)>0,QUARTILE(L46:AG46,3),"") -> 103975.25 | J46: =IF(COUNT(L46:AG46)>1,STDEV(L46:AG46),"") -> 56923.285 | K46: =IF(COUNT(L46:AG46)>1,STDEV(L46:AG46)/AVERAGE(L46:AG46),"") -> 0.87724316 | M46: 172042 | N46: 138313 | O46: 99402 | P46: 42774 | Q46: -14991 | R46: 117695 | S46: 88021 | T46: 33146 | U46: 21500 | V46: 18518 | W46: 36808 | X46: 25438
C47: Diluted Net Income Available to Common Stockholders | D47: =IF(COUNT(L47:AG47)>0,MEDIAN(L47:AG47),"") -> 39791 | E47: =IF(COUNT(L47:AG47)>0,AVERAGE(L47:AG47),"") -> 64888.833 | F47: =IF(COUNT(L47:AG47)>0,MIN(L47:AG47),"") -> -14991 | G47: =IF(COUNT(L47:AG47)>0,MAX(L47:AG47),"") -> 172042 | H47: =IF(COUNT(L47:AG47)>0,QUARTILE(L47:AG47,1),"") -> 24453.5 | I47: =IF(COUNT(L47:AG47)>0,QUARTILE(L47:AG47,3),"") -> 103975.25 | J47: =IF(COUNT(L47:AG47)>1,STDEV(L47:AG47),"") -> 56923.285 | K47: =IF(COUNT(L47:AG47)>1,STDEV(L47:AG47)/AVERAGE(L47:AG47),"") -> 0.87724316 | M47: 172042 | N47: 138313 | O47: 99402 | P47: 42774 | Q47: -14991 | R47: 117695 | S47: 88021 | T47: 33146 | U47: 21500 | V47: 18518 | W47: 36808 | X47: 25438
C48: Basic EPS | D48: =IF(COUNT(L48:AG48)>0,MEDIAN(L48:AG48),"") | E48: =IF(COUNT(L48:AG48)>0,AVERAGE(L48:AG48),"") | F48: =IF(COUNT(L48:AG48)>0,MIN(L48:AG48),"") | G48: =IF(COUNT(L48:AG48)>0,MAX(L48:AG48),"") | H48: =IF(COUNT(L48:AG48)>0,QUARTILE(L48:AG48,1),"") | I48: =IF(COUNT(L48:AG48)>0,QUARTILE(L48:AG48,3),"") | J48: =IF(COUNT(L48:AG48)>1,STDEV(L48:AG48),"") | K48: =IF(COUNT(L48:AG48)>1,STDEV(L48:AG48)/AVERAGE(L48:AG48),"")
C49: Basic EPS from Continuing Operations | D49: =IF(COUNT(L49:AG49)>0,MEDIAN(L49:AG49),"") -> 0.6238435 | E49: =IF(COUNT(L49:AG49)>0,AVERAGE(L49:AG49),"") -> 0.82564058 | F49: =IF(COUNT(L49:AG49)>0,MIN(L49:AG49),"") -> -0.19 | G49: =IF(COUNT(L49:AG49)>0,MAX(L49:AG49),"") -> 2.01 | H49: =IF(COUNT(L49:AG49)>0,QUARTILE(L49:AG49,1),"") -> 0.48 | I49: =IF(COUNT(L49:AG49)>0,QUARTILE(L49:AG49,3),"") -> 1.24 | J49: =IF(COUNT(L49:AG49)>1,STDEV(L49:AG49),"") -> 0.63923704 | K49: =IF(COUNT(L49:AG49)>1,STDEV(L49:AG49)/AVERAGE(L49:AG49),"") -> 0.77423161 | M49: 2.01 | N49: 1.63 | O49: 1.18 | P49: 0.51 | Q49: -0.19 | R49: 1.42 | S49: 1.01 | T49: 0.42 | U49: 0.5 | V49: 0.525632 | W49: 0.17 | X49: 0.722055
C50: Total Basic EPS | D50: =IF(COUNT(L50:AG50)>0,MEDIAN(L50:AG50),"") -> 0.6238435 | E50: =IF(COUNT(L50:AG50)>0,AVERAGE(L50:AG50),"") -> 0.82564058 | F50: =IF(COUNT(L50:AG50)>0,MIN(L50:AG50),"") -> -0.19 | G50: =IF(COUNT(L50:AG50)>0,MAX(L50:AG50),"") -> 2.01 | H50: =IF(COUNT(L50:AG50)>0,QUARTILE(L50:AG50,1),"") -> 0.48 | I50: =IF(COUNT(L50:AG50)>0,QUARTILE(L50:AG50,3),"") -> 1.24 | J50: =IF(COUNT(L50:AG50)>1,STDEV(L50:AG50),"") -> 0.63923704 | K50: =IF(COUNT(L50:AG50)>1,STDEV(L50:AG50)/AVERAGE(L50:AG50),"") -> 0.77423161 | M50: 2.01 | N50: 1.63 | O50: 1.18 | P50: 0.51 | Q50: -0.19 | R50: 1.42 | S50: 1.01 | T50: 0.42 | U50: 0.5 | V50: 0.525632 | W50: 0.17 | X50: 0.722055
C51: Diluted EPS | D51: =IF(COUNT(L51:AG51)>0,MEDIAN(L51:AG51),"") | E51: =IF(COUNT(L51:AG51)>0,AVERAGE(L51:AG51),"") | F51: =IF(COUNT(L51:AG51)>0,MIN(L51:AG51),"") | G51: =IF(COUNT(L51:AG51)>0,MAX(L51:AG51),"") | H51: =IF(COUNT(L51:AG51)>0,QUARTILE(L51:AG51,1),"") | I51: =IF(COUNT(L51:AG51)>0,QUARTILE(L51:AG51,3),"") | J51: =IF(COUNT(L51:AG51)>1,STDEV(L51:AG51),"") | K51: =IF(COUNT(L51:AG51)>1,STDEV(L51:AG51)/AVERAGE(L51:AG51),"")
C52: Diluted EPS from Continuing Operations | D52: =IF(COUNT(L52:AG52)>0,MEDIAN(L52:AG52),"") -> 0.6238435 | E52: =IF(COUNT(L52:AG52)>0,AVERAGE(L52:AG52),"") -> 0.82230725 | F52: =IF(COUNT(L52:AG52)>0,MIN(L52:AG52),"") -> -0.19 | G52: =IF(COUNT(L52:AG52)>0,MAX(L52:AG52),"") -> 2 | H52: =IF(COUNT(L52:AG52)>0,QUARTILE(L52:AG52,1),"") -> 0.48 | I52: =IF(COUNT(L52:AG52)>0,QUARTILE(L52:AG52,3),"") -> 1.2375 | J52: =IF(COUNT(L52:AG52)>1,STDEV(L52:AG52),"") -> 0.63530822 | K52: =IF(COUNT(L52:AG52)>1,STDEV(L52:AG52)/AVERAGE(L52:AG52),"") -> 0.77259226 | M52: 2 | N52: 1.62 | O52: 1.18 | P52: 0.51 | Q52: -0.19 | R52: 1.41 | S52: 1 | T52: 0.42 | U52: 0.5 | V52: 0.525632 | W52: 0.17 | X52: 0.722055
C53: Total Diluted EPS | D53: =IF(COUNT(L53:AG53)>0,MEDIAN(L53:AG53),"") -> 0.6238435 | E53: =IF(COUNT(L53:AG53)>0,AVERAGE(L53:AG53),"") -> 0.82230725 | F53: =IF(COUNT(L53:AG53)>0,MIN(L53:AG53),"") -> -0.19 | G53: =IF(COUNT(L53:AG53)>0,MAX(L53:AG53),"") -> 2 | H53: =IF(COUNT(L53:AG53)>0,QUARTILE(L53:AG53,1),"") -> 0.48 | I53: =IF(COUNT(L53:AG53)>0,QUARTILE(L53:AG53,3),"") -> 1.2375 | J53: =IF(COUNT(L53:AG53)>1,STDEV(L53:AG53),"") -> 0.63530822 | K53: =IF(COUNT(L53:AG53)>1,STDEV(L53:AG53)/AVERAGE(L53:AG53),"") -> 0.77259226 | M53: 2 | N53: 1.62 | O53: 1.18 | P53: 0.51 | Q53: -0.19 | R53: 1.41 | S53: 1 | T53: 0.42 | U53: 0.5 | V53: 0.525632 | W53: 0.17 | X53: 0.722055
C54: Basic Weighted Average Shares Outstanding | D54: =IF(COUNT(L54:AG54)>0,MEDIAN(L54:AG54),"") -> 81639948 | E54: =IF(COUNT(L54:AG54)>0,AVERAGE(L54:AG54),"") -> 68030416 | F54: =IF(COUNT(L54:AG54)>0,MIN(L54:AG54),"") -> 35230000 | G54: =IF(COUNT(L54:AG54)>0,MAX(L54:AG54),"") -> 87235021 | H54: =IF(COUNT(L54:AG54)>0,QUARTILE(L54:AG54,1),"") -> 41282500 | I54: =IF(COUNT(L54:AG54)>0,QUARTILE(L54:AG54,3),"") -> 84326714 | J54: =IF(COUNT(L54:AG54)>1,STDEV(L54:AG54),"") -> 22936139 | K54: =IF(COUNT(L54:AG54)>1,STDEV(L54:AG54)/AVERAGE(L54:AG54),"") -> 0.33714535 | M54: 85621282 | N54: 84896397 | O54: 84136819 | P54: 83295580 | Q54: 80303277 | R54: 82976620 | S54: 87235021 | T54: 78910000 | U54: 43300000 | V54: 35230000 | W54: 35230000 | X54: 35230000
C55: Diluted Weighted Average Shares Outstanding | D55: =IF(COUNT(L55:AG55)>0,MEDIAN(L55:AG55),"") -> 81961228 | E55: =IF(COUNT(L55:AG55)>0,AVERAGE(L55:AG55),"") -> 68251247 | F55: =IF(COUNT(L55:AG55)>0,MIN(L55:AG55),"") -> 35230000 | G55: =IF(COUNT(L55:AG55)>0,MAX(L55:AG55),"") -> 87674903 | H55: =IF(COUNT(L55:AG55)>0,QUARTILE(L55:AG55,1),"") -> 41286250 | I55: =IF(COUNT(L55:AG55)>0,QUARTILE(L55:AG55,3),"") -> 84704303 | J55: =IF(COUNT(L55:AG55)>1,STDEV(L55:AG55),"") -> 23106454 | K55: =IF(COUNT(L55:AG55)>1,STDEV(L55:AG55)/AVERAGE(L55:AG55),"") -> 0.33854992 | M55: 85827437 | N55: 85184918 | O55: 84544098 | P55: 83894149 | Q55: 80303277 | R55: 83619180 | S55: 87674903 | T55: 78972000 | U55: 43305000 | V55: 35230000 | W55: 35230000 | X55: 35230000
C56: Income Statement Supplemental Section | D56: =IF(COUNT(L56:AG56)>0,MEDIAN(L56:AG56),"") | E56: =IF(COUNT(L56:AG56)>0,AVERAGE(L56:AG56),"") | F56: =IF(COUNT(L56:AG56)>0,MIN(L56:AG56),"") | G56: =IF(COUNT(L56:AG56)>0,MAX(L56:AG56),"") | H56: =IF(COUNT(L56:AG56)>0,QUARTILE(L56:AG56,1),"") | I56: =IF(COUNT(L56:AG56)>0,QUARTILE(L56:AG56,3),"") | J56: =IF(COUNT(L56:AG56)>1,STDEV(L56:AG56),"") | K56: =IF(COUNT(L56:AG56)>1,STDEV(L56:AG56)/AVERAGE(L56:AG56),"")
C57: Per Share Calculations | D57: =IF(COUNT(L57:AG57)>0,MEDIAN(L57:AG57),"") | E57: =IF(COUNT(L57:AG57)>0,AVERAGE(L57:AG57),"") | F57: =IF(COUNT(L57:AG57)>0,MIN(L57:AG57),"") | G57: =IF(COUNT(L57:AG57)>0,MAX(L57:AG57),"") | H57: =IF(COUNT(L57:AG57)>0,QUARTILE(L57:AG57,1),"") | I57: =IF(COUNT(L57:AG57)>0,QUARTILE(L57:AG57,3),"") | J57: =IF(COUNT(L57:AG57)>1,STDEV(L57:AG57),"") | K57: =IF(COUNT(L57:AG57)>1,STDEV(L57:AG57)/AVERAGE(L57:AG57),"")
C58: Common Dividend per Share (Paid) | D58: =IF(COUNT(L58:AG58)>0,MEDIAN(L58:AG58),"") -> 2.78 | E58: =IF(COUNT(L58:AG58)>0,AVERAGE(L58:AG58),"") -> 2.78 | F58: =IF(COUNT(L58:AG58)>0,MIN(L58:AG58),"") -> 2.78 | G58: =IF(COUNT(L58:AG58)>0,MAX(L58:AG58),"") -> 2.78 | H58: =IF(COUNT(L58:AG58)>0,QUARTILE(L58:AG58,1),"") -> 2.78 | I58: =IF(COUNT(L58:AG58)>0,QUARTILE(L58:AG58,3),"") -> 2.78 | J58: =IF(COUNT(L58:AG58)>1,STDEV(L58:AG58),"") | K58: =IF(COUNT(L58:AG58)>1,STDEV(L58:AG58)/AVERAGE(L58:AG58),"") | U58: 2.78
C59: EBITDA per Share | D59: =IF(COUNT(L59:AG59)>0,MEDIAN(L59:AG59),"") -> 3.10637 | E59: =IF(COUNT(L59:AG59)>0,AVERAGE(L59:AG59),"") -> 3.4708394 | F59: =IF(COUNT(L59:AG59)>0,MIN(L59:AG59),"") -> 1.4755936 | G59: =IF(COUNT(L59:AG59)>0,MAX(L59:AG59),"") -> 6.2877855 | H59: =IF(COUNT(L59:AG59)>0,QUARTILE(L59:AG59,1),"") -> 2.4077501 | I59: =IF(COUNT(L59:AG59)>0,QUARTILE(L59:AG59,3),"") -> 4.523778 | J59: =IF(COUNT(L59:AG59)>1,STDEV(L59:AG59),"") -> 1.5322903 | K59: =IF(COUNT(L59:AG59)>1,STDEV(L59:AG59)/AVERAGE(L59:AG59),"") -> 0.44147542 | M59: 5.6391757 | N59: 4.9984083 | O59: 4.3655679 | P59: 2.3254661 | Q59: 1.4755936 | R59: 3.2475683 | S59: 2.4351781 | T59: 6.2877855 | U59: 3.4390255 | V59: 2.9651717 | W59: 2.6432018 | X59: 1.8279307
C60: EBITDAR per Share | D60: =IF(COUNT(L60:AG60)>0,MEDIAN(L60:AG60),"") -> 3.10637 | E60: =IF(COUNT(L60:AG60)>0,AVERAGE(L60:AG60),"") -> 3.4708394 | F60: =IF(COUNT(L60:AG60)>0,MIN(L60:AG60),"") -> 1.4755936 | G60: =IF(COUNT(L60:AG60)>0,MAX(L60:AG60),"") -> 6.2877855 | H60: =IF(COUNT(L60:AG60)>0,QUARTILE(L60:AG60,1),"") -> 2.4077501 | I60: =IF(COUNT(L60:AG60)>0,QUARTILE(L60:AG60,3),"") -> 4.523778 | J60: =IF(COUNT(L60:AG60)>1,STDEV(L60:AG60),"") -> 1.5322903 | K60: =IF(COUNT(L60:AG60)>1,STDEV(L60:AG60)/AVERAGE(L60:AG60),"") -> 0.44147542 | M60: 5.6391757 | N60: 4.9984083 | O60: 4.3655679 | P60: 2.3254661 | Q60: 1.4755936 | R60: 3.2475683 | S60: 2.4351781 | T60: 6.2877855 | U60: 3.4390255 | V60: 2.9651717 | W60: 2.6432018 | X60: 1.8279307
C61: Basic EPS (Normalized) | D61: =IF(COUNT(L61:AG61)>0,MEDIAN(L61:AG61),"") -> 1.4405409 | E61: =IF(COUNT(L61:AG61)>0,AVERAGE(L61:AG61),"") -> 1.5074365 | F61: =IF(COUNT(L61:AG61)>0,MIN(L61:AG61),"") -> 0.85840089 | G61: =IF(COUNT(L61:AG61)>0,MAX(L61:AG61),"") -> 2.6132989 | H61: =IF(COUNT(L61:AG61)>0,QUARTILE(L61:AG61,1),"") -> 1.0747496 | I61: =IF(COUNT(L61:AG61)>0,QUARTILE(L61:AG61,3),"") -> 1.7658458 | J61: =IF(COUNT(L61:AG61)>1,STDEV(L61:AG61),"") -> 0.54649725 | K61: =IF(COUNT(L61:AG61)>1,STDEV(L61:AG61)/AVERAGE(L61:AG61),"") -> 0.36253418 | M61: 2.6132989 | N61: 2.3441395 | O61: 1.7653151 | P61: 0.85840089 | Q61: 1.0854601 | R61: 1.7674376 | S61: 1.3700117 | T61: 1.0426182 | U61: 1.5688684 | V61: 1.5110701 | W61: 1.1973602 | X61: 0.96525688
C62: Diluted EPS (Normalized) | D62: =IF(COUNT(L62:AG62)>0,MEDIAN(L62:AG62),"") -> 1.0186801 | E62: =IF(COUNT(L62:AG62)>0,AVERAGE(L62:AG62),"") -> 1.1439467 | F62: =IF(COUNT(L62:AG62)>0,MIN(L62:AG62),"") -> 0.02 | G62: =IF(COUNT(L62:AG62)>0,MAX(L62:AG62),"") -> 2.59 | H62: =IF(COUNT(L62:AG62)>0,QUARTILE(L62:AG62,1),"") -> 0.6525 | I62: =IF(COUNT(L62:AG62)>0,QUARTILE(L62:AG62,3),"") -> 1.6025 | J62: =IF(COUNT(L62:AG62)>1,STDEV(L62:AG62),"") -> 0.76418723 | K62: =IF(COUNT(L62:AG62)>1,STDEV(L62:AG62)/AVERAGE(L62:AG62),"") -> 0.66802696 | M62: 2.59 | N62: 2.24 | O62: 1.64 | P62: 0.82 | Q62: 0.02 | R62: 1.59 | S62: 1.22 | T62: 0.84 | U62: 0.69 | V62: 0.54 | W62: 1.1973602 | X62: 0.34
C63: Normalized EBITDA per Share | D63: =IF(COUNT(L63:AG63)>0,MEDIAN(L63:AG63),"") -> 3.114311 | E63: =IF(COUNT(L63:AG63)>0,AVERAGE(L63:AG63),"") -> 3.2827917 | F63: =IF(COUNT(L63:AG63)>0,MIN(L63:AG63),"") -> 1.4799022 | G63: =IF(COUNT(L63:AG63)>0,MAX(L63:AG63),"") -> 5.6824486 | H63: =IF(COUNT(L63:AG63)>0,QUARTILE(L63:AG63,1),"") -> 2.4941285 | I63: =IF(COUNT(L63:AG63)>0,QUARTILE(L63:AG63,3),"") -> 3.7106378 | J63: =IF(COUNT(L63:AG63)>1,STDEV(L63:AG63),"") -> 1.2474044 | K63: =IF(COUNT(L63:AG63)>1,STDEV(L63:AG63)/AVERAGE(L63:AG63),"") -> 0.37998279 | M63: 5.6824486 | N63: 5.1109517 | O63: 4.3271382 | P63: 2.6753236 | Q63: 1.4799022 | R63: 3.3745488 | S63: 2.5457684 | T63: 2.3392088 | U63: 3.478051 | V63: 3.5051377 | W63: 2.8540732 | X63: 2.0209481
C64: Normalized EBITDAR per Share | D64: =IF(COUNT(L64:AG64)>0,MEDIAN(L64:AG64),"") -> 3.2000157 | E64: =IF(COUNT(L64:AG64)>0,AVERAGE(L64:AG64),"") -> 3.5765545 | F64: =IF(COUNT(L64:AG64)>0,MIN(L64:AG64),"") -> 1.5350806 | G64: =IF(COUNT(L64:AG64)>0,MAX(L64:AG64),"") -> 6.3410449 | H64: =IF(COUNT(L64:AG64)>0,QUARTILE(L64:AG64,1),"") -> 2.6210245 | I64: =IF(COUNT(L64:AG64)>0,QUARTILE(L64:AG64,3),"") -> 4.618038 | J64: =IF(COUNT(L64:AG64)>1,STDEV(L64:AG64),"") -> 1.5295666 | K64: =IF(COUNT(L64:AG64)>1,STDEV(L64:AG64)/AVERAGE(L64:AG64),"") -> 0.42766483 | M64: 5.7751695 | N64: 5.1240056 | O64: 4.4493821 | P64: 2.638563 | Q64: 1.5350806 | R64: 3.3033809 | S64: 2.5684089 | T64: 6.3410449 | U64: 3.4994573 | V64: 3.0966506 | W64: 2.7610559 | X64: 1.8264547
C65: Recommended Normalized Basic EPS | D65: =IF(COUNT(L65:AG65)>0,MEDIAN(L65:AG65),"") -> 1.4405409 | E65: =IF(COUNT(L65:AG65)>0,AVERAGE(L65:AG65),"") -> 1.5074365 | F65: =IF(COUNT(L65:AG65)>0,MIN(L65:AG65),"") -> 0.85840089 | G65: =IF(COUNT(L65:AG65)>0,MAX(L65:AG65),"") -> 2.6132989 | H65: =IF(COUNT(L65:AG65)>0,QUARTILE(L65:AG65,1),"") -> 1.0747496 | I65: =IF(COUNT(L65:AG65)>0,QUARTILE(L65:AG65,3),"") -> 1.7658458 | J65: =IF(COUNT(L65:AG65)>1,STDEV(L65:AG65),"") -> 0.54649725 | K65: =IF(COUNT(L65:AG65)>1,STDEV(L65:AG65)/AVERAGE(L65:AG65),"") -> 0.36253418 | M65: 2.6132989 | N65: 2.3441395 | O65: 1.7653151 | P65: 0.85840089 | Q65: 1.0854601 | R65: 1.7674376 | S65: 1.3700117 | T65: 1.0426182 | U65: 1.5688684 | V65: 1.5110701 | W65: 1.1973602 | X65: 0.96525688
C66: Recommended Normalized Diluted EPS | D66: =IF(COUNT(L66:AG66)>0,MEDIAN(L66:AG66),"") -> 1.0186801 | E66: =IF(COUNT(L66:AG66)>0,AVERAGE(L66:AG66),"") -> 1.1439467 | F66: =IF(COUNT(L66:AG66)>0,MIN(L66:AG66),"") -> 0.02 | G66: =IF(COUNT(L66:AG66)>0,MAX(L66:AG66),"") -> 2.59 | H66: =IF(COUNT(L66:AG66)>0,QUARTILE(L66:AG66,1),"") -> 0.6525 | I66: =IF(COUNT(L66:AG66)>0,QUARTILE(L66:AG66,3),"") -> 1.6025 | J66: =IF(COUNT(L66:AG66)>1,STDEV(L66:AG66),"") -> 0.76418723 | K66: =IF(COUNT(L66:AG66)>1,STDEV(L66:AG66)/AVERAGE(L66:AG66),"") -> 0.66802696 | M66: 2.59 | N66: 2.24 | O66: 1.64 | P66: 0.82 | Q66: 0.02 | R66: 1.59 | S66: 1.22 | T66: 0.84 | U66: 0.69 | V66: 0.54 | W66: 1.1973602 | X66: 0.34
C67: Sales per Share | D67: =IF(COUNT(L67:AG67)>0,MEDIAN(L67:AG67),"") -> 8.0894112 | E67: =IF(COUNT(L67:AG67)>0,AVERAGE(L67:AG67),"") -> 8.4790612 | F67: =IF(COUNT(L67:AG67)>0,MIN(L67:AG67),"") -> 5.0635294 | G67: =IF(COUNT(L67:AG67)>0,MAX(L67:AG67),"") -> 13.767788 | H67: =IF(COUNT(L67:AG67)>0,QUARTILE(L67:AG67,1),"") -> 6.3981255 | I67: =IF(COUNT(L67:AG67)>0,QUARTILE(L67:AG67,3),"") -> 9.8067638 | J67: =IF(COUNT(L67:AG67)>1,STDEV(L67:AG67),"") -> 2.7929477 | K67: =IF(COUNT(L67:AG67)>1,STDEV(L67:AG67)/AVERAGE(L67:AG67),"") -> 0.32939351 | M67: 13.767788 | N67: 12.576475 | O67: 11.080277 | P67: 6.9971864 | Q67: 5.0635294 | R67: 8.2373805 | S67: 6.5343443 | T67: 5.4442334 | U67: 8.7343494 | V67: 9.3822594 | W67: 7.941442 | X67: 5.9894692
C68: Total Dividend per Share | D68: =IF(COUNT(L68:AG68)>0,MEDIAN(L68:AG68),"") -> 1.39 | E68: =IF(COUNT(L68:AG68)>0,AVERAGE(L68:AG68),"") -> 1.39 | F68: =IF(COUNT(L68:AG68)>0,MIN(L68:AG68),"") -> 0 | G68: =IF(COUNT(L68:AG68)>0,MAX(L68:AG68),"") -> 2.78 | H68: =IF(COUNT(L68:AG68)>0,QUARTILE(L68:AG68,1),"") -> 0.695 | I68: =IF(COUNT(L68:AG68)>0,QUARTILE(L68:AG68,3),"") -> 2.085 | J68: =IF(COUNT(L68:AG68)>1,STDEV(L68:AG68),"") -> 1.9657569 | K68: =IF(COUNT(L68:AG68)>1,STDEV(L68:AG68)/AVERAGE(L68:AG68),"") -> 1.4142136 | T68: 0 | U68: 2.78
C69: Reported Normalized and Operating Income/Expense Supplemental Section | D69: =IF(COUNT(L69:AG69)>0,MEDIAN(L69:AG69),"") | E69: =IF(COUNT(L69:AG69)>0,AVERAGE(L69:AG69),"") | F69: =IF(COUNT(L69:AG69)>0,MIN(L69:AG69),"") | G69: =IF(COUNT(L69:AG69)>0,MAX(L69:AG69),"") | H69: =IF(COUNT(L69:AG69)>0,QUARTILE(L69:AG69,1),"") | I69: =IF(COUNT(L69:AG69)>0,QUARTILE(L69:AG69,3),"") | J69: =IF(COUNT(L69:AG69)>1,STDEV(L69:AG69),"") | K69: =IF(COUNT(L69:AG69)>1,STDEV(L69:AG69)/AVERAGE(L69:AG69),"")
C70: Reported Total Revenue | D70: =IF(COUNT(L70:AG70)>0,MEDIAN(L70:AG70),"") -> 501420 | E70: =IF(COUNT(L70:AG70)>0,AVERAGE(L70:AG70),"") -> 589550 | F70: =IF(COUNT(L70:AG70)>0,MIN(L70:AG70),"") -> 211009 | G70: =IF(COUNT(L70:AG70)>0,MAX(L70:AG70),"") -> 1181654 | H70: =IF(COUNT(L70:AG70)>0,QUARTILE(L70:AG70,1),"") -> 366315 | I70: =IF(COUNT(L70:AG70)>0,QUARTILE(L70:AG70,3),"") -> 750795.25 | J70: =IF(COUNT(L70:AG70)>1,STDEV(L70:AG70),"") -> 319562.75 | K70: =IF(COUNT(L70:AG70)>1,STDEV(L70:AG70)/AVERAGE(L70:AG70),"") -> 0.54204521 | M70: 1181654 | N70: 1071326 | O70: 936772 | P70: 587023 | Q70: 406618 | R70: 688803 | S70: 572898 | T70: 429942 | U70: 378241 | V70: 330537 | W70: 279777 | X70: 211009
C71: Reported Operating Expense | D71: =IF(COUNT(L71:AG71)>0,MEDIAN(L71:AG71),"") -> -455720 | E71: =IF(COUNT(L71:AG71)>0,AVERAGE(L71:AG71),"") -> -571096 | F71: =IF(COUNT(L71:AG71)>0,MIN(L71:AG71),"") -> -857456 | G71: =IF(COUNT(L71:AG71)>0,MAX(L71:AG71),"") -> -346858 | H71: =IF(COUNT(L71:AG71)>0,QUARTILE(L71:AG71,1),"") -> -752578 | I71: =IF(COUNT(L71:AG71)>0,QUARTILE(L71:AG71,3),"") -> -416241 | J71: =IF(COUNT(L71:AG71)>1,STDEV(L71:AG71),"") -> 210213.66 | K71: =IF(COUNT(L71:AG71)>1,STDEV(L71:AG71)/AVERAGE(L71:AG71),"") -> -0.36808814 | M71: -857456 | N71: -798462 | O71: -706694 | P71: -443628 | Q71: -346858 | R71: -455720 | S71: -388854
C72: Reported Total Operating Profit/Loss | D72: =IF(COUNT(L72:AG72)>0,MEDIAN(L72:AG72),"") -> 145465.5 | E72: =IF(COUNT(L72:AG72)>0,AVERAGE(L72:AG72),"") -> 156691.58 | F72: =IF(COUNT(L72:AG72)>0,MIN(L72:AG72),"") -> 36038 | G72: =IF(COUNT(L72:AG72)>0,MAX(L72:AG72),"") -> 324198 | H72: =IF(COUNT(L72:AG72)>0,QUARTILE(L72:AG72,1),"") -> 69461.25 | I72: =IF(COUNT(L72:AG72)>0,QUARTILE(L72:AG72,3),"") -> 230829.25 | J72: =IF(COUNT(L72:AG72)>1,STDEV(L72:AG72),"") -> 93239.808 | K72: =IF(COUNT(L72:AG72)>1,STDEV(L72:AG72)/AVERAGE(L72:AG72),"") -> 0.59505307 | M72: 324198 | N72: 272864 | O72: 230078 | P72: 143395 | Q72: 59760 | R72: 233083 | S72: 184044 | T72: 147536 | U72: 115662 | V72: 72102 | W72: 61539 | X72: 36038
C73: Reported Normalized Income | D73: =IF(COUNT(L73:AG73)>0,MEDIAN(L73:AG73),"") -> 84719.5 | E73: =IF(COUNT(L73:AG73)>0,AVERAGE(L73:AG73),"") -> 106313 | F73: =IF(COUNT(L73:AG73)>0,MIN(L73:AG73),"") -> 34006 | G73: =IF(COUNT(L73:AG73)>0,MAX(L73:AG73),"") -> 223754 | H73: =IF(COUNT(L73:AG73)>0,QUARTILE(L73:AG73,1),"") -> 64257.75 | I73: =IF(COUNT(L73:AG73)>0,QUARTILE(L73:AG73,3),"") -> 147124 | J73: =IF(COUNT(L73:AG73)>1,STDEV(L73:AG73),"") -> 61612.115 | K73: =IF(COUNT(L73:AG73)>1,STDEV(L73:AG73)/AVERAGE(L73:AG73),"") -> 0.5795351 | M73: 223754 | N73: 199009 | O73: 148528 | P73: 71501 | Q73: 87166 | R73: 146656 | S73: 119513 | T73: 82273 | U73: 67932 | V73: 53235 | W73: 42183 | X73: 34006
C74: Reported Normalized Diluted EPS | D74: =IF(COUNT(L74:AG74)>0,MEDIAN(L74:AG74),"") -> 0.84 | E74: =IF(COUNT(L74:AG74)>0,AVERAGE(L74:AG74),"") -> 1.1390909 | F74: =IF(COUNT(L74:AG74)>0,MIN(L74:AG74),"") -> 0.02 | G74: =IF(COUNT(L74:AG74)>0,MAX(L74:AG74),"") -> 2.59 | H74: =IF(COUNT(L74:AG74)>0,QUARTILE(L74:AG74,1),"") -> 0.615 | I74: =IF(COUNT(L74:AG74)>0,QUARTILE(L74:AG74,3),"") -> 1.615 | J74: =IF(COUNT(L74:AG74)>1,STDEV(L74:AG74),"") -> 0.80129214 | K74: =IF(COUNT(L74:AG74)>1,STDEV(L74:AG74)/AVERAGE(L74:AG74),"") -> 0.7034488 | M74: 2.59 | N74: 2.24 | O74: 1.64 | P74: 0.82 | Q74: 0.02 | R74: 1.59 | S74: 1.22 | T74: 0.84 | U74: 0.69 | V74: 0.54 | X74: 0.34
C75: Reported Effective Tax Rate | D75: =IF(COUNT(L75:AG75)>0,MEDIAN(L75:AG75),"") -> 0.218 | E75: =IF(COUNT(L75:AG75)>0,AVERAGE(L75:AG75),"") -> 0.26944444 | F75: =IF(COUNT(L75:AG75)>0,MIN(L75:AG75),"") -> -0.047 | G75: =IF(COUNT(L75:AG75)>0,MAX(L75:AG75),"") -> 0.871 | H75: =IF(COUNT(L75:AG75)>0,QUARTILE(L75:AG75,1),"") -> 0.194 | I75: =IF(COUNT(L75:AG75)>0,QUARTILE(L75:AG75,3),"") -> 0.282 | J75: =IF(COUNT(L75:AG75)>1,STDEV(L75:AG75),"") -> 0.25049307 | K75: =IF(COUNT(L75:AG75)>1,STDEV(L75:AG75)/AVERAGE(L75:AG75),"") -> 0.929665 | M75: 0.277 | N75: 0.282 | O75: 0.313 | P75: 0.109 | Q75: -0.047 | R75: 0.218 | T75: 0.871 | U75: 0.208 | V75: 0.194
C76: Reported Normalized EBITDA | D76: =IF(COUNT(L76:AG76)>0,MEDIAN(L76:AG76),"") -> 203966 | E76: =IF(COUNT(L76:AG76)>0,AVERAGE(L76:AG76),"") -> 230680.33 | F76: =IF(COUNT(L76:AG76)>0,MIN(L76:AG76),"") -> 71198 | G76: =IF(COUNT(L76:AG76)>0,MAX(L76:AG76),"") -> 487710 | H76: =IF(COUNT(L76:AG76)>0,QUARTILE(L76:AG76,1),"") -> 122324.75 | I76: =IF(COUNT(L76:AG76)>0,QUARTILE(L76:AG76,3),"") -> 303091.25 | J76: =IF(COUNT(L76:AG76)>1,STDEV(L76:AG76),"") -> 136137.18 | K76: =IF(COUNT(L76:AG76)>1,STDEV(L76:AG76)/AVERAGE(L76:AG76),"") -> 0.59015514 | M76: 487710 | N76: 435376 | O76: 365834 | P76: 224444 | Q76: 118841 | R76: 282177 | S76: 223200 | T76: 184732 | U76: 150617 | V76: 123486 | W76: 100549 | X76: 71198
C77: Profitability Metrics | D77: =IF(COUNT(L77:AG77)>0,MEDIAN(L77:AG77),"") | E77: =IF(COUNT(L77:AG77)>0,AVERAGE(L77:AG77),"") | F77: =IF(COUNT(L77:AG77)>0,MIN(L77:AG77),"") | G77: =IF(COUNT(L77:AG77)>0,MAX(L77:AG77),"") | H77: =IF(COUNT(L77:AG77)>0,QUARTILE(L77:AG77,1),"") | I77: =IF(COUNT(L77:AG77)>0,QUARTILE(L77:AG77,3),"") | J77: =IF(COUNT(L77:AG77)>1,STDEV(L77:AG77),"") | K77: =IF(COUNT(L77:AG77)>1,STDEV(L77:AG77)/AVERAGE(L77:AG77),"")
C78: Unadjusted Profitability Metrics | D78: =IF(COUNT(L78:AG78)>0,MEDIAN(L78:AG78),"") | E78: =IF(COUNT(L78:AG78)>0,AVERAGE(L78:AG78),"") | F78: =IF(COUNT(L78:AG78)>0,MIN(L78:AG78),"") | G78: =IF(COUNT(L78:AG78)>0,MAX(L78:AG78),"") | H78: =IF(COUNT(L78:AG78)>0,QUARTILE(L78:AG78,1),"") | I78: =IF(COUNT(L78:AG78)>0,QUARTILE(L78:AG78,3),"") | J78: =IF(COUNT(L78:AG78)>1,STDEV(L78:AG78),"") | K78: =IF(COUNT(L78:AG78)>1,STDEV(L78:AG78)/AVERAGE(L78:AG78),"")
C79: EBITDA | D79: =IF(COUNT(L79:AG79)>0,MEDIAN(L79:AG79),"") -> 204298.5 | E79: =IF(COUNT(L79:AG79)>0,AVERAGE(L79:AG79),"") -> 248748.83 | F79: =IF(COUNT(L79:AG79)>0,MIN(L79:AG79),"") -> 64398 | G79: =IF(COUNT(L79:AG79)>0,MAX(L79:AG79),"") -> 496559 | H79: =IF(COUNT(L79:AG79)>0,QUARTILE(L79:AG79,1),"") -> 114987 | I79: =IF(COUNT(L79:AG79)>0,QUARTILE(L79:AG79,3),"") -> 383259.5 | J79: =IF(COUNT(L79:AG79)>1,STDEV(L79:AG79),"") -> 157587.07 | K79: =IF(COUNT(L79:AG79)>1,STDEV(L79:AG79)/AVERAGE(L79:AG79),"") -> 0.63351881 | M79: 483996 | N79: 425789 | O79: 369083 | P79: 195093 | Q79: 118495 | R79: 271559 | S79: 213504 | T79: 496559 | U79: 148927 | V79: 104463 | W79: 93120 | X79: 64398
C80: EBITA | D80: =IF(COUNT(L80:AG80)>0,MEDIAN(L80:AG80),"") -> 148970 | E80: =IF(COUNT(L80:AG80)>0,AVERAGE(L80:AG80),"") -> 188248 | F80: =IF(COUNT(L80:AG80)>0,MIN(L80:AG80),"") -> 35590 | G80: =IF(COUNT(L80:AG80)>0,MAX(L80:AG80),"") -> 464798 | H80: =IF(COUNT(L80:AG80)>0,QUARTILE(L80:AG80,1),"") -> 68484 | I80: =IF(COUNT(L80:AG80)>0,QUARTILE(L80:AG80,3),"") -> 277535.5 | J80: =IF(COUNT(L80:AG80)>1,STDEV(L80:AG80),"") -> 143703.44 | K80: =IF(COUNT(L80:AG80)>1,STDEV(L80:AG80)/AVERAGE(L80:AG80),"") -> 0.763373 | M80: 372883 | N80: 327858 | P80: 148970 | Q80: 64663 | R80: 227213 | S80: 178244 | T80: 464798 | U80: 117425 | V80: 72305 | W80: 60779 | X80: 35590
C81: EBIT | D81: =IF(COUNT(L81:AG81)>0,MEDIAN(L81:AG81),"") -> 155081 | E81: =IF(COUNT(L81:AG81)>0,AVERAGE(L81:AG81),"") -> 182986.17 | F81: =IF(COUNT(L81:AG81)>0,MIN(L81:AG81),"") -> 35344 | G81: =IF(COUNT(L81:AG81)>0,MAX(L81:AG81),"") -> 464464 | H81: =IF(COUNT(L81:AG81)>0,QUARTILE(L81:AG81,1),"") -> 70036 | I81: =IF(COUNT(L81:AG81)>0,QUARTILE(L81:AG81,3),"") -> 252889.75 | J81: =IF(COUNT(L81:AG81)>1,STDEV(L81:AG81),"") -> 129222.91 | K81: =IF(COUNT(L81:AG81)>1,STDEV(L81:AG81)/AVERAGE(L81:AG81),"") -> 0.70618952 | M81: 323650 | N81: 276376 | O81: 245061 | P81: 132293 | Q81: 64663 | R81: 226976 | S81: 177869 | T81: 464464 | U81: 117033 | V81: 71827 | W81: 60278 | X81: 35344
C82: EBITDAR | D82: =IF(COUNT(L82:AG82)>0,MEDIAN(L82:AG82),"") -> 204298.5 | E82: =IF(COUNT(L82:AG82)>0,AVERAGE(L82:AG82),"") -> 248748.83 | F82: =IF(COUNT(L82:AG82)>0,MIN(L82:AG82),"") -> 64398 | G82: =IF(COUNT(L82:AG82)>0,MAX(L82:AG82),"") -> 496559 | H82: =IF(COUNT(L82:AG82)>0,QUARTILE(L82:AG82,1),"") -> 114987 | I82: =IF(COUNT(L82:AG82)>0,QUARTILE(L82:AG82,3),"") -> 383259.5 | J82: =IF(COUNT(L82:AG82)>1,STDEV(L82:AG82),"") -> 157587.07 | K82: =IF(COUNT(L82:AG82)>1,STDEV(L82:AG82)/AVERAGE(L82:AG82),"") -> 0.63351881 | M82: 483996 | N82: 425789 | O82: 369083 | P82: 195093 | Q82: 118495 | R82: 271559 | S82: 213504 | T82: 496559 | U82: 148927 | V82: 104463 | W82: 93120 | X82: 64398
C83: Interest and Dividend Income | D83: =IF(COUNT(L83:AG83)>0,MEDIAN(L83:AG83),"") -> 4681 | E83: =IF(COUNT(L83:AG83)>0,AVERAGE(L83:AG83),"") -> 6831.6667 | F83: =IF(COUNT(L83:AG83)>0,MIN(L83:AG83),"") -> 21 | G83: =IF(COUNT(L83:AG83)>0,MAX(L83:AG83),"") -> 23115 | H83: =IF(COUNT(L83:AG83)>0,QUARTILE(L83:AG83,1),"") -> 878 | I83: =IF(COUNT(L83:AG83)>0,QUARTILE(L83:AG83,3),"") -> 7053 | J83: =IF(COUNT(L83:AG83)>1,STDEV(L83:AG83),"") -> 8178.5396 | K83: =IF(COUNT(L83:AG83)>1,STDEV(L83:AG83)/AVERAGE(L83:AG83),"") -> 1.1971514 | M83: 23115 | N83: 17741 | O83: 5005 | P83: 878 | Q83: 2937 | R83: 7053 | S83: 4681 | T83: 54 | U83: 21
C84: Tax Effect of Unusual Items | D84: =IF(COUNT(L84:AG84)>0,MEDIAN(L84:AG84),"") -> 127.65258 | E84: =IF(COUNT(L84:AG84)>0,AVERAGE(L84:AG84),"") -> 925.1714 | F84: =IF(COUNT(L84:AG84)>0,MIN(L84:AG84),"") -> -1.2453087 | G84: =IF(COUNT(L84:AG84)>0,MAX(L84:AG84),"") -> 3233.144 | H84: =IF(COUNT(L84:AG84)>0,QUARTILE(L84:AG84,1),"") -> 0 | I84: =IF(COUNT(L84:AG84)>0,QUARTILE(L84:AG84,3),"") -> 1682.4 | J84: =IF(COUNT(L84:AG84)>1,STDEV(L84:AG84),"") -> 1178.7814 | K84: =IF(COUNT(L84:AG84)>1,STDEV(L84:AG84)/AVERAGE(L84:AG84),"") -> 1.2741222 | M84: 3233.144 | N84: 3017.118 | O84: 2217.918 | P84: 2863.103 | Q84: 1289.79 | R84: 1017.406 | S84: 2538.3691 | T84: 1682.4 | U84: 544.336 | V84: 898.608 | W84: 127.65258 | X84: -1.2453087 | Y84: 0 | Z84: 0 | AA84: 0 | AB84: 0 | AC84: 0 | AD84: 0 | AE84: 0 | AF84: 0 | AG84: 0
C85: Total Unusual Items | D85: =IF(COUNT(L85:AG85)>0,MEDIAN(L85:AG85),"") -> 2617 | E85: =IF(COUNT(L85:AG85)>0,AVERAGE(L85:AG85),"") -> 4400.1905 | F85: =IF(COUNT(L85:AG85)>0,MIN(L85:AG85),"") -> -52 | G85: =IF(COUNT(L85:AG85)>0,MAX(L85:AG85),"") -> 26267 | H85: =IF(COUNT(L85:AG85)>0,QUARTILE(L85:AG85,1),"") -> 0 | I85: =IF(COUNT(L85:AG85)>0,QUARTILE(L85:AG85,3),"") -> 4777 | J85: =IF(COUNT(L85:AG85)>1,STDEV(L85:AG85),"") -> 6436.4525 | K85: =IF(COUNT(L85:AG85)>1,STDEV(L85:AG85)/AVERAGE(L85:AG85),"") -> 1.4627668 | M85: 11672 | N85: 10699 | O85: 7086 | P85: 26267 | Q85: 4777 | R85: 4667 | S85: 11681 | T85: 4206 | U85: 2617 | V85: 4632 | W85: 4152 | X85: -52 | Y85: 0 | Z85: 0 | AA85: 0 | AB85: 0 | AC85: 0 | AD85: 0 | AE85: 0 | AF85: 0 | AG85: 0
C86: Total Unusual Items Excluding Goodwill | D86: =IF(COUNT(L86:AG86)>0,MEDIAN(L86:AG86),"") -> 2617 | E86: =IF(COUNT(L86:AG86)>0,AVERAGE(L86:AG86),"") -> 4400.1905 | F86: =IF(COUNT(L86:AG86)>0,MIN(L86:AG86),"") -> -52 | G86: =IF(COUNT(L86:AG86)>0,MAX(L86:AG86),"") -> 26267 | H86: =IF(COUNT(L86:AG86)>0,QUARTILE(L86:AG86,1),"") -> 0 | I86: =IF(COUNT(L86:AG86)>0,QUARTILE(L86:AG86,3),"") -> 4777 | J86: =IF(COUNT(L86:AG86)>1,STDEV(L86:AG86),"") -> 6436.4525 | K86: =IF(COUNT(L86:AG86)>1,STDEV(L86:AG86)/AVERAGE(L86:AG86),"") -> 1.4627668 | M86: 11672 | N86: 10699 | O86: 7086 | P86: 26267 | Q86: 4777 | R86: 4667 | S86: 11681 | T86: 4206 | U86: 2617 | V86: 4632 | W86: 4152 | X86: -52 | Y86: 0 | Z86: 0 | AA86: 0 | AB86: 0 | AC86: 0 | AD86: 0 | AE86: 0 | AF86: 0 | AG86: 0
C87: Cost of Revenue and Operating Expense | D87: =IF(COUNT(L87:AG87)>0,MEDIAN(L87:AG87),"") -> 367856 | E87: =IF(COUNT(L87:AG87)>0,AVERAGE(L87:AG87),"") -> 432858.42 | F87: =IF(COUNT(L87:AG87)>0,MIN(L87:AG87),"") -> 174971 | G87: =IF(COUNT(L87:AG87)>0,MAX(L87:AG87),"") -> 857456 | H87: =IF(COUNT(L87:AG87)>0,QUARTILE(L87:AG87,1),"") -> 261543 | I87: =IF(COUNT(L87:AG87)>0,QUARTILE(L87:AG87,3),"") -> 518463.5 | J87: =IF(COUNT(L87:AG87)>1,STDEV(L87:AG87),"") -> 232286.75 | K87: =IF(COUNT(L87:AG87)>1,STDEV(L87:AG87)/AVERAGE(L87:AG87),"") -> 0.53663448 | M87: 857456 | N87: 798462 | O87: 706694 | P87: 443628 | Q87: 346858 | R87: 455720 | S87: 388854 | T87: 282406 | U87: 262579 | V87: 258435 | W87: 218238 | X87: 174971
C88: Net Operating Profit After Tax (NOPAT) | D88: =IF(COUNT(L88:AG88)>0,MEDIAN(L88:AG88),"") -> 105214.35 | E88: =IF(COUNT(L88:AG88)>0,AVERAGE(L88:AG88),"") -> 115963.12 | F88: =IF(COUNT(L88:AG88)>0,MIN(L88:AG88),"") -> 34497.573 | G88: =IF(COUNT(L88:AG88)>0,MAX(L88:AG88),"") -> 229857.61 | H88: =IF(COUNT(L88:AG88)>0,QUARTILE(L88:AG88,1),"") -> 58297.695 | I88: =IF(COUNT(L88:AG88)>0,QUARTILE(L88:AG88,3),"") -> 170299.71 | J88: =IF(COUNT(L88:AG88)>1,STDEV(L88:AG88),"") -> 65541.809 | K88: =IF(COUNT(L88:AG88)>1,STDEV(L88:AG88)/AVERAGE(L88:AG88),"") -> 0.5651953 | M88: 229857.61 | N88: 196458.53 | O88: 167905 | P88: 117698.7 | Q88: 42597.4 | R88: 177483.82 | S88: 139216.73 | T88: 76770.8 | U88: 92730 | V88: 57916.494 | W88: 58424.762 | X88: 34497.573
C89: Income After Taxes | D89: =IF(COUNT(L89:AG89)>0,MEDIAN(L89:AG89),"") -> 63424 | E89: =IF(COUNT(L89:AG89)>0,AVERAGE(L89:AG89),"") -> 77998.417 | F89: =IF(COUNT(L89:AG89)>0,MIN(L89:AG89),"") -> -15204 | G89: =IF(COUNT(L89:AG89)>0,MAX(L89:AG89),"") -> 178285 | H89: =IF(COUNT(L89:AG89)>0,QUARTILE(L89:AG89,1),"") -> 37921.25 | I89: =IF(COUNT(L89:AG89)>0,QUARTILE(L89:AG89,3),"") -> 117045.5 | J89: =IF(COUNT(L89:AG89)>1,STDEV(L89:AG89),"") -> 57466.268 | K89: =IF(COUNT(L89:AG89)>1,STDEV(L89:AG89)/AVERAGE(L89:AG89),"") -> 0.73676198 | M89: 178285 | N89: 149029 | O89: 110923 | P89: 46301 | Q89: -15204 | R89: 135413 | S89: 103162 | T89: 55601 | U89: 71247 | V89: 38130 | W89: 37295 | X89: 25799
C90: Normalized Profitability Metrics | D90: =IF(COUNT(L90:AG90)>0,MEDIAN(L90:AG90),"") | E90: =IF(COUNT(L90:AG90)>0,AVERAGE(L90:AG90),"") | F90: =IF(COUNT(L90:AG90)>0,MIN(L90:AG90),"") | G90: =IF(COUNT(L90:AG90)>0,MAX(L90:AG90),"") | H90: =IF(COUNT(L90:AG90)>0,QUARTILE(L90:AG90,1),"") | I90: =IF(COUNT(L90:AG90)>0,QUARTILE(L90:AG90,3),"") | J90: =IF(COUNT(L90:AG90)>1,STDEV(L90:AG90),"") | K90: =IF(COUNT(L90:AG90)>1,STDEV(L90:AG90)/AVERAGE(L90:AG90),"")
C91: EBITDA (Normalized) | D91: =IF(COUNT(L91:AG91)>0,MEDIAN(L91:AG91),"") -> 203966 | E91: =IF(COUNT(L91:AG91)>0,AVERAGE(L91:AG91),"") -> 230680.33 | F91: =IF(COUNT(L91:AG91)>0,MIN(L91:AG91),"") -> 71198 | G91: =IF(COUNT(L91:AG91)>0,MAX(L91:AG91),"") -> 487710 | H91: =IF(COUNT(L91:AG91)>0,QUARTILE(L91:AG91,1),"") -> 122324.75 | I91: =IF(COUNT(L91:AG91)>0,QUARTILE(L91:AG91,3),"") -> 303091.25 | J91: =IF(COUNT(L91:AG91)>1,STDEV(L91:AG91),"") -> 136137.18 | K91: =IF(COUNT(L91:AG91)>1,STDEV(L91:AG91)/AVERAGE(L91:AG91),"") -> 0.59015514 | M91: 487710 | N91: 435376 | O91: 365834 | P91: 224444 | Q91: 118841 | R91: 282177 | S91: 223200 | T91: 184732 | U91: 150617 | V91: 123486 | W91: 100549 | X91: 71198
C92: EBIT (Normalized) | D92: =IF(COUNT(L92:AG92)>0,MEDIAN(L92:AG92),"") -> 174055 | E92: =IF(COUNT(L92:AG92)>0,AVERAGE(L92:AG92),"") -> 190686.5 | F92: =IF(COUNT(L92:AG92)>0,MIN(L92:AG92),"") -> 35292 | G92: =IF(COUNT(L92:AG92)>0,MAX(L92:AG92),"") -> 468670 | H92: =IF(COUNT(L92:AG92)>0,QUARTILE(L92:AG92,1),"") -> 74704.25 | I92: =IF(COUNT(L92:AG92)>0,QUARTILE(L92:AG92,3),"") -> 260879 | J92: =IF(COUNT(L92:AG92)>1,STDEV(L92:AG92),"") -> 130333.91 | K92: =IF(COUNT(L92:AG92)>1,STDEV(L92:AG92)/AVERAGE(L92:AG92),"") -> 0.68349835 | M92: 335322 | N92: 287075 | O92: 252147 | P92: 158560 | Q92: 69440 | R92: 231643 | S92: 189550 | T92: 468670 | U92: 119650 | V92: 76459 | W92: 64430 | X92: 35292
C93: EBITDAR (Normalized) | D93: =IF(COUNT(L93:AG93)>0,MEDIAN(L93:AG93),"") -> 223272.5 | E93: =IF(COUNT(L93:AG93)>0,AVERAGE(L93:AG93),"") -> 256449.17 | F93: =IF(COUNT(L93:AG93)>0,MIN(L93:AG93),"") -> 64346 | G93: =IF(COUNT(L93:AG93)>0,MAX(L93:AG93),"") -> 500765 | H93: =IF(COUNT(L93:AG93)>0,QUARTILE(L93:AG93,1),"") -> 119727.75 | I93: =IF(COUNT(L93:AG93)>0,QUARTILE(L93:AG93,3),"") -> 391248.75 | J93: =IF(COUNT(L93:AG93)>1,STDEV(L93:AG93),"") -> 159247.67 | K93: =IF(COUNT(L93:AG93)>1,STDEV(L93:AG93)/AVERAGE(L93:AG93),"") -> 0.62097167 | M93: 495668 | N93: 436488 | O93: 376169 | P93: 221360 | Q93: 123272 | R93: 276226 | S93: 225185 | T93: 500765 | U93: 151544 | V93: 109095 | W93: 97272 | X93: 64346
C94: Net Income (Normalized) | D94: =IF(COUNT(L94:AG94)>0,MEDIAN(L94:AG94),"") -> 84719.5 | E94: =IF(COUNT(L94:AG94)>0,AVERAGE(L94:AG94),"") -> 106313 | F94: =IF(COUNT(L94:AG94)>0,MIN(L94:AG94),"") -> 34006 | G94: =IF(COUNT(L94:AG94)>0,MAX(L94:AG94),"") -> 223754 | H94: =IF(COUNT(L94:AG94)>0,QUARTILE(L94:AG94,1),"") -> 64257.75 | I94: =IF(COUNT(L94:AG94)>0,QUARTILE(L94:AG94,3),"") -> 147124 | J94: =IF(COUNT(L94:AG94)>1,STDEV(L94:AG94),"") -> 61612.115 | K94: =IF(COUNT(L94:AG94)>1,STDEV(L94:AG94)/AVERAGE(L94:AG94),"") -> 0.5795351 | M94: 223754 | N94: 199009 | O94: 148528 | P94: 71501 | Q94: 87166 | R94: 146656 | S94: 119513 | T94: 82273 | U94: 67932 | V94: 53235 | W94: 42183 | X94: 34006
C95: Analyst Normalized Profitability Metrics | D95: =IF(COUNT(L95:AG95)>0,MEDIAN(L95:AG95),"") | E95: =IF(COUNT(L95:AG95)>0,AVERAGE(L95:AG95),"") | F95: =IF(COUNT(L95:AG95)>0,MIN(L95:AG95),"") | G95: =IF(COUNT(L95:AG95)>0,MAX(L95:AG95),"") | H95: =IF(COUNT(L95:AG95)>0,QUARTILE(L95:AG95,1),"") | I95: =IF(COUNT(L95:AG95)>0,QUARTILE(L95:AG95,3),"") | J95: =IF(COUNT(L95:AG95)>1,STDEV(L95:AG95),"") | K95: =IF(COUNT(L95:AG95)>1,STDEV(L95:AG95)/AVERAGE(L95:AG95),"")
C96: EBITDA (Analyst Normalized) | D96: =IF(COUNT(L96:AG96)>0,MEDIAN(L96:AG96),"") -> 277942 | E96: =IF(COUNT(L96:AG96)>0,AVERAGE(L96:AG96),"") -> 331201.8 | F96: =IF(COUNT(L96:AG96)>0,MIN(L96:AG96),"") -> 143156 | G96: =IF(COUNT(L96:AG96)>0,MAX(L96:AG96),"") -> 542817 | H96: =IF(COUNT(L96:AG96)>0,QUARTILE(L96:AG96,1),"") -> 222721 | I96: =IF(COUNT(L96:AG96)>0,QUARTILE(L96:AG96,3),"") -> 473800.75 | J96: =IF(COUNT(L96:AG96)>1,STDEV(L96:AG96),"") -> 154835.24 | K96: =IF(COUNT(L96:AG96)>1,STDEV(L96:AG96)/AVERAGE(L96:AG96),"") -> 0.46749517 | M96: 542118 | N96: 490773 | O96: 422884 | P96: 229522 | Q96: 143156 | R96: 302155 | S96: 253729 | T96: 542817 | U96: 220454 | V96: 164410
C97: EBIT (Analyst Normalized) | D97: =IF(COUNT(L97:AG97)>0,MEDIAN(L97:AG97),"") -> 237833 | E97: =IF(COUNT(L97:AG97)>0,AVERAGE(L97:AG97),"") -> 258476.2 | F97: =IF(COUNT(L97:AG97)>0,MIN(L97:AG97),"") -> 89324 | G97: =IF(COUNT(L97:AG97)>0,MAX(L97:AG97),"") -> 510722 | H97: =IF(COUNT(L97:AG97)>0,QUARTILE(L97:AG97,1),"") -> 172181.5 | I97: =IF(COUNT(L97:AG97)>0,QUARTILE(L97:AG97,3),"") -> 330735.5 | J97: =IF(COUNT(L97:AG97)>1,STDEV(L97:AG97),"") -> 127773.71 | K97: =IF(COUNT(L97:AG97)>1,STDEV(L97:AG97)/AVERAGE(L97:AG97),"") -> 0.49433454 | M97: 381772 | N97: 341360 | O97: 298862 | P97: 166722 | Q97: 89324 | R97: 257572 | S97: 218094 | T97: 510722 | U97: 188560 | V97: 131774
C98: Net Income (Analyst Normalized) | D98: =IF(COUNT(L98:AG98)>0,MEDIAN(L98:AG98),"") -> 98600.105 | E98: =IF(COUNT(L98:AG98)>0,AVERAGE(L98:AG98),"") -> 107537.19 | F98: =IF(COUNT(L98:AG98)>0,MIN(L98:AG98),"") -> 3324 | G98: =IF(COUNT(L98:AG98)>0,MAX(L98:AG98),"") -> 221900 | H98: =IF(COUNT(L98:AG98)>0,QUARTILE(L98:AG98,1),"") -> 68009.319 | I98: =IF(COUNT(L98:AG98)>0,QUARTILE(L98:AG98,3),"") -> 137548.51 | J98: =IF(COUNT(L98:AG98)>1,STDEV(L98:AG98),"") -> 66029.007 | K98: =IF(COUNT(L98:AG98)>1,STDEV(L98:AG98)/AVERAGE(L98:AG98),"") -> 0.61401092 | M98: 221900 | N98: 190407.96 | O98: 134407.6 | P98: 68646 | Q98: 3324 | R98: 138595.48 | S98: 114869.26 | T98: 82330.95 | U98: 67797.092 | V98: 53093.528
C99: EPS (Analyst Normalized) | D99: =IF(COUNT(L99:AG99)>0,MEDIAN(L99:AG99),"") -> 1.032278 | E99: =IF(COUNT(L99:AG99)>0,AVERAGE(L99:AG99),"") -> 1.2269023 | F99: =IF(COUNT(L99:AG99)>0,MIN(L99:AG99),"") -> 0.029932 | G99: =IF(COUNT(L99:AG99)>0,MAX(L99:AG99),"") -> 2.581832 | H99: =IF(COUNT(L99:AG99)>0,QUARTILE(L99:AG99,1),"") -> 0.76654475 | I99: =IF(COUNT(L99:AG99)>0,QUARTILE(L99:AG99,3),"") -> 1.630113 | J99: =IF(COUNT(L99:AG99)>1,STDEV(L99:AG99),"") -> 0.7919255 | K99: =IF(COUNT(L99:AG99)>1,STDEV(L99:AG99)/AVERAGE(L99:AG99),"") -> 0.64546745 | M99: 2.581832 | N99: 2.249863 | O99: 1.640295 | P99: 0.809897 | Q99: 0.029932 | R99: 1.599567 | S99: 1.224563 | T99: 0.839993 | U99: 0.752094 | V99: 0.540987
C100: Data Origination | D100: =IF(COUNT(L100:AG100)>0,MEDIAN(L100:AG100),"") | E100: =IF(COUNT(L100:AG100)>0,AVERAGE(L100:AG100),"") | F100: =IF(COUNT(L100:AG100)>0,MIN(L100:AG100),"") | G100: =IF(COUNT(L100:AG100)>0,MAX(L100:AG100),"") | H100: =IF(COUNT(L100:AG100)>0,QUARTILE(L100:AG100,1),"") | I100: =IF(COUNT(L100:AG100)>0,QUARTILE(L100:AG100,3),"") | J100: =IF(COUNT(L100:AG100)>1,STDEV(L100:AG100),"") | K100: =IF(COUNT(L100:AG100)>1,STDEV(L100:AG100)/AVERAGE(L100:AG100),"")
C101: Preliminary | D101: =IF(COUNT(L101:AG101)>0,MEDIAN(L101:AG101),"") | E101: =IF(COUNT(L101:AG101)>0,AVERAGE(L101:AG101),"") | F101: =IF(COUNT(L101:AG101)>0,MIN(L101:AG101),"") | G101: =IF(COUNT(L101:AG101)>0,MAX(L101:AG101),"") | H101: =IF(COUNT(L101:AG101)>0,QUARTILE(L101:AG101,1),"") | I101: =IF(COUNT(L101:AG101)>0,QUARTILE(L101:AG101,3),"") | J101: =IF(COUNT(L101:AG101)>1,STDEV(L101:AG101),"") | K101: =IF(COUNT(L101:AG101)>1,STDEV(L101:AG101)/AVERAGE(L101:AG101),"") | M101: No | N101: No | O101: No | P101: No | Q101: No | R101: No | S101: No | T101: No | U101: No | V101: No | W101: No | X101: No | Y101: No | Z101: No | AA101: No | AB101: No | AC101: No | AD101: No | AE101: No | AF101: No | AG101: No
C102: Original | D102: =IF(COUNT(L102:AG102)>0,MEDIAN(L102:AG102),"") | E102: =IF(COUNT(L102:AG102)>0,AVERAGE(L102:AG102),"") | F102: =IF(COUNT(L102:AG102)>0,MIN(L102:AG102),"") | G102: =IF(COUNT(L102:AG102)>0,MAX(L102:AG102),"") | H102: =IF(COUNT(L102:AG102)>0,QUARTILE(L102:AG102,1),"") | I102: =IF(COUNT(L102:AG102)>0,QUARTILE(L102:AG102,3),"") | J102: =IF(COUNT(L102:AG102)>1,STDEV(L102:AG102),"") | K102: =IF(COUNT(L102:AG102)>1,STDEV(L102:AG102)/AVERAGE(L102:AG102),"") | M102: No | N102: No | O102: No | P102: No | Q102: No | R102: No | S102: No | T102: No | U102: No | V102: No | W102: No | X102: No | Y102: Yes | Z102: Yes | AA102: Yes | AB102: Yes | AC102: Yes | AD102: Yes | AE102: Yes | AF102: Yes | AG102: Yes
C103: Restated | D103: =IF(COUNT(L103:AG103)>0,MEDIAN(L103:AG103),"") | E103: =IF(COUNT(L103:AG103)>0,AVERAGE(L103:AG103),"") | F103: =IF(COUNT(L103:AG103)>0,MIN(L103:AG103),"") | G103: =IF(COUNT(L103:AG103)>0,MAX(L103:AG103),"") | H103: =IF(COUNT(L103:AG103)>0,QUARTILE(L103:AG103,1),"") | I103: =IF(COUNT(L103:AG103)>0,QUARTILE(L103:AG103,3),"") | J103: =IF(COUNT(L103:AG103)>1,STDEV(L103:AG103),"") | K103: =IF(COUNT(L103:AG103)>1,STDEV(L103:AG103)/AVERAGE(L103:AG103),"") | M103: Yes | N103: Yes | O103: Yes | P103: Yes | Q103: Yes | R103: Yes | S103: Yes | T103: Yes | U103: Yes | V103: Yes | W103: Yes | X103: Yes | Y103: No | Z103: No | AA103: No | AB103: No | AC103: No | AD103: No | AE103: No | AF103: No | AG103: No
C104: Calculated | D104: =IF(COUNT(L104:AG104)>0,MEDIAN(L104:AG104),"") | E104: =IF(COUNT(L104:AG104)>0,AVERAGE(L104:AG104),"") | F104: =IF(COUNT(L104:AG104)>0,MIN(L104:AG104),"") | G104: =IF(COUNT(L104:AG104)>0,MAX(L104:AG104),"") | H104: =IF(COUNT(L104:AG104)>0,QUARTILE(L104:AG104,1),"") | I104: =IF(COUNT(L104:AG104)>0,QUARTILE(L104:AG104,3),"") | J104: =IF(COUNT(L104:AG104)>1,STDEV(L104:AG104),"") | K104: =IF(COUNT(L104:AG104)>1,STDEV(L104:AG104)/AVERAGE(L104:AG104),"") | M104: No | N104: No | O104: No | P104: No | Q104: No | R104: No | S104: No | T104: No | U104: No | V104: No | W104: No | X104: No | Y104: No | Z104: No | AA104: No | AB104: No | AC104: No | AD104: No | AE104: No | AF104: No | AG104: No
...

Sheet BS
C3: Balance Sheet (Fiscal Year)
C4: Downloaded On: 12-Feb-2026 | D4: Summary Stats
C5: Company: Planet Fitness (NYS: PLNT) | D5: Median | E5: Mean | F5: Min | G5: Max | H5: 25th pctile | I5: 75th pctile | J5: Std. Dev | K5: Coefficient of Variation | M5: FY 2024 | N5: FY 2023 | O5: FY 2022 | P5: FY 2021 | Q5: FY 2020 | R5: FY 2019 | S5: FY 2018 | T5: FY 2017 | U5: FY 2016 | V5: FY 2015 | W5: FY 2014 | X5: FY 2013
C7: Amounts in Thousands, USD (except Ratios, Multiples & per share items)
M9: Filed: 25-Feb-2025 | N9: Filed: 25-Feb-2025 | O9: Filed: 29-Feb-2024 | P9: Filed: 01-Mar-2023 | Q9: Filed: 01-Mar-2022 | R9: Filed: 01-Mar-2021 | S9: Filed: 28-Feb-2020 | T9: Filed: 01-Mar-2019 | U9: Filed: 01-Mar-2018 | V9: Filed: 06-Mar-2017 | W9: Filed: 04-Mar-2016 | X9: Filed: 06-Aug-2015
M10: View 10-K | N10: View 10-K | O10: View 10-K | P10: View 10-K | Q10: View 10-K | R10: View 10-K | S10: View 10-K | T10: View 10-K | U10: View 10-K | V10: View 10-K | W10: View 10-K | X10: View 10-K
C11: Assets | D11: =IF(COUNT(L11:X11)>0,MEDIAN(L11:X11),"") | E11: =IF(COUNT(L11:X11)>0,AVERAGE(L11:X11),"") | F11: =IF(COUNT(L11:X11)>0,MIN(L11:X11),"") | G11: =IF(COUNT(L11:X11)>0,MAX(L11:X11),"") | H11: =IF(COUNT(L11:X11)>0,QUARTILE(L11:X11,1),"") | I11: =IF(COUNT(L11:X11)>0,QUARTILE(L11:X11,3),"") | J11: =IF(COUNT(L11:X11)>1,STDEV(L11:X11),"") | K11: =IF(COUNT(L11:X11)>1,STDEV(L11:X11)/AVERAGE(L11:X11),"")
C12: Current Assets | D12: =IF(COUNT(L12:X12)>0,MEDIAN(L12:X12),"") | E12: =IF(COUNT(L12:X12)>0,AVERAGE(L12:X12),"") | F12: =IF(COUNT(L12:X12)>0,MIN(L12:X12),"") | G12: =IF(COUNT(L12:X12)>0,MAX(L12:X12),"") | H12: =IF(COUNT(L12:X12)>0,QUARTILE(L12:X12,1),"") | I12: =IF(COUNT(L12:X12)>0,QUARTILE(L12:X12,3),"") | J12: =IF(COUNT(L12:X12)>1,STDEV(L12:X12),"") | K12: =IF(COUNT(L12:X12)>1,STDEV(L12:X12)/AVERAGE(L12:X12),"")
C13: Cash, Cash Equivalents and Short Term Investments | D13: =IF(COUNT(L13:X13)>0,MEDIAN(L13:X13),"") | E13: =IF(COUNT(L13:X13)>0,AVERAGE(L13:X13),"") | F13: =IF(COUNT(L13:X13)>0,MIN(L13:X13),"") | G13: =IF(COUNT(L13:X13)>0,MAX(L13:X13),"") | H13: =IF(COUNT(L13:X13)>0,QUARTILE(L13:X13,1),"") | I13: =IF(COUNT(L13:X13)>0,QUARTILE(L13:X13,3),"") | J13: =IF(COUNT(L13:X13)>1,STDEV(L13:X13),"") | K13: =IF(COUNT(L13:X13)>1,STDEV(L13:X13)/AVERAGE(L13:X13),"")
C14: Cash and Cash Equivalents | D14: =IF(COUNT(L14:X14)>0,MEDIAN(L14:X14),"") -> 282636.5 | E14: =IF(COUNT(L14:X14)>0,AVERAGE(L14:X14),"") -> 245780.58 | F14: =IF(COUNT(L14:X14)>0,MIN(L14:X14),"") -> 31267 | G14: =IF(COUNT(L14:X14)>0,MAX(L14:X14),"") -> 545909 | H14: =IF(COUNT(L14:X14)>0,QUARTILE(L14:X14,1),"") -> 42566.5 | I14: =IF(COUNT(L14:X14)>0,QUARTILE(L14:X14,3),"") -> 416444 | J14: =IF(COUNT(L14:X14)>1,STDEV(L14:X14),"") -> 187956.19 | K14: =IF(COUNT(L14:X14)>1,STDEV(L14:X14)/AVERAGE(L14:X14),"") -> 0.76473165 | M14: 293150 | N14: 275842 | O14: 409840 | P14: 545909 | Q14: 439478 | R14: 436256 | S14: 289431 | T14: 113080 | U14: 40393 | V14: 31430 | W14: 43291 | X14: 31267
C15: Short Term Investments | D15: =IF(COUNT(L15:X15)>0,MEDIAN(L15:X15),"") | E15: =IF(COUNT(L15:X15)>0,AVERAGE(L15:X15),"") | F15: =IF(COUNT(L15:X15)>0,MIN(L15:X15),"") | G15: =IF(COUNT(L15:X15)>0,MAX(L15:X15),"") | H15: =IF(COUNT(L15:X15)>0,QUARTILE(L15:X15,1),"") | I15: =IF(COUNT(L15:X15)>0,QUARTILE(L15:X15,3),"") | J15: =IF(COUNT(L15:X15)>1,STDEV(L15:X15),"") | K15: =IF(COUNT(L15:X15)>1,STDEV(L15:X15)/AVERAGE(L15:X15),"")
C16: Available-for-Sale Securities, Current | D16: =IF(COUNT(L16:X16)>0,MEDIAN(L16:X16),"") -> 74901 | E16: =IF(COUNT(L16:X16)>0,AVERAGE(L16:X16),"") -> 63021.333 | F16: =IF(COUNT(L16:X16)>0,MIN(L16:X16),"") -> 0 | G16: =IF(COUNT(L16:X16)>0,MAX(L16:X16),"") -> 114163 | H16: =IF(COUNT(L16:X16)>0,QUARTILE(L16:X16,1),"") -> 37450.5 | I16: =IF(COUNT(L16:X16)>0,QUARTILE(L16:X16,3),"") -> 94532 | J16: =IF(COUNT(L16:X16)>1,STDEV(L16:X16),"") -> 58001.228 | K16: =IF(COUNT(L16:X16)>1,STDEV(L16:X16)/AVERAGE(L16:X16),"") -> 0.92034277 | M16: 114163 | N16: 74901 | O16: 0
C17: Total Short Term Investments | D17: =IF(COUNT(L17:X17)>0,MEDIAN(L17:X17),"") -> 74901 | E17: =IF(COUNT(L17:X17)>0,AVERAGE(L17:X17),"") -> 63021.333 | F17: =IF(COUNT(L17:X17)>0,MIN(L17:X17),"") -> 0 | G17: =IF(COUNT(L17:X17)>0,MAX(L17:X17),"") -> 114163 | H17: =IF(COUNT(L17:X17)>0,QUARTILE(L17:X17,1),"") -> 37450.5 | I17: =IF(COUNT(L17:X17)>0,QUARTILE(L17:X17,3),"") -> 94532 | J17: =IF(COUNT(L17:X17)>1,STDEV(L17:X17),"") -> 58001.228 | K17: =IF(COUNT(L17:X17)>1,STDEV(L17:X17)/AVERAGE(L17:X17),"") -> 0.92034277 | M17: 114163 | N17: 74901 | O17: 0
C18: Total Cash, Cash Equivalents and Short Term Investments | D18: =IF(COUNT(L18:X18)>0,MEDIAN(L18:X18),"") -> 320087 | E18: =IF(COUNT(L18:X18)>0,AVERAGE(L18:X18),"") -> 261535.92 | F18: =IF(COUNT(L18:X18)>0,MIN(L18:X18),"") -> 31267 | G18: =IF(COUNT(L18:X18)>0,MAX(L18:X18),"") -> 545909 | H18: =IF(COUNT(L18:X18)>0,QUARTILE(L18:X18,1),"") -> 42566.5 | I18: =IF(COUNT(L18:X18)>0,QUARTILE(L18:X18,3),"") -> 416444 | J18: =IF(COUNT(L18:X18)>1,STDEV(L18:X18),"") -> 195305.43 | K18: =IF(COUNT(L18:X18)>1,STDEV(L18:X18)/AVERAGE(L18:X18),"") -> 0.74676334 | M18: 407313 | N18: 350743 | O18: 409840 | P18: 545909 | Q18: 439478 | R18: 436256 | S18: 289431 | T18: 113080 | U18: 40393 | V18: 31430 | W18: 43291 | X18: 31267
C19: Cash Restricted or Pledged, Current | D19: =IF(COUNT(L19:X19)>0,MEDIAN(L19:X19),"") -> 42539 | E19: =IF(COUNT(L19:X19)>0,AVERAGE(L19:X19),"") -> 34540.818 | F19: =IF(COUNT(L19:X19)>0,MIN(L19:X19),"") -> 499 | G19: =IF(COUNT(L19:X19)>0,MAX(L19:X19),"") -> 76322 | H19: =IF(COUNT(L19:X19)>0,QUARTILE(L19:X19,1),"") -> 2518 | I19: =IF(COUNT(L19:X19)>0,QUARTILE(L19:X19,3),"") -> 57278 | J19: =IF(COUNT(L19:X19)>1,STDEV(L19:X19),"") -> 28460.132 | K19: =IF(COUNT(L19:X19)>1,STDEV(L19:X19)/AVERAGE(L19:X19),"") -> 0.8239565 | M19: 56524 | N19: 46279 | O19: 62659 | P19: 58032 | Q19: 76322 | R19: 42539 | S19: 30708 | T19: 499 | U19: 3074 | V19: 1962 | X19: 1351
C20: Inventories | D20: =IF(COUNT(L20:X20)>0,MEDIAN(L20:X20),"") -> 2852 | E20: =IF(COUNT(L20:X20)>0,AVERAGE(L20:X20),"") -> 3168.5 | F20: =IF(COUNT(L20:X20)>0,MIN(L20:X20),"") -> 473 | G20: =IF(COUNT(L20:X20)>0,MAX(L20:X20),"") -> 6146 | H20: =IF(COUNT(L20:X20)>0,QUARTILE(L20:X20,1),"") -> 1640.25 | I20: =IF(COUNT(L20:X20)>0,QUARTILE(L20:X20,3),"") -> 4788.25 | J20: =IF(COUNT(L20:X20)>1,STDEV(L20:X20),"") -> 1926.6309 | K20: =IF(COUNT(L20:X20)>1,STDEV(L20:X20)/AVERAGE(L20:X20),"") -> 0.60805771 | M20: 6146 | N20: 4677 | O20: 5266 | P20: 1155 | Q20: 473 | R20: 877 | S20: 5122 | T20: 2692 | U20: 1802 | V20: 4557 | W20: 3012 | X20: 2243
C21: Trade and Other Receivables, Current | D21: =IF(COUNT(L21:X21)>0,MEDIAN(L21:X21),"") | E21: =IF(COUNT(L21:X21)>0,AVERAGE(L21:X21),"") | F21: =IF(COUNT(L21:X21)>0,MIN(L21:X21),"") | G21: =IF(COUNT(L21:X21)>0,MAX(L21:X21),"") | H21: =IF(COUNT(L21:X21)>0,QUARTILE(L21:X21,1),"") | I21: =IF(COUNT(L21:X21)>0,QUARTILE(L21:X21,3),"") | J21: =IF(COUNT(L21:X21)>1,STDEV(L21:X21),"") | K21: =IF(COUNT(L21:X21)>1,STDEV(L21:X21)/AVERAGE(L21:X21),"")
C22: Trade/Accounts Receivable, Current | D22: =IF(COUNT(L22:X22)>0,MEDIAN(L22:X22),"") | E22: =IF(COUNT(L22:X22)>0,AVERAGE(L22:X22),"") | F22: =IF(COUNT(L22:X22)>0,MIN(L22:X22),"") | G22: =IF(COUNT(L22:X22)>0,MAX(L22:X22),"") | H22: =IF(COUNT(L22:X22)>0,QUARTILE(L22:X22,1),"") | I22: =IF(COUNT(L22:X22)>0,QUARTILE(L22:X22,3),"") | J22: =IF(COUNT(L22:X22)>1,STDEV(L22:X22),"") | K22: =IF(COUNT(L22:X22)>1,STDEV(L22:X22)/AVERAGE(L22:X22),"")
C23: Gross Trade/Accounts Receivable, Current | D23: =IF(COUNT(L23:X23)>0,MEDIAN(L23:X23),"") -> 32432 | E23: =IF(COUNT(L23:X23)>0,AVERAGE(L23:X23),"") -> 34235.167 | F23: =IF(COUNT(L23:X23)>0,MIN(L23:X23),"") -> 16135 | G23: =IF(COUNT(L23:X23)>0,MAX(L23:X23),"") -> 77175 | H23: =IF(COUNT(L23:X23)>0,QUARTILE(L23:X23,1),"") -> 19699.5 | I23: =IF(COUNT(L23:X23)>0,QUARTILE(L23:X23,3),"") -> 42012.25 | J23: =IF(COUNT(L23:X23)>1,STDEV(L23:X23),"") -> 17335.091 | K23: =IF(COUNT(L23:X23)>1,STDEV(L23:X23)/AVERAGE(L23:X23),"") -> 0.50635334 | M23: 77175 | N23: 41890 | O23: 46242 | P23: 27257 | Q23: 16454 | R23: 42379 | S23: 39044 | T23: 37304 | U23: 27560 | V23: 19708 | W23: 19674 | X23: 16135
C24: Allowance/Adjustments for Trade/Accounts Receivable, Current | D24: =IF(COUNT(L24:X24)>0,MEDIAN(L24:X24),"") -> -58 | E24: =IF(COUNT(L24:X24)>0,AVERAGE(L24:X24),"") -> -194.25 | F24: =IF(COUNT(L24:X24)>0,MIN(L24:X24),"") -> -687 | G24: =IF(COUNT(L24:X24)>0,MAX(L24:X24),"") -> 0 | H24: =IF(COUNT(L24:X24)>0,QUARTILE(L24:X24,1),"") -> -363.75 | I24: =IF(COUNT(L24:X24)>0,QUARTILE(L24:X24,3),"") -> -5.25 | J24: =IF(COUNT(L24:X24)>1,STDEV(L24:X24),"") -> 255.71082 | K24: =IF(COUNT(L24:X24)>1,STDEV(L24:X24)/AVERAGE(L24:X24),"") -> -1.3164006 | M24: -30 | N24: 0 | O24: 0 | P24: 0 | Q24: -7 | R24: -111 | S24: -84 | T24: -32 | U24: -687 | V24: -629 | W24: -399 | X24: -352
C25: Total Trade/Accounts Receivable, Current | D25: =IF(COUNT(L25:X25)>0,MEDIAN(L25:X25),"") -> 32264.5 | E25: =IF(COUNT(L25:X25)>0,AVERAGE(L25:X25),"") -> 34040.917 | F25: =IF(COUNT(L25:X25)>0,MIN(L25:X25),"") -> 15783 | G25: =IF(COUNT(L25:X25)>0,MAX(L25:X25),"") -> 77145 | H25: =IF(COUNT(L25:X25)>0,QUARTILE(L25:X25,1),"") -> 19226 | I25: =IF(COUNT(L25:X25)>0,QUARTILE(L25:X25,3),"") -> 41984.5 | J25: =IF(COUNT(L25:X25)>1,STDEV(L25:X25),"") -> 17458.907 | K25: =IF(COUNT(L25:X25)>1,STDEV(L25:X25)/AVERAGE(L25:X25),"") -> 0.51288006 | M25: 77145 | N25: 41890 | O25: 46242 | P25: 27257 | Q25: 16447 | R25: 42268 | S25: 38960 | T25: 37272 | U25: 26873 | V25: 19079 | W25: 19275 | X25: 15783
C26: Notes Receivable, Current | D26: =IF(COUNT(L26:X26)>0,MEDIAN(L26:X26),"") -> 901.5 | E26: =IF(COUNT(L26:X26)>0,AVERAGE(L26:X26),"") -> 901.5 | F26: =IF(COUNT(L26:X26)>0,MIN(L26:X26),"") -> 513 | G26: =IF(COUNT(L26:X26)>0,MAX(L26:X26),"") -> 1290 | H26: =IF(COUNT(L26:X26)>0,QUARTILE(L26:X26,1),"") -> 707.25 | I26: =IF(COUNT(L26:X26)>0,QUARTILE(L26:X26,3),"") -> 1095.75 | J26: =IF(COUNT(L26:X26)>1,STDEV(L26:X26),"") -> 549.42197 | K26: =IF(COUNT(L26:X26)>1,STDEV(L26:X26)/AVERAGE(L26:X26),"") -> 0.6094531 | W26: 1290 | X26: 513
C27: Taxes Receivable, Current | D27: =IF(COUNT(L27:X27)>0,MEDIAN(L27:X27),"") -> 4183 | E27: =IF(COUNT(L27:X27)>0,AVERAGE(L27:X27),"") -> 3994.6 | F27: =IF(COUNT(L27:X27)>0,MIN(L27:X27),"") -> 0 | G27: =IF(COUNT(L27:X27)>0,MAX(L27:X27),"") -> 6947 | H27: =IF(COUNT(L27:X27)>0,QUARTILE(L27:X27,1),"") -> 2790.5 | I27: =IF(COUNT(L27:X27)>0,QUARTILE(L27:X27,3),"") -> 5468.5 | J27: =IF(COUNT(L27:X27)>1,STDEV(L27:X27),"") -> 2339.3231 | K27: =IF(COUNT(L27:X27)>1,STDEV(L27:X27)/AVERAGE(L27:X27),"") -> 0.58562137 | M27: 2616 | N27: 3314 | O27: 5471 | P27: 3673 | Q27: 5461 | R27: 947 | S27: 6824 | T27: 6947 | U27: 4693 | V27: 0
C28: Amount Due From Related Parties, Current | D28: =IF(COUNT(L28:X28)>0,MEDIAN(L28:X28),"") -> 2864 | E28: =IF(COUNT(L28:X28)>0,AVERAGE(L28:X28),"") -> 2659.4 | F28: =IF(COUNT(L28:X28)>0,MIN(L28:X28),"") -> 1141 | G28: =IF(COUNT(L28:X28)>0,MAX(L28:X28),"") -> 4940 | H28: =IF(COUNT(L28:X28)>0,QUARTILE(L28:X28,1),"") -> 1332 | I28: =IF(COUNT(L28:X28)>0,QUARTILE(L28:X28,3),"") -> 3020 | J28: =IF(COUNT(L28:X28)>1,STDEV(L28:X28),"") -> 1536.2746 | K28: =IF(COUNT(L28:X28)>1,STDEV(L28:X28)/AVERAGE(L28:X28),"") -> 0.57767716 | T28: 3020 | U28: 2864 | V28: 4940 | W28: 1141 | X28: 1332
C29: Other Receivables, Current | D29: =IF(COUNT(L29:X29)>0,MEDIAN(L29:X29),"") -> 11810 | E29: =IF(COUNT(L29:X29)>0,AVERAGE(L29:X29),"") -> 11819.2 | F29: =IF(COUNT(L29:X29)>0,MIN(L29:X29),"") -> 5825 | G29: =IF(COUNT(L29:X29)>0,MAX(L29:X29),"") -> 16776 | H29: =IF(COUNT(L29:X29)>0,QUARTILE(L29:X29,1),"") -> 9310 | I29: =IF(COUNT(L29:X29)>0,QUARTILE(L29:X29,3),"") -> 14611 | J29: =IF(COUNT(L29:X29)>1,STDEV(L29:X29),"") -> 3737.1565 | K29: =IF(COUNT(L29:X29)>1,STDEV(L29:X29)/AVERAGE(L29:X29),"") -> 0.31619369 | M29: 16776 | N29: 11072 | O29: 14975 | P29: 13519 | Q29: 16754 | R29: 9226 | S29: 12548 | T29: 9562 | U29: 7935 | V29: 5825
C30: Total Trade and Other Receivables, Current | D30: =IF(COUNT(L30:X30)>0,MEDIAN(L30:X30),"") -> 48445 | E30: =IF(COUNT(L30:X30)>0,AVERAGE(L30:X30),"") -> 48477.417 | F30: =IF(COUNT(L30:X30)>0,MIN(L30:X30),"") -> 17628 | G30: =IF(COUNT(L30:X30)>0,MAX(L30:X30),"") -> 96537 | H30: =IF(COUNT(L30:X30)>0,QUARTILE(L30:X30,1),"") -> 36457.5 | I30: =IF(COUNT(L30:X30)>0,QUARTILE(L30:X30,3),"") -> 57183.75 | J30: =IF(COUNT(L30:X30)>1,STDEV(L30:X30),"") -> 21425.99 | K30: =IF(COUNT(L30:X30)>1,STDEV(L30:X30)/AVERAGE(L30:X30),"") -> 0.44197878 | M30: 96537 | N30: 56276 | O30: 66688 | P30: 44449 | Q30: 38662 | R30: 52441 | S30: 58332 | T30: 56801 | U30: 42365 | V30: 29844 | W30: 21706 | X30: 17628
C31: Prepayments and Deposits, Current | D31: =IF(COUNT(L31:X31)>0,MEDIAN(L31:X31),"") -> 6588.5 | E31: =IF(COUNT(L31:X31)>0,AVERAGE(L31:X31),"") -> 8728.4167 | F31: =IF(COUNT(L31:X31)>0,MIN(L31:X31),"") -> 3573 | G31: =IF(COUNT(L31:X31)>0,MAX(L31:X31),"") -> 21499 | H31: =IF(COUNT(L31:X31)>0,QUARTILE(L31:X31,1),"") -> 4248.5 | I31: =IF(COUNT(L31:X31)>0,QUARTILE(L31:X31,3),"") -> 12128 | J31: =IF(COUNT(L31:X31)>1,STDEV(L31:X31),"") -> 5596.732 | K31: =IF(COUNT(L31:X31)>1,STDEV(L31:X31)/AVERAGE(L31:X31),"") -> 0.64120816 | M31: 21499 | N31: 13842 | O31: 11078 | P31: 12869 | Q31: 11881 | R31: 8025 | S31: 4947 | T31: 3929 | U31: 3591 | V31: 5152 | W31: 4355 | X31: 3573
C32: Other Current Assets | D32: =IF(COUNT(L32:X32)>0,MEDIAN(L32:X32),"") -> 2219.5 | E32: =IF(COUNT(L32:X32)>0,AVERAGE(L32:X32),"") -> 2219.5 | F32: =IF(COUNT(L32:X32)>0,MIN(L32:X32),"") -> 1485 | G32: =IF(COUNT(L32:X32)>0,MAX(L32:X32),"") -> 2954 | H32: =IF(COUNT(L32:X32)>0,QUARTILE(L32:X32,1),"") -> 1852.25 | I32: =IF(COUNT(L32:X32)>0,QUARTILE(L32:X32,3),"") -> 2586.75 | J32: =IF(COUNT(L32:X32)>1,STDEV(L32:X32),"") -> 1038.7399 | K32: =IF(COUNT(L32:X32)>1,STDEV(L32:X32)/AVERAGE(L32:X32),"") -> 0.46800625 | W32: 2954 | X32: 1485
C33: Total Current Assets | D33: =IF(COUNT(L33:X33)>0,MEDIAN(L33:X33),"") -> 430178.5 | E33: =IF(COUNT(L33:X33)>0,AVERAGE(L33:X33),"") -> 353942.58 | F33: =IF(COUNT(L33:X33)>0,MIN(L33:X33),"") -> 57547 | G33: =IF(COUNT(L33:X33)>0,MAX(L33:X33),"") -> 662414 | H33: =IF(COUNT(L33:X33)>0,QUARTILE(L33:X33,1),"") -> 87248.25 | I33: =IF(COUNT(L33:X33)>0,QUARTILE(L33:X33,3),"") -> 558352.25 | J33: =IF(COUNT(L33:X33)>1,STDEV(L33:X33),"") -> 239398.86 | K33: =IF(COUNT(L33:X33)>1,STDEV(L33:X33)/AVERAGE(L33:X33),"") -> 0.67637767 | M33: 588019 | N33: 471817 | O33: 555531 | P33: 662414 | Q33: 566816 | R33: 540138 | S33: 388540 | T33: 177001 | U33: 91225 | V33: 72945 | W33: 75318 | X33: 57547
C34: Non-Current Assets | D34: =IF(COUNT(L34:X34)>0,MEDIAN(L34:X34),"") | E34: =IF(COUNT(L34:X34)>0,AVERAGE(L34:X34),"") | F34: =IF(COUNT(L34:X34)>0,MIN(L34:X34),"") | G34: =IF(COUNT(L34:X34)>0,MAX(L34:X34),"") | H34: =IF(COUNT(L34:X34)>0,QUARTILE(L34:X34,1),"") | I34: =IF(COUNT(L34:X34)>0,QUARTILE(L34:X34,3),"") | J34: =IF(COUNT(L34:X34)>1,STDEV(L34:X34),"") | K34: =IF(COUNT(L34:X34)>1,STDEV(L34:X34)/AVERAGE(L34:X34),"")
C35: Net Property, Plant and Equipment | D35: =IF(COUNT(L35:X35)>0,MEDIAN(L35:X35),"") | E35: =IF(COUNT(L35:X35)>0,AVERAGE(L35:X35),"") | F35: =IF(COUNT(L35:X35)>0,MIN(L35:X35),"") | G35: =IF(COUNT(L35:X35)>0,MAX(L35:X35),"") | H35: =IF(COUNT(L35:X35)>0,QUARTILE(L35:X35,1),"") | I35: =IF(COUNT(L35:X35)>0,QUARTILE(L35:X35,3),"") | J35: =IF(COUNT(L35:X35)>1,STDEV(L35:X35),"") | K35: =IF(COUNT(L35:X35)>1,STDEV(L35:X35)/AVERAGE(L35:X35),"")
C36: Gross Property, Plant and Equipment | D36: =IF(COUNT(L36:X36)>0,MEDIAN(L36:X36),"") | E36: =IF(COUNT(L36:X36)>0,AVERAGE(L36:X36),"") | F36: =IF(COUNT(L36:X36)>0,MIN(L36:X36),"") | G36: =IF(COUNT(L36:X36)>0,MAX(L36:X36),"") | H36: =IF(COUNT(L36:X36)>0,QUARTILE(L36:X36,1),"") | I36: =IF(COUNT(L36:X36)>0,QUARTILE(L36:X36,3),"") | J36: =IF(COUNT(L36:X36)>1,STDEV(L36:X36),"") | K36: =IF(COUNT(L36:X36)>1,STDEV(L36:X36)/AVERAGE(L36:X36),"")
C37: Properties | D37: =IF(COUNT(L37:X37)>0,MEDIAN(L37:X37),"") | E37: =IF(COUNT(L37:X37)>0,AVERAGE(L37:X37),"") | F37: =IF(COUNT(L37:X37)>0,MIN(L37:X37),"") | G37: =IF(COUNT(L37:X37)>0,MAX(L37:X37),"") | H37: =IF(COUNT(L37:X37)>0,QUARTILE(L37:X37,1),"") | I37: =IF(COUNT(L37:X37)>0,QUARTILE(L37:X37,3),"") | J37: =IF(COUNT(L37:X37)>1,STDEV(L37:X37),"") | K37: =IF(COUNT(L37:X37)>1,STDEV(L37:X37)/AVERAGE(L37:X37),"")
C38: Land and Improvements | D38: =IF(COUNT(L38:X38)>0,MEDIAN(L38:X38),"") -> 1125.5 | E38: =IF(COUNT(L38:X38)>0,AVERAGE(L38:X38),"") -> 1085.5833 | F38: =IF(COUNT(L38:X38)>0,MIN(L38:X38),"") -> 431 | G38: =IF(COUNT(L38:X38)>0,MAX(L38:X38),"") -> 1341 | H38: =IF(COUNT(L38:X38)>0,QUARTILE(L38:X38,1),"") -> 910 | I38: =IF(COUNT(L38:X38)>0,QUARTILE(L38:X38,3),"") -> 1341 | J38: =IF(COUNT(L38:X38)>1,STDEV(L38:X38),"") -> 297.57397 | K38: =IF(COUNT(L38:X38)>1,STDEV(L38:X38)/AVERAGE(L38:X38),"") -> 0.27411435 | M38: 431 | N38: 1341 | O38: 1341 | P38: 1341 | Q38: 1341 | R38: 1341 | S38: 1341 | T38: 910 | U38: 910 | V38: 910 | W38: 910 | X38: 910
C39: Buildings and Improvements | D39: =IF(COUNT(L39:X39)>0,MEDIAN(L39:X39),"") -> 5230 | E39: =IF(COUNT(L39:X39)>0,AVERAGE(L39:X39),"") -> 6235.25 | F39: =IF(COUNT(L39:X39)>0,MIN(L39:X39),"") -> 2572 | G39: =IF(COUNT(L39:X39)>0,MAX(L39:X39),"") -> 8632 | H39: =IF(COUNT(L39:X39)>0,QUARTILE(L39:X39,1),"") -> 5107 | I39: =IF(COUNT(L39:X39)>0,QUARTILE(L39:X39,3),"") -> 8589 | J39: =IF(COUNT(L39:X39)>1,STDEV(L39:X39),"") -> 2231.3733 | K39: =IF(COUNT(L39:X39)>1,STDEV(L39:X39)/AVERAGE(L39:X39),"") -> 0.35786429 | M39: 3482 | N39: 2572 | O39: 8589 | P39: 8589 | Q39: 8589 | R39: 8589 | S39: 8632 | T39: 5107 | U39: 5107 | V39: 5107 | W39: 5119 | X39: 5341
C40: Leasehold and Improvements | D40: =IF(COUNT(L40:X40)>0,MEDIAN(L40:X40),"") -> 87404.5 | E40: =IF(COUNT(L40:X40)>0,AVERAGE(L40:X40),"") -> 136146.33 | F40: =IF(COUNT(L40:X40)>0,MIN(L40:X40),"") -> 19001 | G40: =IF(COUNT(L40:X40)>0,MAX(L40:X40),"") -> 395353 | H40: =IF(COUNT(L40:X40)>0,QUARTILE(L40:X40,1),"") -> 40508.75 | I40: =IF(COUNT(L40:X40)>0,QUARTILE(L40:X40,3),"") -> 178197.5 | J40: =IF(COUNT(L40:X40)>1,STDEV(L40:X40),"") -> 129276.64 | K40: =IF(COUNT(L40:X40)>1,STDEV(L40:X40)/AVERAGE(L40:X40),"") -> 0.94954184 | M40: 395353 | N40: 342725 | O40: 272360 | P40: 146810 | Q40: 115619 | R40: 97977 | S40: 76832 | T40: 60181 | U40: 41249 | V40: 38288 | W40: 27361 | X40: 19001
C41: Total Properties | D41: =IF(COUNT(L41:X41)>0,MEDIAN(L41:X41),"") -> 97356 | E41: =IF(COUNT(L41:X41)>0,AVERAGE(L41:X41),"") -> 143467.17 | F41: =IF(COUNT(L41:X41)>0,MIN(L41:X41),"") -> 25252 | G41: =IF(COUNT(L41:X41)>0,MAX(L41:X41),"") -> 399266 | H41: =IF(COUNT(L41:X41)>0,QUARTILE(L41:X41,1),"") -> 46525.75 | I41: =IF(COUNT(L41:X41)>0,QUARTILE(L41:X41,3),"") -> 188127.5 | J41: =IF(COUNT(L41:X41)>1,STDEV(L41:X41),"") -> 128666.48 | K41: =IF(COUNT(L41:X41)>1,STDEV(L41:X41)/AVERAGE(L41:X41),"") -> 0.89683573 | M41: 399266 | N41: 346638 | O41: 282290 | P41: 156740 | Q41: 125549 | R41: 107907 | S41: 86805 | T41: 66198 | U41: 47266 | V41: 44305 | W41: 33390 | X41: 25252
C42: Machinery, Furniture and Equipment | D42: =IF(COUNT(L42:X42)>0,MEDIAN(L42:X42),"") | E42: =IF(COUNT(L42:X42)>0,AVERAGE(L42:X42),"") | F42: =IF(COUNT(L42:X42)>0,MIN(L42:X42),"") | G42: =IF(COUNT(L42:X42)>0,MAX(L42:X42),"") | H42: =IF(COUNT(L42:X42)>0,QUARTILE(L42:X42,1),"") | I42: =IF(COUNT(L42:X42)>0,QUARTILE(L42:X42,3),"") | J42: =IF(COUNT(L42:X42)>1,STDEV(L42:X42),"") | K42: =IF(COUNT(L42:X42)>1,STDEV(L42:X42)/AVERAGE(L42:X42),"")
C43: Furniture, Fixtures and Office Equipment | D43: =IF(COUNT(L43:X43)>0,MEDIAN(L43:X43),"") -> 54548 | E43: =IF(COUNT(L43:X43)>0,AVERAGE(L43:X43),"") -> 72060 | F43: =IF(COUNT(L43:X43)>0,MIN(L43:X43),"") -> 2309 | G43: =IF(COUNT(L43:X43)>0,MAX(L43:X43),"") -> 206210 | H43: =IF(COUNT(L43:X43)>0,QUARTILE(L43:X43,1),"") -> 9973.5 | I43: =IF(COUNT(L43:X43)>0,QUARTILE(L43:X43,3),"") -> 114778.5 | J43: =IF(COUNT(L43:X43)>1,STDEV(L43:X43),"") -> 72375.229 | K43: =IF(COUNT(L43:X43)>1,STDEV(L43:X43)/AVERAGE(L43:X43),"") -> 1.0043745 | M43: 206210 | N43: 173606 | O43: 137345 | P43: 92212 | Q43: 72388 | R43: 54548 | S43: 31065 | T43: 16239 | U43: 3708 | V43: 3030 | W43: 2309
C44: Flight, Fleet, Vehicle and Related Equipment | D44: =IF(COUNT(L44:X44)>0,MEDIAN(L44:X44),"") -> 141 | E44: =IF(COUNT(L44:X44)>0,AVERAGE(L44:X44),"") -> 141 | F44: =IF(COUNT(L44:X44)>0,MIN(L44:X44),"") -> 141 | G44: =IF(COUNT(L44:X44)>0,MAX(L44:X44),"") -> 141 | H44: =IF(COUNT(L44:X44)>0,QUARTILE(L44:X44,1),"") -> 141 | I44: =IF(COUNT(L44:X44)>0,QUARTILE(L44:X44,3),"") -> 141 | J44: =IF(COUNT(L44:X44)>1,STDEV(L44:X44),"") | K44: =IF(COUNT(L44:X44)>1,STDEV(L44:X44)/AVERAGE(L44:X44),"") | X44: 141
C45: Total Machinery, Furniture and Equipment | D45: =IF(COUNT(L45:X45)>0,MEDIAN(L45:X45),"") -> 42806.5 | E45: =IF(COUNT(L45:X45)>0,AVERAGE(L45:X45),"") -> 66066.75 | F45: =IF(COUNT(L45:X45)>0,MIN(L45:X45),"") -> 141 | G45: =IF(COUNT(L45:X45)>0,MAX(L45:X45),"") -> 206210 | H45: =IF(COUNT(L45:X45)>0,QUARTILE(L45:X45,1),"") -> 3538.5 | I45: =IF(COUNT(L45:X45)>0,QUARTILE(L45:X45,3),"") -> 103495.25 | J45: =IF(COUNT(L45:X45)>1,STDEV(L45:X45),"") -> 72062.505 | K45: =IF(COUNT(L45:X45)>1,STDEV(L45:X45)/AVERAGE(L45:X45),"") -> 1.090753 | M45: 206210 | N45: 173606 | O45: 137345 | P45: 92212 | Q45: 72388 | R45: 54548 | S45: 31065 | T45: 16239 | U45: 3708 | V45: 3030 | W45: 2309 | X45: 141
C46: Construction in Progress and Advance Payments | D46: =IF(COUNT(L46:X46)>0,MEDIAN(L46:X46),"") -> 7630.5 | E46: =IF(COUNT(L46:X46)>0,AVERAGE(L46:X46),"") -> 6953.3333 | F46: =IF(COUNT(L46:X46)>0,MIN(L46:X46),"") -> 0 | G46: =IF(COUNT(L46:X46)>0,MAX(L46:X46),"") -> 13974 | H46: =IF(COUNT(L46:X46)>0,QUARTILE(L46:X46,1),"") -> 3372.25 | I46: =IF(COUNT(L46:X46)>0,QUARTILE(L46:X46,3),"") -> 8760.75 | J46: =IF(COUNT(L46:X46)>1,STDEV(L46:X46),"") -> 4363.2083 | K46: =IF(COUNT(L46:X46)>1,STDEV(L46:X46)/AVERAGE(L46:X46),"") -> 0.6274988 | M46: 8166 | N46: 13530 | O46: 13974 | P46: 8199 | Q46: 10158 | R46: 3416 | S46: 7095 | T46: 3241 | U46: 8295 | V46: 1991 | W46: 5375 | X46: 0
C47: Leased Property, Plant and Equipment | D47: =IF(COUNT(L47:X47)>0,MEDIAN(L47:X47),"") -> 190330 | E47: =IF(COUNT(L47:X47)>0,AVERAGE(L47:X47),"") -> 233333.71 | F47: =IF(COUNT(L47:X47)>0,MIN(L47:X47),"") -> 0 | G47: =IF(COUNT(L47:X47)>0,MAX(L47:X47),"") -> 395174 | H47: =IF(COUNT(L47:X47)>0,QUARTILE(L47:X47,1),"") -> 159942.5 | I47: =IF(COUNT(L47:X47)>0,QUARTILE(L47:X47,3),"") -> 363973.5 | J47: =IF(COUNT(L47:X47)>1,STDEV(L47:X47),"") -> 146064.99 | K47: =IF(COUNT(L47:X47)>1,STDEV(L47:X47)/AVERAGE(L47:X47),"") -> 0.62599181 | M47: 395174 | N47: 381010 | O47: 346937 | P47: 190330 | Q47: 164252 | R47: 155633 | S47: 0
C48: Other Property, Plant and Equipment | D48: =IF(COUNT(L48:X48)>0,MEDIAN(L48:X48),"") -> 47859.5 | E48: =IF(COUNT(L48:X48)>0,AVERAGE(L48:X48),"") -> 72061.417 | F48: =IF(COUNT(L48:X48)>0,MIN(L48:X48),"") -> 15344 | G48: =IF(COUNT(L48:X48)>0,MAX(L48:X48),"") -> 180467 | H48: =IF(COUNT(L48:X48)>0,QUARTILE(L48:X48,1),"") -> 32301.5 | I48: =IF(COUNT(L48:X48)>0,QUARTILE(L48:X48,3),"") -> 87394 | J48: =IF(COUNT(L48:X48)>1,STDEV(L48:X48),"") -> 60278.162 | K48: =IF(COUNT(L48:X48)>1,STDEV(L48:X48)/AVERAGE(L48:X48),"") -> 0.83648317 | M48: 180467 | N48: 179589 | O48: 143080 | P48: 68832 | Q48: 60302 | R48: 53231 | S48: 42488 | T48: 33877 | U48: 32956 | V48: 30338 | W48: 24233 | X48: 15344
C49: Total Gross Property, Plant and Equipment | D49: =IF(COUNT(L49:X49)>0,MEDIAN(L49:X49),"") -> 271094 | E49: =IF(COUNT(L49:X49)>0,AVERAGE(L49:X49),"") -> 424660 | F49: =IF(COUNT(L49:X49)>0,MIN(L49:X49),"") -> 40737 | G49: =IF(COUNT(L49:X49)>0,MAX(L49:X49),"") -> 1189283 | H49: =IF(COUNT(L49:X49)>0,QUARTILE(L49:X49,1),"") -> 89084.75 | I49: =IF(COUNT(L49:X49)>0,QUARTILE(L49:X49,3),"") -> 618141.25 | J49: =IF(COUNT(L49:X49)>1,STDEV(L49:X49),"") -> 421943.42 | K49: =IF(COUNT(L49:X49)>1,STDEV(L49:X49)/AVERAGE(L49:X49),"") -> 0.99360292 | M49: 1189283 | N49: 1094373 | O49: 923626 | P49: 516313 | Q49: 432649 | R49: 374735 | S49: 167453 | T49: 119555 | U49: 92225 | V49: 79664 | W49: 65307 | X49: 40737
C50: Accumulated Depreciation and Impairment | D50: =IF(COUNT(L50:X50)>0,MEDIAN(L50:X50),"") | E50: =IF(COUNT(L50:X50)>0,AVERAGE(L50:X50),"") | F50: =IF(COUNT(L50:X50)>0,MIN(L50:X50),"") | G50: =IF(COUNT(L50:X50)>0,MAX(L50:X50),"") | H50: =IF(COUNT(L50:X50)>0,QUARTILE(L50:X50,1),"") | I50: =IF(COUNT(L50:X50)>0,QUARTILE(L50:X50,3),"") | J50: =IF(COUNT(L50:X50)>1,STDEV(L50:X50),"") | K50: =IF(COUNT(L50:X50)>1,STDEV(L50:X50)/AVERAGE(L50:X50),"")
C51: Accumulated Depreciation | D51: =IF(COUNT(L51:X51)>0,MEDIAN(L51:X51),"") -> -63353.5 | E51: =IF(COUNT(L51:X51)>0,AVERAGE(L51:X51),"") -> -118425.58 | F51: =IF(COUNT(L51:X51)>0,MIN(L51:X51),"") -> -370118 | G51: =IF(COUNT(L51:X51)>0,MAX(L51:X51),"") -> -6971 | H51: =IF(COUNT(L51:X51)>0,QUARTILE(L51:X51,1),"") -> -171189.25 | I51: =IF(COUNT(L51:X51)>0,QUARTILE(L51:X51,3),"") -> -29121.5 | J51: =IF(COUNT(L51:X51)>1,STDEV(L51:X51),"") -> 124709.1 | K51: =IF(COUNT(L51:X51)>1,STDEV(L51:X51)/AVERAGE(L51:X51),"") -> -1.0530588 | M51: -370118 | N51: -322958 | O51: -227869 | P51: -152296 | Q51: -107720 | R51: -73621 | S51: -53086 | T51: -36228 | U51: -30987 | V51: -23525 | W51: -15728 | X51: -6971
C52: Total Accumulated Depreciation and Impairment | D52: =IF(COUNT(L52:X52)>0,MEDIAN(L52:X52),"") -> -63353.5 | E52: =IF(COUNT(L52:X52)>0,AVERAGE(L52:X52),"") -> -118425.58 | F52: =IF(COUNT(L52:X52)>0,MIN(L52:X52),"") -> -370118 | G52: =IF(COUNT(L52:X52)>0,MAX(L52:X52),"") -> -6971 | H52: =IF(COUNT(L52:X52)>0,QUARTILE(L52:X52,1),"") -> -171189.25 | I52: =IF(COUNT(L52:X52)>0,QUARTILE(L52:X52,3),"") -> -29121.5 | J52: =IF(COUNT(L52:X52)>1,STDEV(L52:X52),"") -> 124709.1 | K52: =IF(COUNT(L52:X52)>1,STDEV(L52:X52)/AVERAGE(L52:X52),"") -> -1.0530588 | M52: -370118 | N52: -322958 | O52: -227869 | P52: -152296 | Q52: -107720 | R52: -73621 | S52: -53086 | T52: -36228 | U52: -30987 | V52: -23525 | W52: -15728 | X52: -6971
C53: Total Net Property, Plant and Equipment | D53: =IF(COUNT(L53:X53)>0,MEDIAN(L53:X53),"") -> 207740.5 | E53: =IF(COUNT(L53:X53)>0,AVERAGE(L53:X53),"") -> 306234.42 | F53: =IF(COUNT(L53:X53)>0,MIN(L53:X53),"") -> 33766 | G53: =IF(COUNT(L53:X53)>0,MAX(L53:X53),"") -> 819165 | H53: =IF(COUNT(L53:X53)>0,QUARTILE(L53:X53,1),"") -> 59963.25 | I53: =IF(COUNT(L53:X53)>0,QUARTILE(L53:X53,3),"") -> 446952 | J53: =IF(COUNT(L53:X53)>1,STDEV(L53:X53),"") -> 299107.15 | K53: =IF(COUNT(L53:X53)>1,STDEV(L53:X53)/AVERAGE(L53:X53),"") -> 0.97672611 | M53: 819165 | N53: 771415 | O53: 695757 | P53: 364017 | Q53: 324929 | R53: 301114 | S53: 114367 | T53: 83327 | U53: 61238 | V53: 56139 | W53: 49579 | X53: 33766
C54: Net Intangible Assets | D54: =IF(COUNT(L54:X54)>0,MEDIAN(L54:X54),"") | E54: =IF(COUNT(L54:X54)>0,AVERAGE(L54:X54),"") | F54: =IF(COUNT(L54:X54)>0,MIN(L54:X54),"") | G54: =IF(COUNT(L54:X54)>0,MAX(L54:X54),"") | H54: =IF(COUNT(L54:X54)>0,QUARTILE(L54:X54,1),"") | I54: =IF(COUNT(L54:X54)>0,QUARTILE(L54:X54,3),"") | J54: =IF(COUNT(L54:X54)>1,STDEV(L54:X54),"") | K54: =IF(COUNT(L54:X54)>1,STDEV(L54:X54)/AVERAGE(L54:X54),"")
C55: Gross Goodwill and Other Intangible Assets | D55: =IF(COUNT(L55:X55)>0,MEDIAN(L55:X55),"") | E55: =IF(COUNT(L55:X55)>0,AVERAGE(L55:X55),"") | F55: =IF(COUNT(L55:X55)>0,MIN(L55:X55),"") | G55: =IF(COUNT(L55:X55)>0,MAX(L55:X55),"") | H55: =IF(COUNT(L55:X55)>0,QUARTILE(L55:X55,1),"") | I55: =IF(COUNT(L55:X55)>0,QUARTILE(L55:X55,3),"") | J55: =IF(COUNT(L55:X55)>1,STDEV(L55:X55),"") | K55: =IF(COUNT(L55:X55)>1,STDEV(L55:X55)/AVERAGE(L55:X55),"")
C56: Goodwill | D56: =IF(COUNT(L56:X56)>0,MEDIAN(L56:X56),"") -> 213667 | E56: =IF(COUNT(L56:X56)>0,AVERAGE(L56:X56),"") -> 324140.25 | F56: =IF(COUNT(L56:X56)>0,MIN(L56:X56),"") -> 157210 | G56: =IF(COUNT(L56:X56)>0,MAX(L56:X56),"") -> 720633 | H56: =IF(COUNT(L56:X56)>0,QUARTILE(L56:X56,1),"") -> 176981 | I56: =IF(COUNT(L56:X56)>0,QUARTILE(L56:X56,3),"") -> 347099.25 | J56: =IF(COUNT(L56:X56)>1,STDEV(L56:X56),"") -> 236056.54 | K56: =IF(COUNT(L56:X56)>1,STDEV(L56:X56)/AVERAGE(L56:X56),"") -> 0.72825432 | M56: 720633 | N56: 717502 | O56: 702690 | P56: 228569 | Q56: 227821 | R56: 227821 | S56: 199513 | T56: 176981 | U56: 176981 | V56: 176981 | W56: 176981 | X56: 157210
C57: Intangibles other than Goodwill | D57: =IF(COUNT(L57:X57)>0,MEDIAN(L57:X57),"") | E57: =IF(COUNT(L57:X57)>0,AVERAGE(L57:X57),"") | F57: =IF(COUNT(L57:X57)>0,MIN(L57:X57),"") | G57: =IF(COUNT(L57:X57)>0,MAX(L57:X57),"") | H57: =IF(COUNT(L57:X57)>0,QUARTILE(L57:X57,1),"") | I57: =IF(COUNT(L57:X57)>0,QUARTILE(L57:X57,3),"") | J57: =IF(COUNT(L57:X57)>1,STDEV(L57:X57),"") | K57: =IF(COUNT(L57:X57)>1,STDEV(L57:X57)/AVERAGE(L57:X57),"")
C58: Trademarks and Patents | D58: =IF(COUNT(L58:X58)>0,MEDIAN(L58:X58),"") -> 146450 | E58: =IF(COUNT(L58:X58)>0,AVERAGE(L58:X58),"") -> 146450 | F58: =IF(COUNT(L58:X58)>0,MIN(L58:X58),"") -> 146300 | G58: =IF(COUNT(L58:X58)>0,MAX(L58:X58),"") -> 146600 | H58: =IF(COUNT(L58:X58)>0,QUARTILE(L58:X58,1),"") -> 146300 | I58: =IF(COUNT(L58:X58)>0,QUARTILE(L58:X58,3),"") -> 146600 | J58: =IF(COUNT(L58:X58)>1,STDEV(L58:X58),"") -> 156.66989 | K58: =IF(COUNT(L58:X58)>1,STDEV(L58:X58)/AVERAGE(L58:X58),"") -> 0.0010697842 | M58: 146600 | N58: 146600 | O58: 146600 | P58: 146600 | Q58: 146600 | R58: 146600 | S58: 146300 | T58: 146300 | U58: 146300 | V58: 146300 | W58: 146300 | X58: 146300
C59: Licenses and Rights | D59: =IF(COUNT(L59:X59)>0,MEDIAN(L59:X59),"") -> 37660 | E59: =IF(COUNT(L59:X59)>0,AVERAGE(L59:X59),"") -> 89827.364 | F59: =IF(COUNT(L59:X59)>0,MIN(L59:X59),"") -> 8950 | G59: =IF(COUNT(L59:X59)>0,MAX(L59:X59),"") -> 274708 | H59: =IF(COUNT(L59:X59)>0,QUARTILE(L59:X59,1),"") -> 8950 | I59: =IF(COUNT(L59:X59)>0,QUARTILE(L59:X59,3),"") -> 153108 | J59: =IF(COUNT(L59:X59)>1,STDEV(L59:X59),"") -> 117938.26 | K59: =IF(COUNT(L59:X59)>1,STDEV(L59:X59)/AVERAGE(L59:X59),"") -> 1.3129436 | M59: 274708 | N59: 274708 | O59: 268058 | P59: 38158 | Q59: 37660 | R59: 37660 | S59: 21349 | T59: 8950 | U59: 8950 | V59: 8950 | W59: 8950
C60: Customer Relationships | D60: =IF(COUNT(L60:X60)>0,MEDIAN(L60:X60),"") -> 175182 | E60: =IF(COUNT(L60:X60)>0,AVERAGE(L60:X60),"") -> 180174.08 | F60: =IF(COUNT(L60:X60)>0,MIN(L60:X60),"") -> 169300 | G60: =IF(COUNT(L60:X60)>0,MAX(L60:X60),"") -> 199043 | H60: =IF(COUNT(L60:X60)>0,QUARTILE(L60:X60,1),"") -> 174033 | I60: =IF(COUNT(L60:X60)>0,QUARTILE(L60:X60,3),"") -> 181089.75 | J60: =IF(COUNT(L60:X60)>1,STDEV(L60:X60),"") -> 11445.987 | K60: =IF(COUNT(L60:X60)>1,STDEV(L60:X60)/AVERAGE(L60:X60),"") -> 0.063527376 | M60: 199043 | N60: 199043 | O60: 198813 | P60: 174033 | Q60: 174033 | R60: 174033 | S60: 173063 | T60: 175182 | U60: 175182 | V60: 175182 | W60: 175182 | X60: 169300
C61: Other Intangible Assets | D61: =IF(COUNT(L61:X61)>0,MEDIAN(L61:X61),"") -> 17435 | E61: =IF(COUNT(L61:X61)>0,AVERAGE(L61:X61),"") -> 15082 | F61: =IF(COUNT(L61:X61)>0,MIN(L61:X61),"") -> 4017 | G61: =IF(COUNT(L61:X61)>0,MAX(L61:X61),"") -> 17435 | H61: =IF(COUNT(L61:X61)>0,QUARTILE(L61:X61,1),"") -> 16910 | I61: =IF(COUNT(L61:X61)>0,QUARTILE(L61:X61,3),"") -> 17435 | J61: =IF(COUNT(L61:X61)>1,STDEV(L61:X61),"") -> 5427.9475 | K61: =IF(COUNT(L61:X61)>1,STDEV(L61:X61)/AVERAGE(L61:X61),"") -> 0.35989574 | S61: 4017 | T61: 17435 | U61: 17435 | V61: 17435 | W61: 17435 | X61: 16735
C62: Total Intangibles other than Goodwill | D62: =IF(COUNT(L62:X62)>0,MEDIAN(L62:X62),"") -> 353080 | E62: =IF(COUNT(L62:X62)>0,AVERAGE(L62:X62),"") -> 416506.83 | F62: =IF(COUNT(L62:X62)>0,MIN(L62:X62),"") -> 332335 | G62: =IF(COUNT(L62:X62)>0,MAX(L62:X62),"") -> 620351 | H62: =IF(COUNT(L62:X62)>0,QUARTILE(L62:X62,1),"") -> 347867 | I62: =IF(COUNT(L62:X62)>0,QUARTILE(L62:X62,3),"") -> 422461 | J62: =IF(COUNT(L62:X62)>1,STDEV(L62:X62),"") -> 121764.02 | K62: =IF(COUNT(L62:X62)>1,STDEV(L62:X62)/AVERAGE(L62:X62),"") -> 0.2923458 | M62: 620351 | N62: 620351 | O62: 613471 | P62: 358791 | Q62: 358293 | R62: 358293 | S62: 344729 | T62: 347867 | U62: 347867 | V62: 347867 | W62: 347867 | X62: 332335
C63: Total Gross Goodwill and Other Intangible Assets | D63: =IF(COUNT(L63:X63)>0,MEDIAN(L63:X63),"") -> 565178 | E63: =IF(COUNT(L63:X63)>0,AVERAGE(L63:X63),"") -> 740647.08 | F63: =IF(COUNT(L63:X63)>0,MIN(L63:X63),"") -> 489545 | G63: =IF(COUNT(L63:X63)>0,MAX(L63:X63),"") -> 1340984 | H63: =IF(COUNT(L63:X63)>0,QUARTILE(L63:X63,1),"") -> 524848 | I63: =IF(COUNT(L63:X63)>0,QUARTILE(L63:X63,3),"") -> 769560.25 | J63: =IF(COUNT(L63:X63)>1,STDEV(L63:X63),"") -> 357699.42 | K63: =IF(COUNT(L63:X63)>1,STDEV(L63:X63)/AVERAGE(L63:X63),"") -> 0.48295529 | M63: 1340984 | N63: 1337853 | O63: 1316161 | P63: 587360 | Q63: 586114 | R63: 586114 | S63: 544242 | T63: 524848 | U63: 524848 | V63: 524848 | W63: 524848 | X63: 489545
C64: Accumulated Amortization and Impairment | D64: =IF(COUNT(L64:X64)>0,MEDIAN(L64:X64),"") | E64: =IF(COUNT(L64:X64)>0,AVERAGE(L64:X64),"") | F64: =IF(COUNT(L64:X64)>0,MIN(L64:X64),"") | G64: =IF(COUNT(L64:X64)>0,MAX(L64:X64),"") | H64: =IF(COUNT(L64:X64)>0,QUARTILE(L64:X64,1),"") | I64: =IF(COUNT(L64:X64)>0,QUARTILE(L64:X64,3),"") | J64: =IF(COUNT(L64:X64)>1,STDEV(L64:X64),"") | K64: =IF(COUNT(L64:X64)>1,STDEV(L64:X64)/AVERAGE(L64:X64),"")
C65: Accumulated Amortization of Intangible Assets | D65: =IF(COUNT(L65:X65)>0,MEDIAN(L65:X65),"") | E65: =IF(COUNT(L65:X65)>0,AVERAGE(L65:X65),"") | F65: =IF(COUNT(L65:X65)>0,MIN(L65:X65),"") | G65: =IF(COUNT(L65:X65)>0,MAX(L65:X65),"") | H65: =IF(COUNT(L65:X65)>0,QUARTILE(L65:X65,1),"") | I65: =IF(COUNT(L65:X65)>0,QUARTILE(L65:X65,3),"") | J65: =IF(COUNT(L65:X65)>1,STDEV(L65:X65),"") | K65: =IF(COUNT(L65:X65)>1,STDEV(L65:X65)/AVERAGE(L65:X65),"")
C66: Accumulated Amortization of Goodwill | D66: =IF(COUNT(L66:X66)>0,MEDIAN(L66:X66),"") -> 0 | E66: =IF(COUNT(L66:X66)>0,AVERAGE(L66:X66),"") -> 0 | F66: =IF(COUNT(L66:X66)>0,MIN(L66:X66),"") -> 0 | G66: =IF(COUNT(L66:X66)>0,MAX(L66:X66),"") -> 0 | H66: =IF(COUNT(L66:X66)>0,QUARTILE(L66:X66,1),"") -> 0 | I66: =IF(COUNT(L66:X66)>0,QUARTILE(L66:X66,3),"") -> 0 | J66: =IF(COUNT(L66:X66)>1,STDEV(L66:X66),"") -> 0 | K66: =IF(COUNT(L66:X66)>1,STDEV(L66:X66)/AVERAGE(L66:X66),"") -> #DIV/0! | P66: 0 | T66: 0 | U66: 0 | V66: 0 | W66: 0 | X66: 0
C67: Accumulated Amortization of Intangibles other than Goodwill | D67: =IF(COUNT(L67:X67)>0,MEDIAN(L67:X67),"") | E67: =IF(COUNT(L67:X67)>0,AVERAGE(L67:X67),"") | F67: =IF(COUNT(L67:X67)>0,MIN(L67:X67),"") | G67: =IF(COUNT(L67:X67)>0,MAX(L67:X67),"") | H67: =IF(COUNT(L67:X67)>0,QUARTILE(L67:X67,1),"") | I67: =IF(COUNT(L67:X67)>0,QUARTILE(L67:X67,3),"") | J67: =IF(COUNT(L67:X67)>1,STDEV(L67:X67),"") | K67: =IF(COUNT(L67:X67)>1,STDEV(L67:X67)/AVERAGE(L67:X67),"")
C68: Accumulated Amortization of Trademarks and Patents | D68: =IF(COUNT(L68:X68)>0,MEDIAN(L68:X68),"") -> 0 | E68: =IF(COUNT(L68:X68)>0,AVERAGE(L68:X68),"") -> 0 | F68: =IF(COUNT(L68:X68)>0,MIN(L68:X68),"") -> 0 | G68: =IF(COUNT(L68:X68)>0,MAX(L68:X68),"") -> 0 | H68: =IF(COUNT(L68:X68)>0,QUARTILE(L68:X68,1),"") -> 0 | I68: =IF(COUNT(L68:X68)>0,QUARTILE(L68:X68,3),"") -> 0 | J68: =IF(COUNT(L68:X68)>1,STDEV(L68:X68),"") -> 0 | K68: =IF(COUNT(L68:X68)>1,STDEV(L68:X68)/AVERAGE(L68:X68),"") -> #DIV/0! | M68: 0 | N68: 0 | O68: 0 | P68: 0 | S68: 0 | U68: 0 | V68: 0 | W68: 0 | X68: 0
C69: Accumulated Amortization of Licences and Rights | D69: =IF(COUNT(L69:X69)>0,MEDIAN(L69:X69),"") -> -12258 | E69: =IF(COUNT(L69:X69)>0,AVERAGE(L69:X69),"") -> -27925.818 | F69: =IF(COUNT(L69:X69)>0,MIN(L69:X69),"") -> -113987 | G69: =IF(COUNT(L69:X69)>0,MAX(L69:X69),"") -> -1167 | H69: =IF(COUNT(L69:X69)>0,QUARTILE(L69:X69,1),"") -> -31658 | I69: =IF(COUNT(L69:X69)>0,QUARTILE(L69:X69,3),"") -> -5058.5 | J69: =IF(COUNT(L69:X69)>1,STDEV(L69:X69),"") -> 36643.448 | K69: =IF(COUNT(L69:X69)>1,STDEV(L69:X69)/AVERAGE(L69:X69),"") -> -1.312171 | M69: -113987 | N69: -78689 | O69: -43161 | P69: -20155 | Q69: -16311 | R69: -12258 | S69: -8615 | T69: -5837 | U69: -4280 | V69: -2724 | W69: -1167
C70: Accumulated Amortization of Customer Relationships | D70: =IF(COUNT(L70:X70)>0,MEDIAN(L70:X70),"") -> -105776.5 | E70: =IF(COUNT(L70:X70)>0,AVERAGE(L70:X70),"") -> -106385.42 | F70: =IF(COUNT(L70:X70)>0,MIN(L70:X70),"") -> -183046 | G70: =IF(COUNT(L70:X70)>0,MAX(L70:X70),"") -> -25395 | H70: =IF(COUNT(L70:X70)>0,QUARTILE(L70:X70,1),"") -> -141585 | I70: =IF(COUNT(L70:X70)>0,QUARTILE(L70:X70,3),"") -> -72326.5 | J70: =IF(COUNT(L70:X70)>1,STDEV(L70:X70),"") -> 49581.361 | K70: =IF(COUNT(L70:X70)>1,STDEV(L70:X70)/AVERAGE(L70:X70),"") -> -0.46605412 | M70: -183046 | N70: -169155 | O70: -153243 | P70: -137699 | Q70: -124907 | R70: -112114 | S70: -99439 | T70: -89901 | U70: -76055 | V70: -61141 | W70: -44530 | X70: -25395
C71: Accumulated Amortization of Other Intangible Assets | D71: =IF(COUNT(L71:X71)>0,MEDIAN(L71:X71),"") -> -8695.5 | E71: =IF(COUNT(L71:X71)>0,AVERAGE(L71:X71),"") -> -8915 | F71: =IF(COUNT(L71:X71)>0,MIN(L71:X71),"") -> -16472 | G71: =IF(COUNT(L71:X71)>0,MAX(L71:X71),"") -> -2345 | H71: =IF(COUNT(L71:X71)>0,QUARTILE(L71:X71,1),"") -> -12848.25 | I71: =IF(COUNT(L71:X71)>0,QUARTILE(L71:X71,3),"") -> -4461 | J71: =IF(COUNT(L71:X71)>1,STDEV(L71:X71),"") -> 5599.9403 | K71: =IF(COUNT(L71:X71)>1,STDEV(L71:X71)/AVERAGE(L71:X71),"") -> -0.6281481 | S71: -2345 | T71: -16472 | U71: -13670 | V71: -10383 | W71: -7008 | X71: -3612
C72: Total Accumulated Amortization of Intangibles other than Goodwill | D72: =IF(COUNT(L72:X72)>0,MEDIAN(L72:X72),"") -> -118291 | E72: =IF(COUNT(L72:X72)>0,AVERAGE(L72:X72),"") -> -136441.58 | F72: =IF(COUNT(L72:X72)>0,MIN(L72:X72),"") -> -297033 | G72: =IF(COUNT(L72:X72)>0,MAX(L72:X72),"") -> -29007 | H72: =IF(COUNT(L72:X72)>0,QUARTILE(L72:X72,1),"") -> -167491.5 | I72: =IF(COUNT(L72:X72)>0,QUARTILE(L72:X72,3),"") -> -89065.75 | J72: =IF(COUNT(L72:X72)>1,STDEV(L72:X72),"") -> 78572.994 | K72: =IF(COUNT(L72:X72)>1,STDEV(L72:X72)/AVERAGE(L72:X72),"") -> -0.57587278 | M72: -297033 | N72: -247844 | O72: -196404 | P72: -157854 | Q72: -141218 | R72: -124372 | S72: -110399 | T72: -112210 | U72: -94005 | V72: -74248 | W72: -52705 | X72: -29007
C73: Total Accumulated Amortization of Intangible Assets | D73: =IF(COUNT(L73:X73)>0,MEDIAN(L73:X73),"") -> -118291 | E73: =IF(COUNT(L73:X73)>0,AVERAGE(L73:X73),"") -> -136441.58 | F73: =IF(COUNT(L73:X73)>0,MIN(L73:X73),"") -> -297033 | G73: =IF(COUNT(L73:X73)>0,MAX(L73:X73),"") -> -29007 | H73: =IF(COUNT(L73:X73)>0,QUARTILE(L73:X73,1),"") -> -167491.5 | I73: =IF(COUNT(L73:X73)>0,QUARTILE(L73:X73,3),"") -> -89065.75 | J73: =IF(COUNT(L73:X73)>1,STDEV(L73:X73),"") -> 78572.994 | K73: =IF(COUNT(L73:X73)>1,STDEV(L73:X73)/AVERAGE(L73:X73),"") -> -0.57587278 | M73: -297033 | N73: -247844 | O73: -196404 | P73: -157854 | Q73: -141218 | R73: -124372 | S73: -110399 | T73: -112210 | U73: -94005 | V73: -74248 | W73: -52705 | X73: -29007
C74: Total Accumulated Amortization and Impairment | D74: =IF(COUNT(L74:X74)>0,MEDIAN(L74:X74),"") -> -118291 | E74: =IF(COUNT(L74:X74)>0,AVERAGE(L74:X74),"") -> -136441.58 | F74: =IF(COUNT(L74:X74)>0,MIN(L74:X74),"") -> -297033 | G74: =IF(COUNT(L74:X74)>0,MAX(L74:X74),"") -> -29007 | H74: =IF(COUNT(L74:X74)>0,QUARTILE(L74:X74,1),"") -> -167491.5 | I74: =IF(COUNT(L74:X74)>0,QUARTILE(L74:X74,3),"") -> -89065.75 | J74: =IF(COUNT(L74:X74)>1,STDEV(L74:X74),"") -> 78572.994 | K74: =IF(COUNT(L74:X74)>1,STDEV(L74:X74)/AVERAGE(L74:X74),"") -> -0.57587278 | M74: -297033 | N74: -247844 | O74: -196404 | P74: -157854 | Q74: -141218 | R74: -124372 | S74: -110399 | T74: -112210 | U74: -94005 | V74: -74248 | W74: -52705 | X74: -29007
C75: Total Net Intangible Assets | D75: =IF(COUNT(L75:X75)>0,MEDIAN(L75:X75),"") -> 455569 | E75: =IF(COUNT(L75:X75)>0,AVERAGE(L75:X75),"") -> 604205.5 | F75: =IF(COUNT(L75:X75)>0,MIN(L75:X75),"") -> 412638 | G75: =IF(COUNT(L75:X75)>0,MAX(L75:X75),"") -> 1119757 | H75: =IF(COUNT(L75:X75)>0,QUARTILE(L75:X75,1),"") -> 433093 | I75: =IF(COUNT(L75:X75)>0,QUARTILE(L75:X75,3),"") -> 615095 | J75: =IF(COUNT(L75:X75)>1,STDEV(L75:X75),"") -> 290582.69 | K75: =IF(COUNT(L75:X75)>1,STDEV(L75:X75)/AVERAGE(L75:X75),"") -> 0.48093355 | M75: 1043951 | N75: 1090009 | O75: 1119757 | P75: 429506 | Q75: 444896 | R75: 461742 | S75: 433843 | T75: 412638 | U75: 430843 | V75: 450600 | W75: 472143 | X75: 460538
C76: Long Term Investments | D76: =IF(COUNT(L76:X76)>0,MEDIAN(L76:X76),"") | E76: =IF(COUNT(L76:X76)>0,AVERAGE(L76:X76),"") | F76: =IF(COUNT(L76:X76)>0,MIN(L76:X76),"") | G76: =IF(COUNT(L76:X76)>0,MAX(L76:X76),"") | H76: =IF(COUNT(L76:X76)>0,QUARTILE(L76:X76,1),"") | I76: =IF(COUNT(L76:X76)>0,QUARTILE(L76:X76,3),"") | J76: =IF(COUNT(L76:X76)>1,STDEV(L76:X76),"") | K76: =IF(COUNT(L76:X76)>1,STDEV(L76:X76)/AVERAGE(L76:X76),"")
C77: Investment in Financial Assets, Non-Current | D77: =IF(COUNT(L77:X77)>0,MEDIAN(L77:X77),"") | E77: =IF(COUNT(L77:X77)>0,AVERAGE(L77:X77),"") | F77: =IF(COUNT(L77:X77)>0,MIN(L77:X77),"") | G77: =IF(COUNT(L77:X77)>0,MAX(L77:X77),"") | H77: =IF(COUNT(L77:X77)>0,QUARTILE(L77:X77,1),"") | I77: =IF(COUNT(L77:X77)>0,QUARTILE(L77:X77,3),"") | J77: =IF(COUNT(L77:X77)>1,STDEV(L77:X77),"") | K77: =IF(COUNT(L77:X77)>1,STDEV(L77:X77)/AVERAGE(L77:X77),"")
C78: Financial Investment Securities, Available-for-Sale & Held-to-Maturity, Non-Current | D78: =IF(COUNT(L78:X78)>0,MEDIAN(L78:X78),"") | E78: =IF(COUNT(L78:X78)>0,AVERAGE(L78:X78),"") | F78: =IF(COUNT(L78:X78)>0,MIN(L78:X78),"") | G78: =IF(COUNT(L78:X78)>0,MAX(L78:X78),"") | H78: =IF(COUNT(L78:X78)>0,QUARTILE(L78:X78,1),"") | I78: =IF(COUNT(L78:X78)>0,QUARTILE(L78:X78,3),"") | J78: =IF(COUNT(L78:X78)>1,STDEV(L78:X78),"") | K78: =IF(COUNT(L78:X78)>1,STDEV(L78:X78)/AVERAGE(L78:X78),"")
C79: Available-for-Sale Securities, Non-Current | D79: =IF(COUNT(L79:X79)>0,MEDIAN(L79:X79),"") -> 50886 | E79: =IF(COUNT(L79:X79)>0,AVERAGE(L79:X79),"") -> 38851.333 | F79: =IF(COUNT(L79:X79)>0,MIN(L79:X79),"") -> 0 | G79: =IF(COUNT(L79:X79)>0,MAX(L79:X79),"") -> 65668 | H79: =IF(COUNT(L79:X79)>0,QUARTILE(L79:X79,1),"") -> 25443 | I79: =IF(COUNT(L79:X79)>0,QUARTILE(L79:X79,3),"") -> 58277 | J79: =IF(COUNT(L79:X79)>1,STDEV(L79:X79),"") -> 34448.461 | K79: =IF(COUNT(L79:X79)>1,STDEV(L79:X79)/AVERAGE(L79:X79),"") -> 0.88667384 | M79: 65668 | N79: 50886 | O79: 0
C80: Total Financial Investment Securities, Available-for-Sale & Held-to-Maturity, Non-Current | D80: =IF(COUNT(L80:X80)>0,MEDIAN(L80:X80),"") -> 50886 | E80: =IF(COUNT(L80:X80)>0,AVERAGE(L80:X80),"") -> 38851.333 | F80: =IF(COUNT(L80:X80)>0,MIN(L80:X80),"") -> 0 | G80: =IF(COUNT(L80:X80)>0,MAX(L80:X80),"") -> 65668 | H80: =IF(COUNT(L80:X80)>0,QUARTILE(L80:X80,1),"") -> 25443 | I80: =IF(COUNT(L80:X80)>0,QUARTILE(L80:X80,3),"") -> 58277 | J80: =IF(COUNT(L80:X80)>1,STDEV(L80:X80),"") -> 34448.461 | K80: =IF(COUNT(L80:X80)>1,STDEV(L80:X80)/AVERAGE(L80:X80),"") -> 0.88667384 | M80: 65668 | N80: 50886 | O80: 0
C81: Total Investment in Financial Assets, Non-Current | D81: =IF(COUNT(L81:X81)>0,MEDIAN(L81:X81),"") -> 50886 | E81: =IF(COUNT(L81:X81)>0,AVERAGE(L81:X81),"") -> 38851.333 | F81: =IF(COUNT(L81:X81)>0,MIN(L81:X81),"") -> 0 | G81: =IF(COUNT(L81:X81)>0,MAX(L81:X81),"") -> 65668 | H81: =IF(COUNT(L81:X81)>0,QUARTILE(L81:X81,1),"") -> 25443 | I81: =IF(COUNT(L81:X81)>0,QUARTILE(L81:X81,3),"") -> 58277 | J81: =IF(COUNT(L81:X81)>1,STDEV(L81:X81),"") -> 34448.461 | K81: =IF(COUNT(L81:X81)>1,STDEV(L81:X81)/AVERAGE(L81:X81),"") -> 0.88667384 | M81: 65668 | N81: 50886 | O81: 0
C82: Other Investments, Non-Current | D82: =IF(COUNT(L82:X82)>0,MEDIAN(L82:X82),"") -> 75650 | E82: =IF(COUNT(L82:X82)>0,AVERAGE(L82:X82),"") -> 59426.333 | F82: =IF(COUNT(L82:X82)>0,MIN(L82:X82),"") -> 25122 | G82: =IF(COUNT(L82:X82)>0,MAX(L82:X82),"") -> 77507 | H82: =IF(COUNT(L82:X82)>0,QUARTILE(L82:X82,1),"") -> 50386 | I82: =IF(COUNT(L82:X82)>0,QUARTILE(L82:X82,3),"") -> 76578.5 | J82: =IF(COUNT(L82:X82)>1,STDEV(L82:X82),"") -> 29722.93 | K82: =IF(COUNT(L82:X82)>1,STDEV(L82:X82)/AVERAGE(L82:X82),"") -> 0.5001643 | M82: 75650 | N82: 77507 | O82: 25122
C83: Total Long Term Investments | D83: =IF(COUNT(L83:X83)>0,MEDIAN(L83:X83),"") -> 25122 | E83: =IF(COUNT(L83:X83)>0,AVERAGE(L83:X83),"") -> 62718.6 | F83: =IF(COUNT(L83:X83)>0,MIN(L83:X83),"") -> 0 | G83: =IF(COUNT(L83:X83)>0,MAX(L83:X83),"") -> 141318 | H83: =IF(COUNT(L83:X83)>0,QUARTILE(L83:X83,1),"") -> 18760 | I83: =IF(COUNT(L83:X83)>0,QUARTILE(L83:X83,3),"") -> 128393 | J83: =IF(COUNT(L83:X83)>1,STDEV(L83:X83),"") -> 66652.978 | K83: =IF(COUNT(L83:X83)>1,STDEV(L83:X83)/AVERAGE(L83:X83),"") -> 1.0627306 | M83: 141318 | N83: 128393 | O83: 25122 | P83: 18760 | Q83: 0
C84: Trade and Other Receivables, Non-Current | D84: =IF(COUNT(L84:X84)>0,MEDIAN(L84:X84),"") | E84: =IF(COUNT(L84:X84)>0,AVERAGE(L84:X84),"") | F84: =IF(COUNT(L84:X84)>0,MIN(L84:X84),"") | G84: =IF(COUNT(L84:X84)>0,MAX(L84:X84),"") | H84: =IF(COUNT(L84:X84)>0,QUARTILE(L84:X84,1),"") | I84: =IF(COUNT(L84:X84)>0,QUARTILE(L84:X84,3),"") | J84: =IF(COUNT(L84:X84)>1,STDEV(L84:X84),"") | K84: =IF(COUNT(L84:X84)>1,STDEV(L84:X84)/AVERAGE(L84:X84),"")
C85: Notes Receivable, Non-Current | D85: =IF(COUNT(L85:X85)>0,MEDIAN(L85:X85),"") -> 2839.5 | E85: =IF(COUNT(L85:X85)>0,AVERAGE(L85:X85),"") -> 2839.5 | F85: =IF(COUNT(L85:X85)>0,MIN(L85:X85),"") -> 2007 | G85: =IF(COUNT(L85:X85)>0,MAX(L85:X85),"") -> 3672 | H85: =IF(COUNT(L85:X85)>0,QUARTILE(L85:X85,1),"") -> 2423.25 | I85: =IF(COUNT(L85:X85)>0,QUARTILE(L85:X85,3),"") -> 3255.75 | J85: =IF(COUNT(L85:X85)>1,STDEV(L85:X85),"") -> 1177.3328 | K85: =IF(COUNT(L85:X85)>1,STDEV(L85:X85)/AVERAGE(L85:X85),"") -> 0.4146268 | W85: 2007 | X85: 3672
C86: Total Trade and Other Receivables, Non-Current | D86: =IF(COUNT(L86:X86)>0,MEDIAN(L86:X86),"") -> 2839.5 | E86: =IF(COUNT(L86:X86)>0,AVERAGE(L86:X86),"") -> 2839.5 | F86: =IF(COUNT(L86:X86)>0,MIN(L86:X86),"") -> 2007 | G86: =IF(COUNT(L86:X86)>0,MAX(L86:X86),"") -> 3672 | H86: =IF(COUNT(L86:X86)>0,QUARTILE(L86:X86,1),"") -> 2423.25 | I86: =IF(COUNT(L86:X86)>0,QUARTILE(L86:X86,3),"") -> 3255.75 | J86: =IF(COUNT(L86:X86)>1,STDEV(L86:X86),"") -> 1177.3328 | K86: =IF(COUNT(L86:X86)>1,STDEV(L86:X86)/AVERAGE(L86:X86),"") -> 0.4146268 | W86: 2007 | X86: 3672
C87: Deferred Tax Assets, Non-Current | D87: =IF(COUNT(L87:X87)>0,MEDIAN(L87:X87),"") -> 414841 | E87: =IF(COUNT(L87:X87)>0,AVERAGE(L87:X87),"") -> 385668.64 | F87: =IF(COUNT(L87:X87)>0,MIN(L87:X87),"") -> 260 | G87: =IF(COUNT(L87:X87)>0,MAX(L87:X87),"") -> 539264 | H87: =IF(COUNT(L87:X87)>0,QUARTILE(L87:X87,1),"") -> 409094.5 | I87: =IF(COUNT(L87:X87)>0,QUARTILE(L87:X87,3),"") -> 487192.5 | J87: =IF(COUNT(L87:X87)>1,STDEV(L87:X87),"") -> 169846.85 | K87: =IF(COUNT(L87:X87)>1,STDEV(L87:X87)/AVERAGE(L87:X87),"") -> 0.44039582 | M87: 470197 | N87: 504188 | O87: 454565 | P87: 539264 | Q87: 511200 | R87: 412293 | S87: 414841 | T87: 407782 | U87: 410407 | V87: 117358 | W87: 260
C88: Other Non-Current Assets | D88: =IF(COUNT(L88:X88)>0,MEDIAN(L88:X88),"") -> 3266 | E88: =IF(COUNT(L88:X88)>0,AVERAGE(L88:X88),"") -> 4438.4167 | F88: =IF(COUNT(L88:X88)>0,MIN(L88:X88),"") -> 1825 | G88: =IF(COUNT(L88:X88)>0,MAX(L88:X88),"") -> 11717 | H88: =IF(COUNT(L88:X88)>0,QUARTILE(L88:X88,1),"") -> 1992.25 | I88: =IF(COUNT(L88:X88)>0,QUARTILE(L88:X88,3),"") -> 6694.25 | J88: =IF(COUNT(L88:X88)>1,STDEV(L88:X88),"") -> 3160.2789 | K88: =IF(COUNT(L88:X88)>1,STDEV(L88:X88)/AVERAGE(L88:X88),"") -> 0.71202843 | M88: 7058 | N88: 3871 | O88: 3857 | P88: 2022 | Q88: 1896 | R88: 1903 | S88: 1825 | T88: 11717 | U88: 7729 | V88: 2135 | W88: 2675 | X88: 6573
C89: Total Non-Current Assets | D89: =IF(COUNT(L89:X89)>0,MEDIAN(L89:X89),"") -> 1070964 | E89: =IF(COUNT(L89:X89)>0,AVERAGE(L89:X89),"") -> 1295013.9 | F89: =IF(COUNT(L89:X89)>0,MIN(L89:X89),"") -> 504549 | G89: =IF(COUNT(L89:X89)>0,MAX(L89:X89),"") -> 2497876 | H89: =IF(COUNT(L89:X89)>0,QUARTILE(L89:X89,1),"") -> 839220.75 | I89: =IF(COUNT(L89:X89)>0,QUARTILE(L89:X89,3),"") -> 1589941.2 | J89: =IF(COUNT(L89:X89)>1,STDEV(L89:X89),"") -> 735109.94 | K89: =IF(COUNT(L89:X89)>1,STDEV(L89:X89)/AVERAGE(L89:X89),"") -> 0.56764636 | M89: 2481689 | N89: 2497876 | O89: 2299058 | P89: 1353569 | Q89: 1282921 | R89: 1177052 | S89: 964876 | T89: 915464 | U89: 910217 | V89: 626232 | W89: 526664 | X89: 504549
C90: Total Assets | D90: =IF(COUNT(L90:X90)>0,MEDIAN(L90:X90),"") -> 1535303 | E90: =IF(COUNT(L90:X90)>0,AVERAGE(L90:X90),"") -> 1648956.5 | F90: =IF(COUNT(L90:X90)>0,MIN(L90:X90),"") -> 562096 | G90: =IF(COUNT(L90:X90)>0,MAX(L90:X90),"") -> 3069708 | H90: =IF(COUNT(L90:X90)>0,QUARTILE(L90:X90,1),"") -> 925875.75 | I90: =IF(COUNT(L90:X90)>0,QUARTILE(L90:X90,3),"") -> 2225634.5 | J90: =IF(COUNT(L90:X90)>1,STDEV(L90:X90),"") -> 924018.45 | K90: =IF(COUNT(L90:X90)>1,STDEV(L90:X90)/AVERAGE(L90:X90),"") -> 0.56036557 | M90: 3069708 | N90: 2969693 | O90: 2854589 | P90: 2015983 | Q90: 1849737 | R90: 1717190 | S90: 1353416 | T90: 1092465 | U90: 1001442 | V90: 699177 | W90: 601982 | X90: 562096
C91: Liabilities | D91: =IF(COUNT(L91:X91)>0,MEDIAN(L91:X91),"") | E91: =IF(COUNT(L91:X91)>0,AVERAGE(L91:X91),"") | F91: =IF(COUNT(L91:X91)>0,MIN(L91:X91),"") | G91: =IF(COUNT(L91:X91)>0,MAX(L91:X91),"") | H91: =IF(COUNT(L91:X91)>0,QUARTILE(L91:X91,1),"") | I91: =IF(COUNT(L91:X91)>0,QUARTILE(L91:X91,3),"") | J91: =IF(COUNT(L91:X91)>1,STDEV(L91:X91),"") | K91: =IF(COUNT(L91:X91)>1,STDEV(L91:X91)/AVERAGE(L91:X91),"")
C92: Current Liabilities | D92: =IF(COUNT(L92:X92)>0,MEDIAN(L92:X92),"") | E92: =IF(COUNT(L92:X92)>0,AVERAGE(L92:X92),"") | F92: =IF(COUNT(L92:X92)>0,MIN(L92:X92),"") | G92: =IF(COUNT(L92:X92)>0,MAX(L92:X92),"") | H92: =IF(COUNT(L92:X92)>0,QUARTILE(L92:X92,1),"") | I92: =IF(COUNT(L92:X92)>0,QUARTILE(L92:X92,3),"") | J92: =IF(COUNT(L92:X92)>1,STDEV(L92:X92),"") | K92: =IF(COUNT(L92:X92)>1,STDEV(L92:X92)/AVERAGE(L92:X92),"")
C93: Payables and Accrued Expenses, Current | D93: =IF(COUNT(L93:X93)>0,MEDIAN(L93:X93),"") | E93: =IF(COUNT(L93:X93)>0,AVERAGE(L93:X93),"") | F93: =IF(COUNT(L93:X93)>0,MIN(L93:X93),"") | G93: =IF(COUNT(L93:X93)>0,MAX(L93:X93),"") | H93: =IF(COUNT(L93:X93)>0,QUARTILE(L93:X93,1),"") | I93: =IF(COUNT(L93:X93)>0,QUARTILE(L93:X93,3),"") | J93: =IF(COUNT(L93:X93)>1,STDEV(L93:X93),"") | K93: =IF(COUNT(L93:X93)>1,STDEV(L93:X93)/AVERAGE(L93:X93),"")
C94: Trade and Other Payables, Current | D94: =IF(COUNT(L94:X94)>0,MEDIAN(L94:X94),"") | E94: =IF(COUNT(L94:X94)>0,AVERAGE(L94:X94),"") | F94: =IF(COUNT(L94:X94)>0,MIN(L94:X94),"") | G94: =IF(COUNT(L94:X94)>0,MAX(L94:X94),"") | H94: =IF(COUNT(L94:X94)>0,QUARTILE(L94:X94,1),"") | I94: =IF(COUNT(L94:X94)>0,QUARTILE(L94:X94,3),"") | J94: =IF(COUNT(L94:X94)>1,STDEV(L94:X94),"") | K94: =IF(COUNT(L94:X94)>1,STDEV(L94:X94)/AVERAGE(L94:X94),"")
C95: Trade/Accounts Payable, Current | D95: =IF(COUNT(L95:X95)>0,MEDIAN(L95:X95),"") -> 26127.5 | E95: =IF(COUNT(L95:X95)>0,AVERAGE(L95:X95),"") -> 25799 | F95: =IF(COUNT(L95:X95)>0,MIN(L95:X95),"") -> 19388 | G95: =IF(COUNT(L95:X95)>0,MAX(L95:X95),"") -> 32887 | H95: =IF(COUNT(L95:X95)>0,QUARTILE(L95:X95,1),"") -> 23157.75 | I95: =IF(COUNT(L95:X95)>0,QUARTILE(L95:X95,3),"") -> 28542.25 | J95: =IF(COUNT(L95:X95)>1,STDEV(L95:X95),"") -> 4143.1329 | K95: =IF(COUNT(L95:X95)>1,STDEV(L95:X95)/AVERAGE(L95:X95),"") -> 0.16059277 | M95: 32887 | N95: 23788 | O95: 20578 | P95: 27892 | Q95: 19388 | R95: 21267 | S95: 30428 | T95: 28648 | U95: 28507 | V95: 23950 | W95: 26738 | X95: 25517
C96: Taxes Payable, Current | D96: =IF(COUNT(L96:X96)>0,MEDIAN(L96:X96),"") | E96: =IF(COUNT(L96:X96)>0,AVERAGE(L96:X96),"") | F96: =IF(COUNT(L96:X96)>0,MIN(L96:X96),"") | G96: =IF(COUNT(L96:X96)>0,MAX(L96:X96),"") | H96: =IF(COUNT(L96:X96)>0,QUARTILE(L96:X96,1),"") | I96: =IF(COUNT(L96:X96)>0,QUARTILE(L96:X96,3),"") | J96: =IF(COUNT(L96:X96)>1,STDEV(L96:X96),"") | K96: =IF(COUNT(L96:X96)>1,STDEV(L96:X96)/AVERAGE(L96:X96),"")
C97: Other Tax Payable, Current | D97: =IF(COUNT(L97:X97)>0,MEDIAN(L97:X97),"") -> 25616.5 | E97: =IF(COUNT(L97:X97)>0,AVERAGE(L97:X97),"") -> 24247.8 | F97: =IF(COUNT(L97:X97)>0,MIN(L97:X97),"") -> 0 | G97: =IF(COUNT(L97:X97)>0,MAX(L97:X97),"") -> 55556 | H97: =IF(COUNT(L97:X97)>0,QUARTILE(L97:X97,1),"") -> 11129.5 | I97: =IF(COUNT(L97:X97)>0,QUARTILE(L97:X97,3),"") -> 31720.5 | J97: =IF(COUNT(L97:X97)>1,STDEV(L97:X97),"") -> 17312.231 | K97: =IF(COUNT(L97:X97)>1,STDEV(L97:X97)/AVERAGE(L97:X97),"") -> 0.71397119 | M97: 55556 | N97: 41294 | O97: 31940 | P97: 20302 | Q97: 0 | R97: 26468 | S97: 24765 | T97: 31062 | U97: 8072 | V97: 3019
C98: Total Taxes Payable, Current | D98: =IF(COUNT(L98:X98)>0,MEDIAN(L98:X98),"") -> 25616.5 | E98: =IF(COUNT(L98:X98)>0,AVERAGE(L98:X98),"") -> 24247.8 | F98: =IF(COUNT(L98:X98)>0,MIN(L98:X98),"") -> 0 | G98: =IF(COUNT(L98:X98)>0,MAX(L98:X98),"") -> 55556 | H98: =IF(COUNT(L98:X98)>0,QUARTILE(L98:X98,1),"") -> 11129.5 | I98: =IF(COUNT(L98:X98)>0,QUARTILE(L98:X98,3),"") -> 31720.5 | J98: =IF(COUNT(L98:X98)>1,STDEV(L98:X98),"") -> 17312.231 | K98: =IF(COUNT(L98:X98)>1,STDEV(L98:X98)/AVERAGE(L98:X98),"") -> 0.71397119 | M98: 55556 | N98: 41294 | O98: 31940 | P98: 20302 | Q98: 0 | R98: 26468 | S98: 24765 | T98: 31062 | U98: 8072 | V98: 3019
C99: Total Trade and Other Payables, Current | D99: =IF(COUNT(L99:X99)>0,MEDIAN(L99:X99),"") -> 47964.5 | E99: =IF(COUNT(L99:X99)>0,AVERAGE(L99:X99),"") -> 46005.5 | F99: =IF(COUNT(L99:X99)>0,MIN(L99:X99),"") -> 19388 | G99: =IF(COUNT(L99:X99)>0,MAX(L99:X99),"") -> 88443 | H99: =IF(COUNT(L99:X99)>0,QUARTILE(L99:X99,1),"") -> 26911.25 | I99: =IF(COUNT(L99:X99)>0,QUARTILE(L99:X99,3),"") -> 56322.25 | J99: =IF(COUNT(L99:X99)>1,STDEV(L99:X99),"") -> 20086.234 | K99: =IF(COUNT(L99:X99)>1,STDEV(L99:X99)/AVERAGE(L99:X99),"") -> 0.43660506 | M99: 88443 | N99: 65082 | O99: 52518 | P99: 48194 | Q99: 19388 | R99: 47735 | S99: 55193 | T99: 59710 | U99: 36579 | V99: 26969 | W99: 26738 | X99: 25517
C100: Accrued Expenses, Current | D100: =IF(COUNT(L100:X100)>0,MEDIAN(L100:X100),"") -> 26832.5 | E100: =IF(COUNT(L100:X100)>0,AVERAGE(L100:X100),"") -> 33646.083 | F100: =IF(COUNT(L100:X100)>0,MIN(L100:X100),"") -> 4862 | G100: =IF(COUNT(L100:X100)>0,MAX(L100:X100),"") -> 67895 | H100: =IF(COUNT(L100:X100)>0,QUARTILE(L100:X100,1),"") -> 17359.25 | I100: =IF(COUNT(L100:X100)>0,QUARTILE(L100:X100,3),"") -> 55360.25 | J100: =IF(COUNT(L100:X100)>1,STDEV(L100:X100),"") -> 23575.771 | K100: =IF(COUNT(L100:X100)>1,STDEV(L100:X100)/AVERAGE(L100:X100),"") -> 0.70069882 | M100: 67895 | N100: 66299 | O100: 66993 | P100: 51714 | Q100: 22042 | R100: 31623 | S100: 32384 | T100: 18590 | U100: 19190 | V100: 13667 | W100: 8494 | X100: 4862
C101: Total Payables and Accrued Expenses, Current | D101: =IF(COUNT(L101:X101)>0,MEDIAN(L101:X101),"") -> 78829 | E101: =IF(COUNT(L101:X101)>0,AVERAGE(L101:X101),"") -> 79651.583 | F101: =IF(COUNT(L101:X101)>0,MIN(L101:X101),"") -> 30379 | G101: =IF(COUNT(L101:X101)>0,MAX(L101:X101),"") -> 156338 | H101: =IF(COUNT(L101:X101)>0,QUARTILE(L101:X101,1),"") -> 41231.5 | I101: =IF(COUNT(L101:X101)>0,QUARTILE(L101:X101,3),"") -> 104808.75 | J101: =IF(COUNT(L101:X101)>1,STDEV(L101:X101),"") -> 41092.943 | K101: =IF(COUNT(L101:X101)>1,STDEV(L101:X101)/AVERAGE(L101:X101),"") -> 0.51590868 | M101: 156338 | N101: 131381 | O101: 119511 | P101: 99908 | Q101: 41430 | R101: 79358 | S101: 87577 | T101: 78300 | U101: 55769 | V101: 40636 | W101: 35232 | X101: 30379
C102: Financial Liabilities, Current | D102: =IF(COUNT(L102:X102)>0,MEDIAN(L102:X102),"") | E102: =IF(COUNT(L102:X102)>0,AVERAGE(L102:X102),"") | F102: =IF(COUNT(L102:X102)>0,MIN(L102:X102),"") | G102: =IF(COUNT(L102:X102)>0,MAX(L102:X102),"") | H102: =IF(COUNT(L102:X102)>0,QUARTILE(L102:X102,1),"") | I102: =IF(COUNT(L102:X102)>0,QUARTILE(L102:X102,3),"") | J102: =IF(COUNT(L102:X102)>1,STDEV(L102:X102),"") | K102: =IF(COUNT(L102:X102)>1,STDEV(L102:X102)/AVERAGE(L102:X102),"")
C103: Current Debt and Capital Lease Obligation | D103: =IF(COUNT(L103:X103)>0,MEDIAN(L103:X103),"") | E103: =IF(COUNT(L103:X103)>0,AVERAGE(L103:X103),"") | F103: =IF(COUNT(L103:X103)>0,MIN(L103:X103),"") | G103: =IF(COUNT(L103:X103)>0,MAX(L103:X103),"") | H103: =IF(COUNT(L103:X103)>0,QUARTILE(L103:X103,1),"") | I103: =IF(COUNT(L103:X103)>0,QUARTILE(L103:X103,3),"") | J103: =IF(COUNT(L103:X103)>1,STDEV(L103:X103),"") | K103: =IF(COUNT(L103:X103)>1,STDEV(L103:X103)/AVERAGE(L103:X103),"")
C104: Current Portion of Long Term Debt and Capital Lease | D104: =IF(COUNT(L104:X104)>0,MEDIAN(L104:X104),"") | E104: =IF(COUNT(L104:X104)>0,AVERAGE(L104:X104),"") | F104: =IF(COUNT(L104:X104)>0,MIN(L104:X104),"") | G104: =IF(COUNT(L104:X104)>0,MAX(L104:X104),"") | H104: =IF(COUNT(L104:X104)>0,QUARTILE(L104:X104,1),"") | I104: =IF(COUNT(L104:X104)>0,QUARTILE(L104:X104,3),"") | J104: =IF(COUNT(L104:X104)>1,STDEV(L104:X104),"") | K104: =IF(COUNT(L104:X104)>1,STDEV(L104:X104)/AVERAGE(L104:X104),"")
...

Sheet CF
C3: Cash Flow (Fiscal Year)
C4: Downloaded On: 12-Feb-2026 | D4: Summary Stats
C5: Company: Planet Fitness (NYS: PLNT) | D5: Median | E5: Mean | F5: Min | G5: Max | H5: 25th pctile | I5: 75th pctile | J5: Std. Dev | K5: Coefficient of Variation | M5: FY 2024 | N5: FY 2023 | O5: FY 2022 | P5: FY 2021 | Q5: FY 2020 | R5: FY 2019 | S5: FY 2018 | T5: FY 2017 | U5: FY 2016 | V5: FY 2015 | W5: FY 2014 | X5: FY 2013
C7: Amounts in Thousands, USD (except Ratios, Multiples & per share items)
M9: Filed: 25-Feb-2025 | N9: Filed: 25-Feb-2025 | O9: Filed: 25-Feb-2025 | P9: Filed: 29-Feb-2024 | Q9: Filed: 01-Mar-2022 | R9: Filed: 01-Mar-2022 | S9: Filed: 01-Mar-2021 | T9: Filed: 28-Feb-2020 | U9: Filed: 01-Mar-2019 | V9: Filed: 01-Mar-2018 | W9: Filed: 06-Mar-2017 | X9: Filed: 04-Mar-2016
M10: View 10-K | N10: View 10-K | O10: View 10-K | P10: View 10-K | Q10: View 10-K | R10: View 10-K | S10: View 10-K | T10: View 10-K | U10: View 10-K | V10: View 10-K | W10: View 10-K | X10: View 10-K
C11: Cash Flow from Operating Activities, Indirect | D11: =IF(COUNT(L11:X11)>0,MEDIAN(L11:X11),"") | E11: =IF(COUNT(L11:X11)>0,AVERAGE(L11:X11),"") | F11: =IF(COUNT(L11:X11)>0,MIN(L11:X11),"") | G11: =IF(COUNT(L11:X11)>0,MAX(L11:X11),"") | H11: =IF(COUNT(L11:X11)>0,QUARTILE(L11:X11,1),"") | I11: =IF(COUNT(L11:X11)>0,QUARTILE(L11:X11,3),"") | J11: =IF(COUNT(L11:X11)>1,STDEV(L11:X11),"") | K11: =IF(COUNT(L11:X11)>1,STDEV(L11:X11)/AVERAGE(L11:X11),"")
C12: Net Cash Flow from Continuing Operating Activities, Indirect | D12: =IF(COUNT(L12:X12)>0,MEDIAN(L12:X12),"") | E12: =IF(COUNT(L12:X12)>0,AVERAGE(L12:X12),"") | F12: =IF(COUNT(L12:X12)>0,MIN(L12:X12),"") | G12: =IF(COUNT(L12:X12)>0,MAX(L12:X12),"") | H12: =IF(COUNT(L12:X12)>0,QUARTILE(L12:X12,1),"") | I12: =IF(COUNT(L12:X12)>0,QUARTILE(L12:X12,3),"") | J12: =IF(COUNT(L12:X12)>1,STDEV(L12:X12),"") | K12: =IF(COUNT(L12:X12)>1,STDEV(L12:X12)/AVERAGE(L12:X12),"")
C13: Cash Generated from Operating Activities | D13: =IF(COUNT(L13:X13)>0,MEDIAN(L13:X13),"") | E13: =IF(COUNT(L13:X13)>0,AVERAGE(L13:X13),"") | F13: =IF(COUNT(L13:X13)>0,MIN(L13:X13),"") | G13: =IF(COUNT(L13:X13)>0,MAX(L13:X13),"") | H13: =IF(COUNT(L13:X13)>0,QUARTILE(L13:X13,1),"") | I13: =IF(COUNT(L13:X13)>0,QUARTILE(L13:X13,3),"") | J13: =IF(COUNT(L13:X13)>1,STDEV(L13:X13),"") | K13: =IF(COUNT(L13:X13)>1,STDEV(L13:X13)/AVERAGE(L13:X13),"")
C14: Income/(Loss) before Non-Cash Adjustment | D14: =IF(COUNT(L14:X14)>0,MEDIAN(L14:X14),"") -> 63424 | E14: =IF(COUNT(L14:X14)>0,AVERAGE(L14:X14),"") -> 77441.583 | F14: =IF(COUNT(L14:X14)>0,MIN(L14:X14),"") -> -15204 | G14: =IF(COUNT(L14:X14)>0,MAX(L14:X14),"") -> 174243 | H14: =IF(COUNT(L14:X14)>0,QUARTILE(L14:X14,1),"") -> 37921.25 | I14: =IF(COUNT(L14:X14)>0,QUARTILE(L14:X14,3),"") -> 116695.25 | J14: =IF(COUNT(L14:X14)>1,STDEV(L14:X14),"") -> 56592.277 | K14: =IF(COUNT(L14:X14)>1,STDEV(L14:X14)/AVERAGE(L14:X14),"") -> 0.73077376 | M14: 174243 | N14: 147035 | O14: 110456 | P14: 46122 | Q14: -15204 | R14: 135413 | S14: 103162 | T14: 55601 | U14: 71247 | V14: 38130 | W14: 37295 | X14: 25799
C15: Adjustments for Non-Cash Items | D15: =IF(COUNT(L15:X15)>0,MEDIAN(L15:X15),"") | E15: =IF(COUNT(L15:X15)>0,AVERAGE(L15:X15),"") | F15: =IF(COUNT(L15:X15)>0,MIN(L15:X15),"") | G15: =IF(COUNT(L15:X15)>0,MAX(L15:X15),"") | H15: =IF(COUNT(L15:X15)>0,QUARTILE(L15:X15,1),"") | I15: =IF(COUNT(L15:X15)>0,QUARTILE(L15:X15,3),"") | J15: =IF(COUNT(L15:X15)>1,STDEV(L15:X15),"") | K15: =IF(COUNT(L15:X15)>1,STDEV(L15:X15)/AVERAGE(L15:X15),"")
C16: Depreciation, Amortization and Depletion, Non-Cash Adjustment | D16: =IF(COUNT(L16:X16)>0,MEDIAN(L16:X16),"") | E16: =IF(COUNT(L16:X16)>0,AVERAGE(L16:X16),"") | F16: =IF(COUNT(L16:X16)>0,MIN(L16:X16),"") | G16: =IF(COUNT(L16:X16)>0,MAX(L16:X16),"") | H16: =IF(COUNT(L16:X16)>0,QUARTILE(L16:X16,1),"") | I16: =IF(COUNT(L16:X16)>0,QUARTILE(L16:X16,3),"") | J16: =IF(COUNT(L16:X16)>1,STDEV(L16:X16),"") | K16: =IF(COUNT(L16:X16)>1,STDEV(L16:X16)/AVERAGE(L16:X16),"")
C17: Depreciation and Amortization, Non-Cash Adjustment | D17: =IF(COUNT(L17:X17)>0,MEDIAN(L17:X17),"") | E17: =IF(COUNT(L17:X17)>0,AVERAGE(L17:X17),"") | F17: =IF(COUNT(L17:X17)>0,MIN(L17:X17),"") | G17: =IF(COUNT(L17:X17)>0,MAX(L17:X17),"") | H17: =IF(COUNT(L17:X17)>0,QUARTILE(L17:X17,1),"") | I17: =IF(COUNT(L17:X17)>0,QUARTILE(L17:X17,3),"") | J17: =IF(COUNT(L17:X17)>1,STDEV(L17:X17),"") | K17: =IF(COUNT(L17:X17)>1,STDEV(L17:X17)/AVERAGE(L17:X17),"")
C18: Depreciation, Non-Cash Adjustment | D18: =IF(COUNT(L18:X18)>0,MEDIAN(L18:X18),"") -> 35260 | E18: =IF(COUNT(L18:X18)>0,AVERAGE(L18:X18),"") -> 49561.364 | F18: =IF(COUNT(L18:X18)>0,MIN(L18:X18),"") -> 28808 | G18: =IF(COUNT(L18:X18)>0,MAX(L18:X18),"") -> 111113 | H18: =IF(COUNT(L18:X18)>0,QUARTILE(L18:X18,1),"") -> 31959.5 | I18: =IF(COUNT(L18:X18)>0,QUARTILE(L18:X18,3),"") -> 49977.5 | J18: =IF(COUNT(L18:X18)>1,STDEV(L18:X18),"") -> 28395.649 | K18: =IF(COUNT(L18:X18)>1,STDEV(L18:X18)/AVERAGE(L18:X18),"") -> 0.57293923 | M18: 111113 | N18: 97931 | P18: 46123 | Q18: 53832 | R18: 44346 | S18: 35260 | T18: 31761 | U18: 31502 | V18: 32158 | W18: 32341 | X18: 28808
C19: Amortization, Non-Cash Adjustment | D19: =IF(COUNT(L19:X19)>0,MEDIAN(L19:X19),"") -> 435 | E19: =IF(COUNT(L19:X19)>0,AVERAGE(L19:X19),"") -> 11995.5 | F19: =IF(COUNT(L19:X19)>0,MIN(L19:X19),"") -> 237 | G19: =IF(COUNT(L19:X19)>0,MAX(L19:X19),"") -> 51482 | H19: =IF(COUNT(L19:X19)>0,QUARTILE(L19:X19,1),"") -> 344.25 | I19: =IF(COUNT(L19:X19)>0,QUARTILE(L19:X19,3),"") -> 12633 | J19: =IF(COUNT(L19:X19)>1,STDEV(L19:X19),"") -> 20855.292 | K19: =IF(COUNT(L19:X19)>1,STDEV(L19:X19)/AVERAGE(L19:X19),"") -> 1.738593 | M19: 49233 | N19: 51482 | P19: 16677 | R19: 237 | S19: 375 | T19: 334 | U19: 392 | V19: 478 | W19: 501 | X19: 246
C20: Total Depreciation and Amortization, Non-Cash Adjustment | D20: =IF(COUNT(L20:X20)>0,MEDIAN(L20:X20),"") -> 40109 | E20: =IF(COUNT(L20:X20)>0,AVERAGE(L20:X20),"") -> 65762.667 | F20: =IF(COUNT(L20:X20)>0,MIN(L20:X20),"") -> 29054 | G20: =IF(COUNT(L20:X20)>0,MAX(L20:X20),"") -> 160346 | H20: =IF(COUNT(L20:X20)>0,QUARTILE(L20:X20,1),"") -> 32500.75 | I20: =IF(COUNT(L20:X20)>0,QUARTILE(L20:X20,3),"") -> 78105.5 | J20: =IF(COUNT(L20:X20)>1,STDEV(L20:X20),"") -> 49225.066 | K20: =IF(COUNT(L20:X20)>1,STDEV(L20:X20)/AVERAGE(L20:X20),"") -> 0.74852601 | M20: 160346 | N20: 149413 | O20: 124022 | P20: 62800 | Q20: 53832 | R20: 44583 | S20: 35635 | T20: 32095 | U20: 31894 | V20: 32636 | W20: 32842 | X20: 29054
C21: Total Depreciation, Amortization and Depletion, Non-Cash Adjustment | D21: =IF(COUNT(L21:X21)>0,MEDIAN(L21:X21),"") -> 40109 | E21: =IF(COUNT(L21:X21)>0,AVERAGE(L21:X21),"") -> 65762.667 | F21: =IF(COUNT(L21:X21)>0,MIN(L21:X21),"") -> 29054 | G21: =IF(COUNT(L21:X21)>0,MAX(L21:X21),"") -> 160346 | H21: =IF(COUNT(L21:X21)>0,QUARTILE(L21:X21,1),"") -> 32500.75 | I21: =IF(COUNT(L21:X21)>0,QUARTILE(L21:X21,3),"") -> 78105.5 | J21: =IF(COUNT(L21:X21)>1,STDEV(L21:X21),"") -> 49225.066 | K21: =IF(COUNT(L21:X21)>1,STDEV(L21:X21)/AVERAGE(L21:X21),"") -> 0.74852601 | M21: 160346 | N21: 149413 | O21: 124022 | P21: 62800 | Q21: 53832 | R21: 44583 | S21: 35635 | T21: 32095 | U21: 31894 | V21: 32636 | W21: 32842 | X21: 29054
C22: Amortization of Securities, Non-Cash Adjustment | D22: =IF(COUNT(L22:X22)>0,MEDIAN(L22:X22),"") -> -1636.5 | E22: =IF(COUNT(L22:X22)>0,AVERAGE(L22:X22),"") -> -1645 | F22: =IF(COUNT(L22:X22)>0,MIN(L22:X22),"") -> -3307 | G22: =IF(COUNT(L22:X22)>0,MAX(L22:X22),"") -> 0 | H22: =IF(COUNT(L22:X22)>0,QUARTILE(L22:X22,1),"") -> -3281.5 | I22: =IF(COUNT(L22:X22)>0,QUARTILE(L22:X22,3),"") -> 0 | J22: =IF(COUNT(L22:X22)>1,STDEV(L22:X22),"") -> 1899.5331 | K22: =IF(COUNT(L22:X22)>1,STDEV(L22:X22)/AVERAGE(L22:X22),"") -> -1.1547314 | M22: -3307 | N22: -3273 | O22: 0 | P22: 0
C23: Stock-Based Compensation, Non-Cash Adjustment | D23: =IF(COUNT(L23:X23)>0,MEDIAN(L23:X23),"") -> 4877 | E23: =IF(COUNT(L23:X23)>0,AVERAGE(L23:X23),"") -> 5264.5455 | F23: =IF(COUNT(L23:X23)>0,MIN(L23:X23),"") -> 0 | G23: =IF(COUNT(L23:X23)>0,MAX(L23:X23),"") -> 8913 | H23: =IF(COUNT(L23:X23)>0,QUARTILE(L23:X23,1),"") -> 3654 | I23: =IF(COUNT(L23:X23)>0,QUARTILE(L23:X23,3),"") -> 7987 | J23: =IF(COUNT(L23:X23)>1,STDEV(L23:X23),"") -> 2983.3496 | K23: =IF(COUNT(L23:X23)>1,STDEV(L23:X23)/AVERAGE(L23:X23),"") -> 0.56668702 | M23: 8913 | N23: 7906 | O23: 8068 | P23: 8805 | Q23: 4777 | R23: 4826 | S23: 5479 | T23: 2531 | U23: 1728 | V23: 4877 | W23: 0
C24: Taxes, Non-Cash Adjustment | D24: =IF(COUNT(L24:X24)>0,MEDIAN(L24:X24),"") -> 21634.5 | E24: =IF(COUNT(L24:X24)>0,AVERAGE(L24:X24),"") -> 23721.5 | F24: =IF(COUNT(L24:X24)>0,MIN(L24:X24),"") -> -1430 | G24: =IF(COUNT(L24:X24)>0,MAX(L24:X24),"") -> 56989 | H24: =IF(COUNT(L24:X24)>0,QUARTILE(L24:X24,1),"") -> 3005.5 | I24: =IF(COUNT(L24:X24)>0,QUARTILE(L24:X24,3),"") -> 38396.5 | J24: =IF(COUNT(L24:X24)>1,STDEV(L24:X24),"") -> 21708.935 | K24: =IF(COUNT(L24:X24)>1,STDEV(L24:X24)/AVERAGE(L24:X24),"") -> 0.9151586 | M24: 56989 | N24: 49225 | O24: 34787 | P24: 13265 | Q24: 1264 | R24: 27591 | S24: 28698 | T24: 55068 | U24: 15678 | V24: 3586 | W24: -63 | X24: -1430
C25: Interest and Finance (Income)/Expenses, Non-Cash Adjustment | D25: =IF(COUNT(L25:X25)>0,MEDIAN(L25:X25),"") -> 4953.5 | E25: =IF(COUNT(L25:X25)>0,AVERAGE(L25:X25),"") -> 4164.4167 | F25: =IF(COUNT(L25:X25)>0,MIN(L25:X25),"") -> 1315 | G25: =IF(COUNT(L25:X25)>0,MAX(L25:X25),"") -> 6411 | H25: =IF(COUNT(L25:X25)>0,QUARTILE(L25:X25,1),"") -> 2616 | I25: =IF(COUNT(L25:X25)>0,QUARTILE(L25:X25,3),"") -> 5497.5 | J25: =IF(COUNT(L25:X25)>1,STDEV(L25:X25),"") -> 1908.3974 | K25: =IF(COUNT(L25:X25)>1,STDEV(L25:X25)/AVERAGE(L25:X25),"") -> 0.45826285 | M25: 5362 | N25: 5492 | O25: 5514 | P25: 6346 | Q25: 6411 | R25: 5454 | S25: 3400 | T25: 2956 | U25: 4545 | V25: 1596 | W25: 1315 | X25: 1582
C26: Other Provisions, Non-Cash Adjustment | D26: =IF(COUNT(L26:X26)>0,MEDIAN(L26:X26),"") -> 59 | E26: =IF(COUNT(L26:X26)>0,AVERAGE(L26:X26),"") -> 144.14286 | F26: =IF(COUNT(L26:X26)>0,MIN(L26:X26),"") -> -19 | G26: =IF(COUNT(L26:X26)>0,MAX(L26:X26),"") -> 667 | H26: =IF(COUNT(L26:X26)>0,QUARTILE(L26:X26,1),"") -> 38 | I26: =IF(COUNT(L26:X26)>0,QUARTILE(L26:X26,3),"") -> 113 | J26: =IF(COUNT(L26:X26)>1,STDEV(L26:X26),"") -> 235.86396 | K26: =IF(COUNT(L26:X26)>1,STDEV(L26:X26)/AVERAGE(L26:X26),"") -> 1.6363209 | R26: 87 | S26: 19 | T26: -19 | U26: 59 | V26: 667 | W26: 139 | X26: 57
C27: Net Investment (Income)/Loss, Non-Cash Adjustment | D27: =IF(COUNT(L27:X27)>0,MEDIAN(L27:X27),"") | E27: =IF(COUNT(L27:X27)>0,AVERAGE(L27:X27),"") | F27: =IF(COUNT(L27:X27)>0,MIN(L27:X27),"") | G27: =IF(COUNT(L27:X27)>0,MAX(L27:X27),"") | H27: =IF(COUNT(L27:X27)>0,QUARTILE(L27:X27,1),"") | I27: =IF(COUNT(L27:X27)>0,QUARTILE(L27:X27,3),"") | J27: =IF(COUNT(L27:X27)>1,STDEV(L27:X27),"") | K27: =IF(COUNT(L27:X27)>1,STDEV(L27:X27)/AVERAGE(L27:X27),"")
C28: Dividend and Interest Income, Non-Cash Adjustment | D28: =IF(COUNT(L28:X28)>0,MEDIAN(L28:X28),"") -> -1638.5 | E28: =IF(COUNT(L28:X28)>0,AVERAGE(L28:X28),"") -> -1253.8333 | F28: =IF(COUNT(L28:X28)>0,MIN(L28:X28),"") -> -2180 | G28: =IF(COUNT(L28:X28)>0,MAX(L28:X28),"") -> 0 | H28: =IF(COUNT(L28:X28)>0,QUARTILE(L28:X28,1),"") -> -2018.5 | I28: =IF(COUNT(L28:X28)>0,QUARTILE(L28:X28,3),"") -> -350.25 | J28: =IF(COUNT(L28:X28)>1,STDEV(L28:X28),"") -> 1007.0099 | K28: =IF(COUNT(L28:X28)>1,STDEV(L28:X28)/AVERAGE(L28:X28),"") -> -0.80314495 | M28: -2180 | N28: -2066 | O28: -1876 | P28: -1401 | Q28: 0 | R28: 0
C29: (Gain)/Loss on Financial Instruments, Non-Cash Adjustment | D29: =IF(COUNT(L29:X29)>0,MEDIAN(L29:X29),"") -> 1145 | E29: =IF(COUNT(L29:X29)>0,AVERAGE(L29:X29),"") -> 3766.8 | F29: =IF(COUNT(L29:X29)>0,MIN(L29:X29),"") -> -2505 | G29: =IF(COUNT(L29:X29)>0,MAX(L29:X29),"") -> 17462 | H29: =IF(COUNT(L29:X29)>0,QUARTILE(L29:X29,1),"") -> 0 | I29: =IF(COUNT(L29:X29)>0,QUARTILE(L29:X29,3),"") -> 2732 | J29: =IF(COUNT(L29:X29)>1,STDEV(L29:X29),"") -> 7890.3011 | K29: =IF(COUNT(L29:X29)>1,STDEV(L29:X29)/AVERAGE(L29:X29),"") -> 2.0946961 | M29: 1145 | N29: 2732 | O29: -2505 | P29: 17462 | Q29: 0
C30: (Gain)/Loss on Derivatives, Non-Cash Adjustment | D30: =IF(COUNT(L30:X30)>0,MEDIAN(L30:X30),"") -> 797 | E30: =IF(COUNT(L30:X30)>0,AVERAGE(L30:X30),"") -> 750 | F30: =IF(COUNT(L30:X30)>0,MIN(L30:X30),"") -> 0 | G30: =IF(COUNT(L30:X30)>0,MAX(L30:X30),"") -> 1755 | H30: =IF(COUNT(L30:X30)>0,QUARTILE(L30:X30,1),"") -> 28 | I30: =IF(COUNT(L30:X30)>0,QUARTILE(L30:X30,3),"") -> 1170 | J30: =IF(COUNT(L30:X30)>1,STDEV(L30:X30),"") -> 753.72707 | K30: =IF(COUNT(L30:X30)>1,STDEV(L30:X30)/AVERAGE(L30:X30),"") -> 1.0049694 | S30: 1170 | T30: 1755 | U30: 797 | V30: 28 | W30: 0
C31: Share of (Profit)/Loss from Associates, Joint Ventures and other Equity Investments, Non-Cash Adjustment | D31: =IF(COUNT(L31:X31)>0,MEDIAN(L31:X31),"") -> 323 | E31: =IF(COUNT(L31:X31)>0,AVERAGE(L31:X31),"") -> 1113.6667 | F31: =IF(COUNT(L31:X31)>0,MIN(L31:X31),"") -> 0 | G31: =IF(COUNT(L31:X31)>0,MAX(L31:X31),"") -> 4042 | H31: =IF(COUNT(L31:X31)>0,QUARTILE(L31:X31,1),"") -> 44.75 | I31: =IF(COUNT(L31:X31)>0,QUARTILE(L31:X31,3),"") -> 1612.25 | J31: =IF(COUNT(L31:X31)>1,STDEV(L31:X31),"") -> 1620.0253 | K31: =IF(COUNT(L31:X31)>1,STDEV(L31:X31)/AVERAGE(L31:X31),"") -> 1.454677 | M31: 4042 | N31: 1994 | O31: 467 | P31: 179 | Q31: 0 | R31: 0
C32: Total Net Investment (Income)/Loss, Non-Cash Adjustment | D32: =IF(COUNT(L32:X32)>0,MEDIAN(L32:X32),"") -> 797 | E32: =IF(COUNT(L32:X32)>0,AVERAGE(L32:X32),"") -> 1976.6364 | F32: =IF(COUNT(L32:X32)>0,MIN(L32:X32),"") -> -3914 | G32: =IF(COUNT(L32:X32)>0,MAX(L32:X32),"") -> 16240 | H32: =IF(COUNT(L32:X32)>0,QUARTILE(L32:X32,1),"") -> 0 | I32: =IF(COUNT(L32:X32)>0,QUARTILE(L32:X32,3),"") -> 2207.5 | J32: =IF(COUNT(L32:X32)>1,STDEV(L32:X32),"") -> 5072.293 | K32: =IF(COUNT(L32:X32)>1,STDEV(L32:X32)/AVERAGE(L32:X32),"") -> 2.5661235 | M32: 3007 | N32: 2660 | O32: -3914 | P32: 16240 | Q32: 0 | R32: 0 | S32: 1170 | T32: 1755 | U32: 797 | V32: 28 | W32: 0
C33: Irregular (Income)/Loss, Non-Cash Adjustment | D33: =IF(COUNT(L33:X33)>0,MEDIAN(L33:X33),"") | E33: =IF(COUNT(L33:X33)>0,AVERAGE(L33:X33),"") | F33: =IF(COUNT(L33:X33)>0,MIN(L33:X33),"") | G33: =IF(COUNT(L33:X33)>0,MAX(L33:X33),"") | H33: =IF(COUNT(L33:X33)>0,QUARTILE(L33:X33,1),"") | I33: =IF(COUNT(L33:X33)>0,QUARTILE(L33:X33,3),"") | J33: =IF(COUNT(L33:X33)>1,STDEV(L33:X33),"") | K33: =IF(COUNT(L33:X33)>1,STDEV(L33:X33)/AVERAGE(L33:X33),"")
C34: (Gain)/Loss on Disposals, Non-Cash Adjustment | D34: =IF(COUNT(L34:X34)>0,MEDIAN(L34:X34),"") | E34: =IF(COUNT(L34:X34)>0,AVERAGE(L34:X34),"") | F34: =IF(COUNT(L34:X34)>0,MIN(L34:X34),"") | G34: =IF(COUNT(L34:X34)>0,MAX(L34:X34),"") | H34: =IF(COUNT(L34:X34)>0,QUARTILE(L34:X34,1),"") | I34: =IF(COUNT(L34:X34)>0,QUARTILE(L34:X34,3),"") | J34: =IF(COUNT(L34:X34)>1,STDEV(L34:X34),"") | K34: =IF(COUNT(L34:X34)>1,STDEV(L34:X34)/AVERAGE(L34:X34),"")
C35: (Gain)/Loss on Disposal/Sale of Fixed Assets, Non-Cash Adjustment | D35: =IF(COUNT(L35:X35)>0,MEDIAN(L35:X35),"") -> -159 | E35: =IF(COUNT(L35:X35)>0,AVERAGE(L35:X35),"") -> -191 | F35: =IF(COUNT(L35:X35)>0,MIN(L35:X35),"") -> -671 | G35: =IF(COUNT(L35:X35)>0,MAX(L35:X35),"") -> 462 | H35: =IF(COUNT(L35:X35)>0,QUARTILE(L35:X35,1),"") -> -453.75 | I35: =IF(COUNT(L35:X35)>0,QUARTILE(L35:X35,3),"") -> -54 | J35: =IF(COUNT(L35:X35)>1,STDEV(L35:X35),"") -> 332.53438 | K35: =IF(COUNT(L35:X35)>1,STDEV(L35:X35)/AVERAGE(L35:X35),"") -> -1.7410177 | M35: -671 | N35: 61 | O35: -60 | R35: -159 | S35: 462 | T35: -159 | U35: -514 | V35: -273 | W35: -545 | X35: -52
C36: (Gain)/Loss on Disposal/Sale of Business, Non-Cash Adjustment | D36: =IF(COUNT(L36:X36)>0,MEDIAN(L36:X36),"") -> 0 | E36: =IF(COUNT(L36:X36)>0,AVERAGE(L36:X36),"") -> 0 | F36: =IF(COUNT(L36:X36)>0,MIN(L36:X36),"") -> 0 | G36: =IF(COUNT(L36:X36)>0,MAX(L36:X36),"") -> 0 | H36: =IF(COUNT(L36:X36)>0,QUARTILE(L36:X36,1),"") -> 0 | I36: =IF(COUNT(L36:X36)>0,QUARTILE(L36:X36,3),"") -> 0 | J36: =IF(COUNT(L36:X36)>1,STDEV(L36:X36),"") -> 0 | K36: =IF(COUNT(L36:X36)>1,STDEV(L36:X36)/AVERAGE(L36:X36),"") -> #DIV/0! | P36: 0 | Q36: 0
C37: Total (Gain)/Loss on Disposals, Non-Cash Adjustment | D37: =IF(COUNT(L37:X37)>0,MEDIAN(L37:X37),"") -> -109.5 | E37: =IF(COUNT(L37:X37)>0,AVERAGE(L37:X37),"") -> -159.16667 | F37: =IF(COUNT(L37:X37)>0,MIN(L37:X37),"") -> -671 | G37: =IF(COUNT(L37:X37)>0,MAX(L37:X37),"") -> 462 | H37: =IF(COUNT(L37:X37)>0,QUARTILE(L37:X37,1),"") -> -333.25 | I37: =IF(COUNT(L37:X37)>0,QUARTILE(L37:X37,3),"") -> 0 | J37: =IF(COUNT(L37:X37)>1,STDEV(L37:X37),"") -> 309.84067 | K37: =IF(COUNT(L37:X37)>1,STDEV(L37:X37)/AVERAGE(L37:X37),"") -> -1.946643 | M37: -671 | N37: 61 | O37: -60 | P37: 0 | Q37: 0 | R37: -159 | S37: 462 | T37: -159 | U37: -514 | V37: -273 | W37: -545 | X37: -52
C38: Impairment/Write Off/Write Down of Other Assets, Non-Cash Adjustment | D38: =IF(COUNT(L38:X38)>0,MEDIAN(L38:X38),"") -> 0 | E38: =IF(COUNT(L38:X38)>0,AVERAGE(L38:X38),"") -> 0 | F38: =IF(COUNT(L38:X38)>0,MIN(L38:X38),"") -> 0 | G38: =IF(COUNT(L38:X38)>0,MAX(L38:X38),"") -> 0 | H38: =IF(COUNT(L38:X38)>0,QUARTILE(L38:X38,1),"") -> 0 | I38: =IF(COUNT(L38:X38)>0,QUARTILE(L38:X38,3),"") -> 0 | J38: =IF(COUNT(L38:X38)>1,STDEV(L38:X38),"") | K38: =IF(COUNT(L38:X38)>1,STDEV(L38:X38)/AVERAGE(L38:X38),"") | R38: 0
C39: (Gain)/Loss on Extinguishment of Debt, Non-Cash Adjustment | D39: =IF(COUNT(L39:X39)>0,MEDIAN(L39:X39),"") -> 1583 | E39: =IF(COUNT(L39:X39)>0,AVERAGE(L39:X39),"") -> 1974.2857 | F39: =IF(COUNT(L39:X39)>0,MIN(L39:X39),"") -> 0 | G39: =IF(COUNT(L39:X39)>0,MAX(L39:X39),"") -> 4697 | H39: =IF(COUNT(L39:X39)>0,QUARTILE(L39:X39,1),"") -> 342.5 | I39: =IF(COUNT(L39:X39)>0,QUARTILE(L39:X39,3),"") -> 3427.5 | J39: =IF(COUNT(L39:X39)>1,STDEV(L39:X39),"") -> 1990.0867 | K39: =IF(COUNT(L39:X39)>1,STDEV(L39:X39)/AVERAGE(L39:X39),"") -> 1.0080034 | M39: 2285 | N39: 0 | O39: 1583 | S39: 4570 | T39: 79 | U39: 606 | W39: 4697
C40: Other Irregular (Income)/Loss, Non-Cash Adjustment | D40: =IF(COUNT(L40:X40)>0,MEDIAN(L40:X40),"") -> 0 | E40: =IF(COUNT(L40:X40)>0,AVERAGE(L40:X40),"") -> 0 | F40: =IF(COUNT(L40:X40)>0,MIN(L40:X40),"") -> 0 | G40: =IF(COUNT(L40:X40)>0,MAX(L40:X40),"") -> 0 | H40: =IF(COUNT(L40:X40)>0,QUARTILE(L40:X40,1),"") -> 0 | I40: =IF(COUNT(L40:X40)>0,QUARTILE(L40:X40,3),"") -> 0 | J40: =IF(COUNT(L40:X40)>1,STDEV(L40:X40),"") -> 0 | K40: =IF(COUNT(L40:X40)>1,STDEV(L40:X40)/AVERAGE(L40:X40),"") -> #DIV/0! | P40: 0 | Q40: 0
C41: Total Irregular (Income)/Loss, Non-Cash Adjustment | D41: =IF(COUNT(L41:X41)>0,MEDIAN(L41:X41),"") -> 30.5 | E41: =IF(COUNT(L41:X41)>0,AVERAGE(L41:X41),"") -> 992.5 | F41: =IF(COUNT(L41:X41)>0,MIN(L41:X41),"") -> -273 | G41: =IF(COUNT(L41:X41)>0,MAX(L41:X41),"") -> 5032 | H41: =IF(COUNT(L41:X41)>0,QUARTILE(L41:X41,1),"") -> -59 | I41: =IF(COUNT(L41:X41)>0,QUARTILE(L41:X41,3),"") -> 1545.75 | J41: =IF(COUNT(L41:X41)>1,STDEV(L41:X41),"") -> 1803.6598 | K41: =IF(COUNT(L41:X41)>1,STDEV(L41:X41)/AVERAGE(L41:X41),"") -> 1.8172895 | M41: 1614 | N41: 61 | O41: 1523 | P41: 0 | Q41: 0 | R41: -159 | S41: 5032 | T41: -80 | U41: 92 | V41: -273 | W41: 4152 | X41: -52
C42: Other Non-Cash Items | D42: =IF(COUNT(L42:X42)>0,MEDIAN(L42:X42),"") -> 13 | E42: =IF(COUNT(L42:X42)>0,AVERAGE(L42:X42),"") -> 307.11111 | F42: =IF(COUNT(L42:X42)>0,MIN(L42:X42),"") -> -618 | G42: =IF(COUNT(L42:X42)>0,MAX(L42:X42),"") -> 1338 | H42: =IF(COUNT(L42:X42)>0,QUARTILE(L42:X42,1),"") -> 0 | I42: =IF(COUNT(L42:X42)>0,QUARTILE(L42:X42,3),"") -> 938 | J42: =IF(COUNT(L42:X42)>1,STDEV(L42:X42),"") -> 705.84301 | K42: =IF(COUNT(L42:X42)>1,STDEV(L42:X42)/AVERAGE(L42:X42),"") -> 2.2983311 | M42: 1280 | N42: -345 | O42: 158 | P42: 13 | Q42: -618 | R42: 1338 | S42: 938 | T42: 0 | U42: 0
C43: Total Adjustments for Non-Cash Items | D43: =IF(COUNT(L43:X43)>0,MEDIAN(L43:X43),"") -> 82045.5 | E43: =IF(COUNT(L43:X43)>0,AVERAGE(L43:X43),"") -> 101044.92 | F43: =IF(COUNT(L43:X43)>0,MIN(L43:X43),"") -> 29211 | G43: =IF(COUNT(L43:X43)>0,MAX(L43:X43),"") -> 234204 | H43: =IF(COUNT(L43:X43)>0,QUARTILE(L43:X43,1),"") -> 51874 | I43: =IF(COUNT(L43:X43)>0,QUARTILE(L43:X43,3),"") -> 123141.25 | J43: =IF(COUNT(L43:X43)>1,STDEV(L43:X43),"") -> 68274.739 | K43: =IF(COUNT(L43:X43)>1,STDEV(L43:X43)/AVERAGE(L43:X43),"") -> 0.67568703 | M43: 234204 | N43: 211139 | O43: 170158 | P43: 107469 | Q43: 65666 | R43: 83720 | S43: 80371 | T43: 94306 | U43: 54793 | V43: 43117 | W43: 38385 | X43: 29211
C44: Changes in Operating Capital | D44: =IF(COUNT(L44:X44)>0,MEDIAN(L44:X44),"") | E44: =IF(COUNT(L44:X44)>0,AVERAGE(L44:X44),"") | F44: =IF(COUNT(L44:X44)>0,MIN(L44:X44),"") | G44: =IF(COUNT(L44:X44)>0,MAX(L44:X44),"") | H44: =IF(COUNT(L44:X44)>0,QUARTILE(L44:X44,1),"") | I44: =IF(COUNT(L44:X44)>0,QUARTILE(L44:X44,3),"") | J44: =IF(COUNT(L44:X44)>1,STDEV(L44:X44),"") | K44: =IF(COUNT(L44:X44)>1,STDEV(L44:X44)/AVERAGE(L44:X44),"")
C45: Change in Inventories | D45: =IF(COUNT(L45:X45)>0,MEDIAN(L45:X45),"") -> -829.5 | E45: =IF(COUNT(L45:X45)>0,AVERAGE(L45:X45),"") -> -471.58333 | F45: =IF(COUNT(L45:X45)>0,MIN(L45:X45),"") -> -4112 | G45: =IF(COUNT(L45:X45)>0,MAX(L45:X45),"") -> 4244 | H45: =IF(COUNT(L45:X45)>0,QUARTILE(L45:X45,1),"") -> -1596.25 | I45: =IF(COUNT(L45:X45)>0,QUARTILE(L45:X45,3),"") -> 452.75 | J45: =IF(COUNT(L45:X45)>1,STDEV(L45:X45),"") -> 2251.6122 | K45: =IF(COUNT(L45:X45)>1,STDEV(L45:X45)/AVERAGE(L45:X45),"") -> -4.7745798 | M45: -1484 | N45: 599 | O45: -4112 | P45: -681 | Q45: 404 | R45: 4244 | S45: -2430 | T45: -890 | U45: 2755 | V45: -1545 | W45: -769 | X45: -1750
C46: Change in Trade and Other Receivables | D46: =IF(COUNT(L46:X46)>0,MEDIAN(L46:X46),"") | E46: =IF(COUNT(L46:X46)>0,AVERAGE(L46:X46),"") | F46: =IF(COUNT(L46:X46)>0,MIN(L46:X46),"") | G46: =IF(COUNT(L46:X46)>0,MAX(L46:X46),"") | H46: =IF(COUNT(L46:X46)>0,QUARTILE(L46:X46,1),"") | I46: =IF(COUNT(L46:X46)>0,QUARTILE(L46:X46,3),"") | J46: =IF(COUNT(L46:X46)>1,STDEV(L46:X46),"") | K46: =IF(COUNT(L46:X46)>1,STDEV(L46:X46)/AVERAGE(L46:X46),"")
C47: Change in Trade/Accounts Receivable | D47: =IF(COUNT(L47:X47)>0,MEDIAN(L47:X47),"") -> -3366.5 | E47: =IF(COUNT(L47:X47)>0,AVERAGE(L47:X47),"") -> -5522.3333 | F47: =IF(COUNT(L47:X47)>0,MIN(L47:X47),"") -> -36459 | G47: =IF(COUNT(L47:X47)>0,MAX(L47:X47),"") -> 23611 | H47: =IF(COUNT(L47:X47)>0,QUARTILE(L47:X47,1),"") -> -10561.75 | I47: =IF(COUNT(L47:X47)>0,QUARTILE(L47:X47,3),"") -> -774.75 | J47: =IF(COUNT(L47:X47)>1,STDEV(L47:X47),"") -> 14223.504 | K47: =IF(COUNT(L47:X47)>1,STDEV(L47:X47)/AVERAGE(L47:X47),"") -> -2.575633 | M47: -36459 | N47: 4761 | O47: -19177 | P47: -10804 | Q47: 23611 | R47: -895 | S47: -1923 | T47: -10481 | U47: -7754 | V47: -414 | W47: -3632 | X47: -3101
C48: Change in Notes Receivable | D48: =IF(COUNT(L48:X48)>0,MEDIAN(L48:X48),"") -> 729 | E48: =IF(COUNT(L48:X48)>0,AVERAGE(L48:X48),"") -> 729 | F48: =IF(COUNT(L48:X48)>0,MIN(L48:X48),"") -> 177 | G48: =IF(COUNT(L48:X48)>0,MAX(L48:X48),"") -> 1281 | H48: =IF(COUNT(L48:X48)>0,QUARTILE(L48:X48,1),"") -> 453 | I48: =IF(COUNT(L48:X48)>0,QUARTILE(L48:X48,3),"") -> 1005 | J48: =IF(COUNT(L48:X48)>1,STDEV(L48:X48),"") -> 780.64589 | K48: =IF(COUNT(L48:X48)>1,STDEV(L48:X48)/AVERAGE(L48:X48),"") -> 1.0708448 | W48: 177 | X48: 1281
